Workbook

Sheet Cover
B2: Bob Evans Financial Model
B3: May 1st, 2014

Sheet Summary
B2: Bob Evans Farms, Inc.
B3: Summary
B4: 41760
B6: Trading Data | G6: Summary Financials
B7: Current Price as of: | C7: =B4 -> 41760 | E7: 50.35 | G7: (FY End: April) | H7: 2010 | I7: =H7+1 -> 2011 | J7: =I7+1 -> 2012 | K7: =J7+1 -> 2013 | L7: =K7+1 -> 2014 | M7: =L7+1 -> 2015 | N7: =M7+1 -> 2016 | O7: =N7+1 -> 2017
B8: Shares Outstanding (m) | E8: 23.6 | G8: Revenue | H8: =IS!C7 -> 1726.804 | I8: =IS!D7 -> 1676.906 | J8: =IS!E7 -> 1654.413 | K8: =IS!F7 -> 1350.194 | L8: =IS!G7 -> 1328.552 | M8: =IS!H7 -> 1339.3941 | N8: =IS!I7 -> 1361.3811 | O8: =IS!J7 -> 1366.7957
B9: Market Capitalization | E9: =E7*E8 -> 1188.26 | G9: Growth y/y% | H9: 0.119 | I9: =I8/H8-1 -> -0.028896157 | J9: =J8/I8-1 -> -0.013413393 | K9: =K8/J8-1 -> -0.18388335 | L9: =L8/K8-1 -> -0.016028808 | M9: =M8/L8-1 -> 0.0081608097 | N9: =N8/M8-1 -> 0.016415657 | O9: =O8/N8-1 -> 0.0039772662
B10: Cash & Short-Term Investments | E10: =BS!AG8 -> 3.737 | G10: Adjusted EBITDA | H10: =IS!C25 -> 190.22 | I10: =IS!D25 -> 181.628 | J10: =IS!E25 -> 197.387 | K10: =IS!F25 -> 210.71714 | L10: =IS!G25 -> 128.13117 | M10: =IS!H25 -> 141.16118 | N10: =IS!I25 -> 171.64071 | O10: =IS!J25 -> 180.9547
B11: Total Debt | E11: =BS!AH40 -> 472.19648 | G11: Growth y/y% | H11: -0.003 | I11: =I10/H10-1 -> -0.045168752 | J11: =J10/I10-1 -> 0.086765256 | K11: =K10/J10-1 -> 0.06753301 | L11: =L10/K10-1 -> -0.39192809 | M11: =M10/L10-1 -> 0.10169275 | N11: =N10/M10-1 -> 0.21592002 | O11: =O10/N10-1 -> 0.054264471
B12: Total Enterprise Value | E12: =E9-E10+E11 -> 1656.7195 | G12: Margin % | H12: =H10/H8 -> 0.11015726 | I12: =I10/I8 -> 0.10831138 | J12: =J10/J8 -> 0.11930939 | K12: =K10/K8 -> 0.15606434 | L12: =L10/L8 -> 0.096444228 | M12: =M10/M8 -> 0.10539182 | N12: =N10/N8 -> 0.12607837 | O12: =O10/O8 -> 0.13239338
B13: Book Value of Common Equity | E13: 374 | G13: Adjusted EPS | H13: =IS!C34 -> 2.289746 | I13: =IS!D34 -> 2.1496466 | J13: =IS!E34 -> 2.419802 | K13: =IS!F34 -> 2.3910703 | L13: =IS!G34 -> 1.410458 | M13: =IS!H34 -> 1.6504539 | N13: =IS!I34 -> 1.869719 | O13: =IS!J34 -> 2.0423254
B14: Total Debt | E14: =E11 -> 472.19648 | G14: Growth y/y% | H14: 0.301 | I14: =I13/H13-1 -> -0.061185552 | J14: =J13/I13-1 -> 0.12567429 | K14: =K13/J13-1 -> -0.011873566 | L14: =L13/K13-1 -> -0.41011436 | M14: =M13/L13-1 -> 0.17015458 | N14: =N13/M13-1 -> 0.13285142 | O14: =O13/N13-1 -> 0.092316751
B15: Total Capital | E15: =SUM(E13:E14) -> 846.19648 | G15: Free Cash Flow | H15: =CF!C31 -> 105.383 | I15: =CF!D31 -> 76.978 | J15: =CF!E31 -> 55.676 | K15: =CF!F31 -> -199.212 | L15: =CF!G31 -> -55.94 | M15: =CF!H31 -> 5.2786554 | N15: =CF!I31 -> 32.635813 | O15: =CF!J31 -> 36.680659
G16: FCF Yield% | L16: 0 | M16: =M15/$E$8/$E$7 -> 0.0044423404 | N16: =N15/$E$8/$E$7 -> 0.027465212 | O16: =O15/$E$8/$E$7 -> 0.03086922
B17: Liquidity | G17: EV / EBITDA | L17: =$E$12/L10 -> 12.929871 | M17: =$E$12/M10 -> 11.736367 | N17: =$E$12/N10 -> 9.6522525 | O17: =$E$12/O10 -> 9.1554375
B18: Net Debt / TTM EBITDA | E18: =BS!AG44 -> 4.1107421 | G18: EV / Sales | L18: =$E$12/L8 -> 1.2470114 | M18: =$E$12/M8 -> 1.2369171 | N18: =$E$12/N8 -> 1.2169403 | O18: =$E$12/O8 -> 1.2121193
B19: EBITDA / Interest Expense | E19: =BS!AG47 -> 13.944621 | G19: P / E | L19: =$E$7/L13 -> 35.697624 | M19: =$E$7/M13 -> 30.506759 | N19: =$E$7/N13 -> 26.92918 | O19: =$E$7/O13 -> 24.65327

Sheet IS
L1: 40025 | M1: =EOMONTH(L1,3) -> 40117 | N1: =EOMONTH(M1,3) -> 40209 | O1: =EOMONTH(N1,3) -> 40298 | P1: =EOMONTH(O1,3) -> 40390 | Q1: =EOMONTH(P1,3) -> 40482 | R1: =EOMONTH(Q1,3) -> 40574 | S1: =EOMONTH(R1,3) -> 40663 | T1: =EOMONTH(S1,3) -> 40755 | ... AQ1: =EOMONTH(AP1,3) -> 42855
B2: Bob Evans Farms, Inc.
B3: Consolidated Income Statement
B4: $000's, Except Where Noted
C5: Annual Summary | L5: 2010 | P5: =L5+1 -> 2011 | T5: =P5+1 -> 2012 | X5: =T5+1 -> 2013 | AB5: =X5+1 -> 2014 | AF5: =AB5+1 -> 2015 | AJ5: =AF5+1 -> 2016 | AN5: =AJ5+1 -> 2017
C6: 2010 | D6: =C6+1 -> 2011 | E6: =D6+1 -> 2012 | F6: =E6+1 -> 2013 | G6: =F6+1 -> 2014 | H6: =G6+1 -> 2015 | I6: =H6+1 -> 2016 | J6: =I6+1 -> 2017 | L6: 1 | M6: =L6+1 -> 2 | N6: =M6+1 -> 3 | O6: =N6+1 -> 4 | P6: 1 | Q6: =P6+1 -> 2 | R6: =Q6+1 -> 3 | S6: =R6+1 -> 4 | T6: 1 | U6: =T6+1 -> 2 | V6: =U6+1 -> 3 | W6: =V6+1 -> 4 | X6: 1 | Y6: =X6+1 -> 2 | Z6: =Y6+1 -> 3 | AA6: =Z6+1 -> 4 | AB6: 1 | AC6: =AB6+1 -> 2 | AD6: =AC6+1 -> 3 | AE6: =AD6+1 -> 4 | AF6: 1 | AG6: =AF6+1 -> 2 | AH6: =AG6+1 -> 3 | AI6: =AH6+1 -> 4 | AJ6: 1 | AK6: =AJ6+1 -> 2 | AL6: =AK6+1 -> 3 | AM6: =AL6+1 -> 4 | AN6: 1 | AO6: =AN6+1 -> 2 | AP6: =AO6+1 -> 3 | AQ6: =AP6+1 -> 4
B7: Net Sales | C7: =SUM(L7:O7) -> 1726.804 | D7: =SUM(P7:S7) -> 1676.906 | E7: =SUM(T7:W7) -> 1654.413 | F7: =SUM(X7:AA7) -> 1350.194 | G7: =SUM(AB7:AE7) -> 1328.552 | H7: =SUM(AF7:AI7) -> 1339.3941 | I7: =SUM(AJ7:AM7) -> 1361.3811 | J7: =SUM(AK7:AN7) -> 1366.7957 | L7: =L9+L11+L13 -> 429.48 | M7: =M9+M11+M13 -> 424.847 | N7: =N9+N11+N13 -> 429.823 | O7: =O9+O11+O13 -> 442.654 | P7: =P9+P11+P13 -> 412.566 | Q7: =Q9+Q11+Q13 -> 417.046 | R7: =R9+R11+R13 -> 428.594 | S7: =S9+S11+S13 -> 418.7 | ... AQ7: =AQ9+AQ11+AQ13 -> 343.94985
B8: % Growth | C8: -0.014 | D8: =D7/C7-1 -> -0.028896157 | E8: =E7/D7-1 -> -0.013413393 | F8: =F7/E7-1 -> -0.18388335 | G8: =G7/F7-1 -> -0.016028808 | H8: =H7/G7-1 -> 0.0081608097 | I8: =I7/H7-1 -> 0.016415657 | J8: =J7/I7-1 -> 0.0039772662 | L8: -0.039 | M8: -0.018 | N8: -0.003 | O8: -0.054 | P8: =P7/L7-1 -> -0.039382509 | Q8: =Q7/M7-1 -> -0.018361904 | R8: =R7/N7-1 -> -0.0028593165 | S8: =S7/O7-1 -> -0.0541145 | T8: =T7/P7-1 -> -0.017463872 | U8: =U7/Q7-1 -> -0.023644874 | V8: =V7/R7-1 -> -0.00059496866 | W8: =W7/S7-1 -> -0.01235252 | ... AQ8: =AQ7/AM7-1 -> 0.016465832
B9: Restaurant Operations | C9: =SUM(L9:O9) -> 1411.092 | D9: =SUM(P9:S9) -> 1356.933 | E9: =SUM(T9:W9) -> 1339.693 | F9: =SUM(X9:AA9) -> 1001.386 | G9: =SUM(AB9:AE9) -> 956.579 | H9: =SUM(AF9:AI9) -> 962.20956 | I9: =SUM(AJ9:AM9) -> 976.6427 | J9: =SUM(AK9:AN9) -> 980.299 | L9: 359.815 | M9: 345.385 | N9: 343.037 | O9: 362.855 | P9: 343.085 | Q9: 338.079 | R9: 337.694 | S9: 338.075 | T9: 333.153 | U9: 328.873 | V9: 337.308 | W9: 340.359 | X9: 247.966 | Y9: 246.302 | Z9: 245.494 | AA9: 261.624 | AB9: 244.551 | AC9: 240.5 | AD9: 240.506 | AE9: 231.022 | AF9: 240.151 | AG9: 241.1 | AH9: ='Segments+SG&A'!V9 -> 245.31612 | AI9: ='Segments+SG&A'!W9 -> 235.64244 | AJ9: ='Segments+SG&A'!X9 -> 243.75326 | AK9: ='Segments+SG&A'!Y9 -> 244.7165 | AL9: ='Segments+SG&A'!Z9 -> 248.99586 | AM9: ='Segments+SG&A'!AA9 -> 239.17708 | AN9: ='Segments+SG&A'!AB9 -> 247.40956 | AO9: ='Segments+SG&A'!AC9 -> 248.38725 | ... AQ9: ='Segments+SG&A'!AE9 -> 242.76473
B10: % Growth | C10: -0.019 | D10: =D9/C9-1 -> -0.038380914 | E10: =E9/D9-1 -> -0.012705123 | F10: =F9/E9-1 -> -0.25252577 | G10: =G9/F9-1 -> -0.044744983 | H10: =H9/G9-1 -> 0.0058861422 | I10: =I9/H9-1 -> 0.015 | J10: =J9/I9-1 -> 0.0037437427 | L10: -0.046 | M10: -0.021 | N10: -0.016 | O10: -0.068 | P10: =P9/L9-1 -> -0.046496116 | Q10: =Q9/M9-1 -> -0.021153206 | R10: =R9/N9-1 -> -0.015575579 | S10: =S9/O9-1 -> -0.068291742 | T10: =T9/P9-1 -> -0.028949094 | U10: =U9/Q9-1 -> -0.027230322 | V10: =V9/R9-1 -> -0.0011430467 | W10: =W9/S9-1 -> 0.0067558974 | ... AQ10: =AQ9/AM9-1 -> 0.015
B11: Food Product Sales | C11: =SUM(L11:O11) -> 327.674 | D11: =SUM(P11:S11) -> 333.606 | E11: =SUM(T11:W11) -> 329.165 | F11: =SUM(X11:AA11) -> 371.584 | G11: =SUM(AB11:AE11) -> 382.871 | H11: =SUM(AF11:AI11) -> 377.1845 | I11: =SUM(AJ11:AM11) -> 384.73839 | J11: =SUM(AK11:AN11) -> 386.49667 | L11: 72.826 | M11: 82.63 | N11: 89.631 | O11: 82.587 | P11: 72.611 | Q11: 82.53 | R11: 94.572 | S11: 83.893 | T11: 75.426 | U11: 81.995 | V11: 95.16 | W11: 76.584 | X11: 82.672 | Y11: 91.142 | Z11: 105.517 | AA11: 92.253 | AB11: 88.18 | AC11: 95.857 | AD11: 103.485 | AE11: 95.349 | AF11: 86.19 | AG11: 92.12 | AH11: ='Segments+SG&A'!V29 -> 101.61852 | AI11: ='Segments+SG&A'!W29 -> 97.25598 | AJ11: ='Segments+SG&A'!X29 -> 87.9138 | AK11: ='Segments+SG&A'!Y29 -> 93.9726 | AL11: ='Segments+SG&A'!Z29 -> 103.65089 | AM11: ='Segments+SG&A'!AA29 -> 99.2011 | AN11: ='Segments+SG&A'!AB29 -> 89.672076 | AO11: ='Segments+SG&A'!AC29 -> 95.852052 | ... AQ11: ='Segments+SG&A'!AE29 -> 101.18512
B12: % Growth | C12: -0.073 | D12: =D11/C11-1 -> 0.018103359 | E12: =E11/D11-1 -> -0.013312111 | F12: =F11/E11-1 -> 0.1288685 | G12: =G11/F11-1 -> 0.030375366 | H12: =H11/G11-1 -> -0.014852261 | I12: =I11/H11-1 -> 0.020027042 | J12: =J11/I11-1 -> 0.004570056 | L12: -0.003 | M12: -0.001 | N12: 0.055 | O12: 0.016 | P12: =P11/L11-1 -> -0.0029522423 | Q12: =Q11/M11-1 -> -0.0012102142 | R12: =R11/N11-1 -> 0.055126017 | S12: =S11/O11-1 -> 0.015813627 | T12: =T11/P11-1 -> 0.038768231 | U12: =U11/Q11-1 -> -0.0064824912 | V12: =V11/R11-1 -> 0.0062174851 | W12: =W11/S11-1 -> -0.087122883 | ... AQ12: =AQ11/AM11-1 -> 0.02
B13: Intersegment Food Product Sales | C13: =SUM(L13:O13) -> -11.962 | D13: =SUM(P13:S13) -> -13.633 | E13: =SUM(T13:W13) -> -14.445 | F13: =SUM(X13:AA13) -> -22.776 | G13: =SUM(AB13:AE13) -> -10.898 | H13: =SUM(AF13:AI13) -> 0 | I13: =SUM(AJ13:AM13) -> 0 | J13: =SUM(AK13:AN13) -> 0 | L13: -3.161 | M13: -3.168 | N13: -2.845 | O13: -2.788 | P13: -3.13 | Q13: -3.563 | R13: -3.672 | S13: -3.268 | T13: -3.218 | U13: -3.683 | V13: -4.129 | W13: -3.415 | X13: -7.197 | Y13: -7.889 | Z13: -7.69 | AA13: 0 | AB13: -3.282 | AC13: -3.757 | AD13: -3.859 | AE13: 0 | AF13: 0 | AG13: 0 | AH13: 0 | AI13: 0 | AJ13: 0 | AK13: 0 | AL13: 0 | AM13: 0 | AN13: 0 | AO13: 0 | AP13: 0 | AQ13: 0
B14: Cost of Goods Sold | C14: =SUM(L14:O14) -> 516.666 | D14: =SUM(P14:S14) -> 509.849 | E14: =SUM(T14:W14) -> 509.816 | F14: =SUM(X14:AA14) -> 421.781 | G14: =SUM(AB14:AE14) -> 445.052 | H14: =SUM(AF14:AI14) -> 457.10487 | I14: =SUM(AJ14:AM14) -> 457.83845 | J14: =SUM(AK14:AN14) -> 455.9018 | L14: 125.494 | M14: 123.31 | N14: 134.241 | O14: 133.621 | P14: 122.169 | Q14: 124.131 | R14: 135.001 | S14: 128.548 | T14: 121.087 | U14: 125.842 | V14: 137.657 | W14: 125.23 | X14: 97.754 | Y14: 98.064 | Z14: 113.955 | AA14: 112.008 | AB14: 104.505 | AC14: 111.071 | AD14: 117.751 | AE14: 111.725 | AF14: 113.463 | AG14: 116.01 | AH14: ='Segments+SG&A'!V10+'Segments+SG&A'!V30 -> 116.20303 | AI14: ='Segments+SG&A'!W10+'Segments+SG&A'!W30 -> 111.42884 | AJ14: ='Segments+SG&A'!X10+'Segments+SG&A'!X30 -> 109.97016 | AK14: ='Segments+SG&A'!Y10+'Segments+SG&A'!Y30 -> 113.43177 | AL14: ='Segments+SG&A'!Z10+'Segments+SG&A'!Z30 -> 119.6739 | AM14: ='Segments+SG&A'!AA10+'Segments+SG&A'!AA30 -> 114.76262 | AN14: ='Segments+SG&A'!AB10+'Segments+SG&A'!AB30 -> 108.03351 | AO14: ='Segments+SG&A'!AC10+'Segments+SG&A'!AC30 -> 111.46062 | ... AQ14: ='Segments+SG&A'!AE10+'Segments+SG&A'!AE30 -> 112.80152
B15: Operating and Fringe Benefits | C15: =SUM(L15:O15) -> 596.892 | D15: =SUM(P15:S15) -> 559.193 | E15: =SUM(T15:W15) -> 535.069 | F15: =SUM(X15:AA15) -> 413.671 | G15: =SUM(AB15:AE15) -> 401.255 | H15: =SUM(AF15:AI15) -> 403.3597 | I15: =SUM(AG15:AJ15) -> 398.55135 | J15: =SUM(AH15:AK15) -> 396.26358 | L15: 150.051 | M15: 149.813 | N15: 144.608 | O15: 152.42 | P15: 144.098 | Q15: 140.083 | R15: 141.282 | S15: 133.73 | T15: 133.423 | U15: 132.424 | V15: 133.575 | W15: 135.647 | X15: 100.609 | Y15: 101.47 | Z15: 102.946 | AA15: 108.646 | AB15: 101.712 | AC15: 100.656 | AD15: 102.422 | AE15: 96.465 | AF15: 104.228 | AG15: 102.7 | AH15: ='Segments+SG&A'!V11+'Segments+SG&A'!V31 -> 100.21033 | AI15: ='Segments+SG&A'!W11+'Segments+SG&A'!W31 -> 96.221368 | AJ15: ='Segments+SG&A'!X11+'Segments+SG&A'!X31 -> 99.419657 | AK15: ='Segments+SG&A'!Y11+'Segments+SG&A'!Y31 -> 100.41223 | AL15: ='Segments+SG&A'!Z11+'Segments+SG&A'!Z31 -> 103.01181 | AM15: ='Segments+SG&A'!AA11+'Segments+SG&A'!AA31 -> 98.911634 | AN15: ='Segments+SG&A'!AB11+'Segments+SG&A'!AB31 -> 100.77776 | AO15: ='Segments+SG&A'!AC11+'Segments+SG&A'!AC31 -> 101.77604 | ... AQ15: ='Segments+SG&A'!AE11+'Segments+SG&A'!AE31 -> 100.24502
B16: Gross Profit | C16: =C7-C14-C15 -> 613.246 | D16: =D7-D14-D15 -> 607.864 | E16: =E7-E14-E15 -> 609.528 | F16: =F7-F14-F15 -> 514.742 | G16: =G7-G14-G15 -> 482.245 | H16: =H7-H14-H15 -> 478.92949 | I16: =I7-I14-I15 -> 504.99129 | J16: =J7-J14-J15 -> 514.63029 | L16: =L7-L14-L15 -> 153.935 | M16: =M7-M14-M15 -> 151.724 | N16: =N7-N14-N15 -> 150.974 | O16: =O7-O14-O15 -> 156.613 | P16: =P7-P14-P15 -> 146.299 | Q16: =Q7-Q14-Q15 -> 152.832 | R16: =R7-R14-R15 -> 152.311 | S16: =S7-S14-S15 -> 156.422 | ... AQ16: =AQ7-AQ14-AQ15 -> 130.90331
B17: Other Operating Expenses | C17: =SUM(L17:O17) -> 276.522 | D17: =SUM(P17:S17) -> 270.694 | E17: =SUM(T17:W17) -> 268.799 | F17: =SUM(X17:AA17) -> 202.188 | G17: =SUM(AB17:AE17) -> 202.652 | H17: =SUM(AF17:AI17) -> 196.75317 | I17: =SUM(AJ17:AM17) -> 195.65412 | J17: =SUM(AK17:AN17) -> 196.3214 | L17: 69.451 | M17: 70.727 | N17: 68.02 | O17: 68.324 | P17: 68.374 | Q17: 68.339 | R17: 68.84 | S17: 65.141 | T17: 67.251 | U17: 69.185 | V17: 69.906 | W17: 62.457 | X17: 51.667 | Y17: 51.372 | Z17: 48.61 | AA17: 50.539 | AB17: 50.983 | AC17: 51.993 | AD17: 49.081 | AE17: 50.595 | AF17: 49.508 | AG17: 49.97 | AH17: ='Segments+SG&A'!V13+'Segments+SG&A'!V33 -> 49.629985 | AI17: ='Segments+SG&A'!W13+'Segments+SG&A'!W33 -> 47.645181 | AJ17: ='Segments+SG&A'!X13+'Segments+SG&A'!X33 -> 48.207418 | AK17: ='Segments+SG&A'!Y13+'Segments+SG&A'!Y33 -> 48.837695 | AL17: ='Segments+SG&A'!Z13+'Segments+SG&A'!Z33 -> 50.310415 | AM17: ='Segments+SG&A'!AA13+'Segments+SG&A'!AA33 -> 48.298588 | AN17: ='Segments+SG&A'!AB13+'Segments+SG&A'!AB33 -> 48.874704 | AO17: ='Segments+SG&A'!AC13+'Segments+SG&A'!AC33 -> 49.510588 | ... AQ17: ='Segments+SG&A'!AE13+'Segments+SG&A'!AE33 -> 48.960074
B18: Selling, General & Administrative | C18: =SUM(L18:O18) -> 146.322 | D18: =SUM(P18:S18) -> 165.668 | E18: =SUM(T18:W18) -> 150.743 | F18: =SUM(X18:AA18) -> 157.925 | G18: =SUM(AB18:AE18) -> 154.632 | H18: =SUM(AF18:AI18) -> 149.55714 | I18: =SUM(AJ18:AM18) -> 146.49646 | J18: =SUM(AK18:AN18) -> 146.15419 | L18: 38.362 | M18: 35.412 | N18: 33.449 | O18: 39.099 | P18: 35.763 | Q18: 49.661 | R18: 37.46 | S18: 42.784 | T18: 35.726 | U18: 38.165 | V18: 36.634 | W18: 40.218 | X18: 32.646 | Y18: 38.865 | Z18: 40.638 | AA18: 45.776 | AB18: 34.411 | AC18: 37.933 | AD18: 40.832 | AE18: 41.456 | AF18: 38.847 | AG18: 36.02 | AH18: ='Segments+SG&A'!V14+'Segments+SG&A'!V34 -> 38.127019 | AI18: ='Segments+SG&A'!W14+'Segments+SG&A'!W34 -> 36.563124 | AJ18: ='Segments+SG&A'!X14+'Segments+SG&A'!X34 -> 35.224805 | AK18: ='Segments+SG&A'!Y14+'Segments+SG&A'!Y34 -> 36.306382 | AL18: ='Segments+SG&A'!Z14+'Segments+SG&A'!Z34 -> 38.267045 | AM18: ='Segments+SG&A'!AA14+'Segments+SG&A'!AA34 -> 36.698233 | AN18: ='Segments+SG&A'!AB14+'Segments+SG&A'!AB34 -> 34.882526 | AO18: ='Segments+SG&A'!AC14+'Segments+SG&A'!AC34 -> 35.95247 | ... AQ18: ='Segments+SG&A'!AE14+'Segments+SG&A'!AE34 -> 36.339092
B19: Goodwill & Other Intangibles | C19: =SUM(L19:O19) -> 0 | D19: =SUM(P19:S19) -> 0 | E19: =SUM(T19:W19) -> 0 | F19: =SUM(X19:AA19) -> 57.743 | G19: =SUM(AB19:AE19) -> 12.38 | H19: =SUM(AF19:AI19) -> 0.258 | I19: =SUM(AJ19:AM19) -> 0 | J19: =SUM(AK19:AN19) -> 0 | L19: 0 | M19: 0 | N19: 0 | O19: 0 | P19: 0 | Q19: 0 | R19: 0 | S19: 0 | T19: 0 | U19: 0 | V19: 0 | W19: 0 | X19: 0 | Y19: 0 | Z19: 0 | AA19: 57.743 | AB19: 8.609 | AC19: 3.771 | AD19: 0 | AE19: 0 | AF19: 0.258 | AG19: 0 | AH19: 0 | AI19: =AH19 -> 0 | AJ19: =AI19 -> 0 | AK19: =AJ19 -> 0 | AL19: =AK19 -> 0 | AM19: =AL19 -> 0 | AN19: =AM19 -> 0 | AO19: =AN19 -> 0 | AP19: =AO19 -> 0 | AQ19: =AP19 -> 0
B20: Depreciation and Amortization | C20: =SUM(L20:O20) -> 83.988 | D20: =SUM(P20:S20) -> 82.962 | E20: =SUM(T20:W20) -> 82.112 | F20: =SUM(X20:AA20) -> 66.243 | G20: =SUM(AB20:AE20) -> 79.456 | H20: =SUM(AF20:AI20) -> 80.649031 | I20: =SUM(AJ20:AM20) -> 87.601909 | J20: =SUM(AK20:AN20) -> 87.945763 | L20: 20.983 | M20: 20.678 | N20: 21.112 | O20: 21.215 | P20: 20.776 | Q20: 20.922 | R20: 20.577 | S20: 20.687 | T20: 20.379 | U20: 20.239 | V20: 20.309 | W20: 21.185 | X20: 15.254 | Y20: 16.311 | Z20: 17.023 | AA20: 17.655 | AB20: 17.23 | AC20: 18.281 | AD20: 22.092 | AE20: 21.853 | AF20: 19.973 | AG20: 19.47 | AH20: ='Segments+SG&A'!V12+'Segments+SG&A'!V32 -> 21.026474 | AI20: ='Segments+SG&A'!W12+'Segments+SG&A'!W32 -> 20.179558 | AJ20: ='Segments+SG&A'!X12+'Segments+SG&A'!X32 -> 21.458419 | AK20: ='Segments+SG&A'!Y12+'Segments+SG&A'!Y32 -> 21.828785 | AL20: ='Segments+SG&A'!Z12+'Segments+SG&A'!Z32 -> 22.612255 | AM20: ='Segments+SG&A'!AA12+'Segments+SG&A'!AA32 -> 21.70245 | AN20: ='Segments+SG&A'!AB12+'Segments+SG&A'!AB32 -> 21.802273 | AO20: ='Segments+SG&A'!AC12+'Segments+SG&A'!AC32 -> 22.17971 | ... AQ20: ='Segments+SG&A'!AE12+'Segments+SG&A'!AE32 -> 22.052787
B21: Total Expenses | C21: =SUM(C17:C20) -> 506.832 | D21: =SUM(D17:D20) -> 519.324 | E21: =SUM(E17:E20) -> 501.654 | F21: =SUM(F17:F20) -> 484.099 | G21: =SUM(G17:G20) -> 449.12 | H21: =SUM(H17:H20) -> 427.21734 | I21: =SUM(I17:I20) -> 429.75249 | J21: =SUM(J17:J20) -> 430.42135 | L21: =SUM(L17:L20) -> 128.796 | M21: =SUM(M17:M20) -> 126.817 | N21: =SUM(N17:N20) -> 122.581 | O21: =SUM(O17:O20) -> 128.638 | P21: =SUM(P17:P20) -> 124.913 | Q21: =SUM(Q17:Q20) -> 138.922 | R21: =SUM(R17:R20) -> 126.877 | S21: =SUM(S17:S20) -> 128.612 | ... AQ21: =SUM(AQ17:AQ20) -> 107.35195
B22: Operating Income | C22: =C16-C21 -> 106.414 | D22: =D16-D21 -> 88.54 | E22: =E16-E21 -> 107.874 | F22: =F16-F21 -> 30.643 | G22: =G16-G21 -> 33.125 | H22: =H16-H21 -> 51.712153 | I22: =I16-I21 -> 75.238801 | J22: =J16-J21 -> 84.208939 | L22: =L16-L21 -> 25.139 | M22: =M16-M21 -> 24.907 | N22: =N16-N21 -> 28.393 | O22: =O16-O21 -> 27.975 | P22: =P16-P21 -> 21.386 | Q22: =Q16-Q21 -> 13.91 | R22: =R16-R21 -> 25.434 | S22: =S16-S21 -> 27.81 | ... AQ22: =AQ16-AQ21 -> 23.551361
B23: % Growth | C23: 0.031 | D23: =IFERROR(D22/C22-1,"N.A. ") -> -0.16796662 | E23: =IFERROR(E22/D22-1,"N.A. ") -> 0.21836458 | F23: =IFERROR(F22/E22-1,"N.A. ") -> -0.71593711 | G23: =IFERROR(G22/F22-1,"N.A. ") -> 0.080997291 | H23: =IFERROR(H22/G22-1,"N.A. ") -> 0.5611216 | I23: =IFERROR(I22/H22-1,"N.A. ") -> 0.45495395 | J23: =IFERROR(J22/I22-1,"N.A. ") -> 0.11922223 | L23: 0.07 | M23: 0.23 | N23: -1.7 | O23: -0.1 | P23: =P22/L22-1 -> -0.14928995 | Q23: =Q22/M22-1 -> -0.44152246 | R23: =R22/N22-1 -> -0.10421583 | S23: =S22/O22-1 -> -0.0058981233 | T23: =T22/P22-1 -> 0.28565417 | U23: =U22/Q22-1 -> 0.53342919 | V23: =V22/R22-1 -> 0.18966737 | W23: =W22/S22-1 -> 0.035275081 | ... AQ23: =AQ22/AM22-1 -> 0.30807114
B24: Stock-Based Comp & Other Charges | C24: =SUM(L24:O24) -> -0.182 | D24: =SUM(P24:S24) -> 10.126 | E24: =SUM(T24:W24) -> 7.401 | F24: =SUM(X24:AA24) -> 113.83114 | G24: =SUM(AB24:AE24) -> 15.550173 | H24: =SUM(AF24:AI24) -> 8.8 | I24: =SUM(AJ24:AM24) -> 8.8 | J24: =SUM(AK24:AN24) -> 8.8 | L24: -1.718 | M24: -0.552 | N24: -0.833 | O24: 2.921 | P24: 1.825 | Q24: 9.665 | R24: -1.364 | S24: 0 | T24: 1.366 | U24: 3.435 | V24: 1.3 | W24: 1.3 | X24: 1.499 | Y24: 4.5274856 | Z24: 59.693572 | AA24: 48.111081 | AB24: 6.4767835 | AC24: 4.184884 | AD24: 3.301505 | AE24: 1.587 | AF24: 2.2 | AG24: 2.2 | AH24: 2.2 | AI24: =AH24 -> 2.2 | AJ24: =AI24 -> 2.2 | AK24: =AJ24 -> 2.2 | AL24: =AK24 -> 2.2 | AM24: =AL24 -> 2.2 | AN24: =AM24 -> 2.2 | AO24: =AN24 -> 2.2 | AP24: =AO24 -> 2.2 | AQ24: =AP24 -> 2.2
B25: Adjusted EBITDA | C25: =C22+C20+C24 -> 190.22 | D25: =D22+D20+D24 -> 181.628 | E25: =E22+E20+E24 -> 197.387 | F25: =F22+F20+F24 -> 210.71714 | G25: =G22+G20+G24 -> 128.13117 | H25: =H22+H20+H24 -> 141.16118 | I25: =I22+I20+I24 -> 171.64071 | J25: =J22+J20+J24 -> 180.9547 | L25: =L22+L20+L24 -> 44.404 | M25: =M22+M20+M24 -> 45.033 | N25: =N22+N20+N24 -> 48.672 | O25: =O22+O20+O24 -> 52.111 | P25: =P22+P20+P24 -> 43.987 | Q25: =Q22+Q20+Q24 -> 44.497 | R25: =R22+R20+R24 -> 44.647 | S25: =S22+S20+S24 -> 48.497 | ... AQ25: =AQ22+AQ20+AQ24 -> 47.804149
B26: Net Interest Expense | C26: =SUM(L26:O26) -> 10.088 | D26: =SUM(P26:S26) -> 8.867 | E26: =SUM(T26:W26) -> 7.884 | F26: =SUM(X26:AA26) -> 11.485 | G26: =SUM(AB26:AE26) -> 3.514 | H26: =SUM(AF26:AI26) -> 9.6289789 | I26: =SUM(AJ26:AM26) -> 11.657376 | J26: =SUM(AK26:AN26) -> 11.712618 | L26: 2.74 | M26: 2.537 | N26: 2.511 | O26: 2.3 | P26: 2.498 | Q26: 2.204 | R26: 2.098 | S26: 2.067 | T26: 2.111 | U26: 1.985 | V26: 1.879 | W26: 1.909 | X26: 2.056 | Y26: 1.473 | Z26: 7.451 | AA26: 0.505 | AB26: 0.506 | AC26: 0.559 | AD26: 1.294 | AE26: 1.155 | AF26: 1.616 | AG26: 2.203 | AH26: =Debt!I28 -> 2.8983982 | AI26: =Debt!J28 -> 2.9115807 | AJ26: =Debt!K28 -> 2.8957528 | AK26: =Debt!L28 -> 2.913502 | AL26: =Debt!M28 -> 2.9218203 | AM26: =Debt!N28 -> 2.9263013 | AN26: =Debt!O28 -> 2.9509943 | AO26: =Debt!P28 -> 2.9582476 | ... AQ26: =Debt!R28 -> 2.9477283
B27: Pre-Tax Income | C27: =C22-C26 -> 96.326 | D27: =D22-D26 -> 79.673 | E27: =E22-E26 -> 99.99 | F27: =F22-F26 -> 19.158 | G27: =G22-G26 -> 29.611 | H27: =SUM(AF27:AI27) -> 42.083174 | I27: =SUM(AJ27:AM27) -> 60.377448 | J27: =SUM(AK27:AN27) -> 65.646466 | L27: =L22-L26 -> 22.399 | M27: =M22-M26 -> 22.37 | N27: =N22-N26 -> 25.882 | O27: =O22-O26 -> 25.675 | P27: =P22-P26 -> 18.888 | Q27: =Q22-Q26 -> 11.706 | R27: =R22-R26 -> 23.336 | S27: =S22-S26 -> 25.743 | ... AQ27: =AQ22-AQ26 -> 20.603633
B28: Taxes | C28: =SUM(L28:O28) -> 25.998 | D28: =SUM(P28:S28) -> 25.51 | E28: =SUM(T28:W28) -> 25.614 | F28: =SUM(X28:AA28) -> -142.523 | G28: =SUM(AB28:AE28) -> -0.176 | H28: =SUM(AF28:AI28) -> 9.0631618 | I28: =SUM(AJ28:AM28) -> 16.905685 | J28: =SUM(AK28:AN28) -> 18.381011 | L28: 6.284 | M28: 6.888 | N28: 7.915 | O28: 4.911 | P28: 6.339 | Q28: 3.916 | R28: 7.87 | S28: 7.385 | T28: 7.572 | U28: 6.598 | V28: 6.598 | W28: 4.846 | X28: 8.427 | Y28: 7.45 | Z28: -92.381 | AA28: -66.019 | AB28: 3.002 | AC28: 2.502 | AD28: 1.002 | AE28: -6.682 | AF28: -0.536 | AG28: 0.77 | AH28: =AH27*AH30 -> 4.5214572 | AI28: =AI27*AI30 -> 4.3077045 | AJ28: =AJ27*AJ30 -> 4.0574384 | AK28: =AK27*AK30 -> 4.1884473 | AL28: =AL27*AL30 -> 4.4378624 | AM28: =AM27*AM30 -> 4.2219373 | AN28: =AN27*AN30 -> 5.5327636 | AO28: =AO27*AO30 -> 5.7124543 | ... AQ28: =AQ27*AQ30 -> 5.7690173
B29: Net Income | C29: =C27-C28 -> 70.328 | D29: =D27-D28 -> 54.163 | E29: =E27-E28 -> 74.376 | F29: -1.7 | G29: 32.5 | H29: =H27-H28 -> 33.020012 | I29: =I27-I28 -> 43.471762 | J29: =J27-J28 -> 47.265456 | L29: =L27-L28 -> 16.115 | M29: =M27-M28 -> 15.482 | N29: =N27-N28 -> 17.967 | O29: =O27-O28 -> 20.764 | P29: =P27-P28 -> 12.549 | Q29: =Q27-Q28 -> 7.79 | R29: =R27-R28 -> 15.466 | S29: =S27-S28 -> 18.358 | ... Y29: =Y27-Y28 -> 14.55 | Z29: =Z27-Z28-80 -> 25.079 | AA29: =AA27-AA28 -> 27.024 | AB29: =AB27-AB28 -> 8.491 | AC29: =AC27-AC28 -> 5.834 | AD29: =AD27-AD28 -> 5.658 | AE29: =AE27-AE28+3.2 -> 13.004 | AF29: =AF27-AF28 -> -1.016 | AG29: =AG27-AG28 -> 6.077 | AH29: =AH27-AH28 -> 14.317948 | AI29: =AI27-AI28 -> 13.641064 | AJ29: =AJ27-AJ28 -> 10.433413 | AK29: =AK27-AK28 -> 10.770293 | AL29: =AL27-AL28 -> 11.411646 | AM29: =AM27-AM28 -> 10.85641 | ... AQ29: =AQ27-AQ28 -> 14.834616
B30: Effective Tax Rate | C30: =C28/C27 -> 0.26989598 | D30: =D28/D27 -> 0.32018375 | E30: =E28/E27 -> 0.25616562 | F30: 0 | G30: 0 | H30: =H28/H27 -> 0.21536308 | I30: =I28/I27 -> 0.28 | J30: =J28/J27 -> 0.28 | L30: =L28/L27 -> 0.28054824 | M30: =M28/M27 -> 0.30791238 | N30: =N28/N27 -> 0.30581099 | O30: =O28/O27 -> 0.19127556 | P30: =P28/P27 -> 0.33560991 | Q30: =Q28/Q27 -> 0.3345293 | R30: =R28/R27 -> 0.33724717 | S30: =S28/S27 -> 0.2868741 | ... AG30: =AG28/AG27 -> 0.11245801 | AH30: 0.24 | AI30: =AH30 -> 0.24 | AJ30: 0.28 | AK30: =AJ30 -> 0.28 | AL30: =AK30 -> 0.28 | AM30: =AL30 -> 0.28 | AN30: =AM30 -> 0.28 | AO30: =AN30 -> 0.28 | AP30: =AO30 -> 0.28 | AQ30: =AP30 -> 0.28
B31: Diluted Shares Outstanding | C31: 30.8 | D31: =S31 -> 30.392 | E31: 29.7 | F31: =AA31 -> 27.901 | G31: 26.2 | H31: =AI31 -> 23.50139 | I31: =AM31 -> 23.104171 | J31: =AQ31 -> 22.706951 | L31: 30.942 | M31: 31.118 | N31: 30.936 | O31: 30.566 | P31: 30.506 | Q31: 30.403 | R31: 30.32 | S31: 30.392 | T31: 30.437 | U31: 30.141 | V31: 29.415 | W31: 29.134 | X31: 28.362 | Y31: 28.536 | Z31: 28.136 | AA31: 27.901 | AB31: 27.617 | AC31: 26.472 | AD31: 26.377 | AE31: 24.426 | AF31: 23.589 | AG31: 23.7 | AH31: =AG31+(Equity!I9/Summary!$E$7) -> 23.600695 | AI31: =AH31+(Equity!J9/Summary!$E$7) -> 23.50139 | AJ31: =AI31+(Equity!K9/Summary!$E$7) -> 23.402085 | AK31: =AJ31+(Equity!L9/Summary!$E$7) -> 23.302781 | AL31: =AK31+(Equity!M9/Summary!$E$7) -> 23.203476 | AM31: =AL31+(Equity!N9/Summary!$E$7) -> 23.104171 | AN31: =AM31+(Equity!O9/Summary!$E$7) -> 23.004866 | AO31: =AN31+(Equity!P9/Summary!$E$7) -> 22.905561 | ... AQ31: =AP31+(Equity!R9/Summary!$E$7) -> 22.706951
B32: GAAP EPS | C32: =C29/C31 -> 2.2833766 | D32: =D29/D31 -> 1.7821466 | E32: =E29/E31 -> 2.5042424 | F32: =F29/F31 -> -0.060929716 | G32: =G29/G31 -> 1.240458 | H32: =SUM(AF32:AI32) -> 1.4004539 | I32: =SUM(AJ32:AM32) -> 1.869719 | J32: =SUM(AK32:AN32) -> 2.0423254 | L32: =L29/L31 -> 0.52081313 | M32: =M29/M31 -> 0.49752555 | N32: =N29/N31 -> 0.58077967 | O32: =O29/O31 -> 0.67931689 | P32: =P29/P31 -> 0.4113617 | Q32: =Q29/Q31 -> 0.25622471 | R32: =R29/R31 -> 0.51009235 | S32: =S29/S31 -> 0.60404054 | ... AQ32: =AQ29/AQ31 -> 0.65330725
B33: Other Charges | C33: =SUM(L33:O33) -> 0.0063693937 | D33: =SUM(P33:S33) -> 0.36750003 | E33: =SUM(T33:W33) -> -0.084440462 | F33: =SUM(X33:AA33) -> 2.452 | G33: =SUM(AB33:AE33) -> 0.17 | H33: =SUM(AF33:AI33) -> 0.25 | I33: =SUM(AJ33:AM33) -> 0 | J33: =SUM(AK33:AN33) -> 0 | L33: -0.039946291 | M33: -0.012276893 | N33: -0.018692121 | O33: 0.077284698 | P33: 0 | Q33: 0.30174654 | R33: 0 | S33: 0.065753488 | T33: 0 | U33: 0.045559538 | V33: -0.05 | W33: -0.08 | X33: 0.054 | Y33: 0.134 | Z33: 2.524 | AA33: -0.26 | AB33: 0.27 | AC33: 0.13 | AD33: 0.1 | AE33: -0.33 | AF33: 0.14 | AG33: 0.11 | AH33: 0 | AI33: =AH33 -> 0 | AJ33: =AI33 -> 0 | AK33: =AJ33 -> 0 | AL33: =AK33 -> 0 | AM33: =AL33 -> 0 | AN33: =AM33 -> 0 | AO33: =AN33 -> 0 | AP33: =AO33 -> 0 | AQ33: =AP33 -> 0
B34: Adjusted EPS | C34: =C32+C33 -> 2.289746 | D34: =D32+D33 -> 2.1496466 | E34: =E32+E33 -> 2.419802 | F34: =F32+F33 -> 2.3910703 | G34: =G32+G33 -> 1.410458 | H34: =SUM(AF34:AI34) -> 1.6504539 | I34: =SUM(AJ34:AM34) -> 1.869719 | J34: =SUM(AK34:AN34) -> 2.0423254 | L34: =L32+L33 -> 0.48086684 | M34: =M32+M33 -> 0.48524865 | N34: =N32+N33 -> 0.56208755 | O34: =O32+O33 -> 0.75660159 | P34: =P32+P33 -> 0.4113617 | Q34: =Q32+Q33 -> 0.55797125 | R34: =R32+R33 -> 0.51009235 | S34: =S32+S33 -> 0.66979402 | ... AQ34: =AQ32+AQ33 -> 0.65330725
B35: Margins
B36: Gross Margin | C36: =C16/C7 -> 0.35513353 | D36: =D16/D7 -> 0.3624914 | E36: =E16/E7 -> 0.36842554 | F36: =F16/F7 -> 0.38123559 | G36: =G16/G7 -> 0.36298542 | H36: =H16/H7 -> 0.35757176 | I36: =I16/I7 -> 0.37094043 | J36: =J16/J7 -> 0.37652321 | L36: =L16/L7 -> 0.35842181 | M36: =M16/M7 -> 0.35712621 | N36: =N16/N7 -> 0.35124691 | O36: =O16/O7 -> 0.35380455 | P36: =P16/P7 -> 0.35460751 | Q36: =Q16/Q7 -> 0.36646317 | R36: =R16/R7 -> 0.35537362 | S36: =S16/S7 -> 0.37358968 | ... AQ36: =AQ16/AQ7 -> 0.38058837
B37: Operating Margin | C37: =C22/C7 -> 0.061624828 | D37: =D22/D7 -> 0.05279962 | E37: =E22/E7 -> 0.065203791 | F37: =F22/F7 -> 0.022695257 | G37: =G22/G7 -> 0.02493316 | H37: =H22/H7 -> 0.038608617 | I37: =I22/I7 -> 0.055266524 | J37: =J22/J7 -> 0.061610481 | L37: =L22/L7 -> 0.058533575 | M37: =M22/M7 -> 0.058625811 | N37: =N22/N7 -> 0.066057424 | O37: =O22/O7 -> 0.063198345 | P37: =P22/P7 -> 0.051836555 | Q37: =Q22/Q7 -> 0.033353635 | R37: =R22/R7 -> 0.059342875 | S37: =S22/S7 -> 0.066419871 | ... AQ37: =AQ22/AQ7 -> 0.068473241
B38: Adjusted EBITDA Margin | C38: =C25/C7 -> 0.11015726 | D38: =D25/D7 -> 0.10831138 | E38: =E25/E7 -> 0.11930939 | F38: =F25/F7 -> 0.15606434 | G38: =G25/G7 -> 0.096444228 | H38: =H25/H7 -> 0.10539182 | I38: =I25/I7 -> 0.12607837 | J38: =J25/J7 -> 0.13239338 | L38: =L25/L7 -> 0.10339015 | M38: =M25/M7 -> 0.10599816 | N38: =N25/N7 -> 0.11323731 | O38: =O25/O7 -> 0.117724 | P38: =P25/P7 -> 0.10661809 | Q38: =Q25/Q7 -> 0.10669566 | R38: =R25/R7 -> 0.10417085 | S38: =S25/S7 -> 0.11582756 | ... AQ38: =AQ25/AQ7 -> 0.13898581
B39: Industry-Specific
B40: Total Stores | C40: =O40 -> 715 | D40: =S40 -> 707 | E40: =W40 -> 710 | F40: =AA40 -> 560 | G40: =AE40 -> 561 | H40: =AI40 -> 563 | I40: =AM40 -> 571 | J40: =AQ40 -> 579 | L40: 713 | M40: 714 | N40: 715 | O40: 715 | P40: 714 | Q40: 714 | R40: 714 | S40: 707 | T40: 708 | U40: 710 | V40: 709 | W40: 710 | X40: 710 | Y40: 708 | Z40: 706 | AA40: 560 | AB40: 560 | AC40: 560 | AD40: 560 | AE40: 561 | AF40: 562 | AG40: 561 | AH40: 561 | AI40: =AH40+2 -> 563 | AJ40: =AI40+2 -> 565 | AK40: =AJ40+2 -> 567 | AL40: =AK40+2 -> 569 | AM40: =AL40+2 -> 571 | AN40: =AM40+2 -> 573 | AO40: =AN40+2 -> 575 | AP40: =AO40+2 -> 577 | AQ40: =AP40+2 -> 579
B41: Same-Store Sales Growth % | C41: -0.035 | D41: -0.009 | E41: -0.006 | F41: 0.01 | G41: -0.021 | H41: =AVERAGE(AF41:AI41) -> 0.005 | I41: =AVERAGE(AJ41:AM41) -> 0.015 | J41: =AVERAGE(AN41:AQ41) -> 0.015 | L41: -0.03 | M41: -0.028333333 | N41: -0.042333333 | O41: -0.041 | P41: -0.035333333 | Q41: -0.0086666667 | R41: -0.005 | S41: 0.012 | T41: -0.018 | U41: -0.015 | V41: 0.016 | W41: -0.006 | X41: 0.01 | Y41: 0.01 | Z41: 0.016 | AA41: 0.005 | AB41: -0.006 | AC41: -0.019 | AD41: -0.018 | AE41: -0.041 | AF41: -0.02 | AG41: 0 | AH41: =AH10 -> 0.02 | AI41: =AI10 -> 0.02 | AJ41: =AJ10 -> 0.015 | AK41: =AK10 -> 0.015 | AL41: =AL10 -> 0.015 | AM41: =AM10 -> 0.015 | AN41: =AN10 -> 0.015 | AO41: =AO10 -> 0.015 | ... AQ41: =AQ10 -> 0.015
B42: % of Sales
B43: Cost of Goods Sold (% of sales) | C43: =C14/C7 -> 0.29920362 | D43: =D14/D7 -> 0.30404149 | E43: =E14/E7 -> 0.30815522 | F43: =F14/F7 -> 0.31238548 | G43: =G14/G7 -> 0.33499028 | H43: =H14/H7 -> 0.34127736 | I43: =I14/I7 -> 0.3363044 | J43: =J14/J7 -> 0.3335552 | L43: =L14/L7 -> 0.29219987 | M43: =M14/M7 -> 0.29024566 | N43: =N14/N7 -> 0.31231693 | O43: =O14/O7 -> 0.30186331 | P43: =P14/P7 -> 0.29611989 | Q43: =Q14/Q7 -> 0.29764343 | R43: =R14/R7 -> 0.31498574 | S43: =S14/S7 -> 0.30701696 | ... AQ43: =AQ14/AQ7 -> 0.32795921
B44: Operating and Fringe Benefits (% of sales) | C44: =C15/C7 -> 0.34566285 | D44: =D15/D7 -> 0.33346711 | E44: =E15/E7 -> 0.32341924 | F44: =F15/F7 -> 0.30637894 | G44: =G15/G7 -> 0.30202431 | H44: =H15/H7 -> 0.30115088 | I44: =I15/I7 -> 0.29275517 | J44: =J15/J7 -> 0.2899216 | L44: =L15/L7 -> 0.34937832 | M44: =M15/M7 -> 0.35262812 | N44: =N15/N7 -> 0.33643616 | O44: =O15/O7 -> 0.34433214 | P44: =P15/P7 -> 0.3492726 | Q44: =Q15/Q7 -> 0.3358934 | R44: =R15/R7 -> 0.32964064 | S44: =S15/S7 -> 0.31939336 | ... AQ44: =AQ15/AQ7 -> 0.29145242
B45: Other Operating Expenses (% of sales) | C45: =C17/C7 -> 0.16013514 | D45: =D17/D7 -> 0.16142467 | E45: =E17/E7 -> 0.16247394 | F45: =F17/F7 -> 0.14974737 | G45: =G17/G7 -> 0.15253599 | H45: =H17/H7 -> 0.14689715 | I45: =I17/I7 -> 0.14371737 | J45: =J17/J7 -> 0.14363625 | L45: =L17/L7 -> 0.16170951 | M45: =M17/M7 -> 0.1664764 | N45: =N17/N7 -> 0.15825119 | O45: =O17/O7 -> 0.1543508 | P45: =P17/P7 -> 0.16572863 | Q45: =Q17/Q7 -> 0.16386442 | R45: =R17/R7 -> 0.16061821 | S45: =S17/S7 -> 0.15557917 | ... AQ45: =AQ17/AQ7 -> 0.14234655
B46: SG&A (% of sales) | C46: =C18/C7 -> 0.084735731 | D46: =D18/D7 -> 0.09879385 | E46: =E18/E7 -> 0.091115701 | F46: =F18/F7 -> 0.11696467 | G46: =G18/G7 -> 0.11639138 | H46: =H18/H7 -> 0.1116603 | I46: =I18/I7 -> 0.10760871 | J46: =J18/J7 -> 0.10693199 | L46: =L18/L7 -> 0.089321971 | M46: =M18/M7 -> 0.08335236 | N46: =N18/N7 -> 0.077820405 | O46: =O18/O7 -> 0.088328582 | P46: =P18/P7 -> 0.086684312 | Q46: =Q18/Q7 -> 0.11907799 | R46: =R18/R7 -> 0.087402063 | S46: =S18/S7 -> 0.10218295 | ... AQ46: =AQ18/AQ7 -> 0.1056523
B47: D&A (% of sales) | C47: =C20/C7 -> 0.04863783 | D47: =D20/D7 -> 0.049473256 | E47: =E20/E7 -> 0.049632105 | F47: =F20/F7 -> 0.049061839 | G47: =G20/G7 -> 0.059806466 | H47: =H20/H7 -> 0.060213072 | I47: =I20/I7 -> 0.064347822 | J47: =J20/J7 -> 0.064344485 | L47: =L20/L7 -> 0.048856757 | M47: =M20/M7 -> 0.048671639 | N47: =N20/N7 -> 0.049117893 | O47: =O20/O7 -> 0.047926823 | P47: =P20/P7 -> 0.050358003 | Q47: =Q20/Q7 -> 0.050167128 | R47: =R20/R7 -> 0.048010471 | S47: =S20/S7 -> 0.04940769 | ... AQ47: =AQ20/AQ7 -> 0.064116286

Sheet BS
L1: 40025 | M1: =EOMONTH(L1,3) -> 40117 | N1: =EOMONTH(M1,3) -> 40209 | O1: =EOMONTH(N1,3) -> 40298 | P1: =EOMONTH(O1,3) -> 40390 | Q1: =EOMONTH(P1,3) -> 40482 | R1: =EOMONTH(Q1,3) -> 40574 | S1: =EOMONTH(R1,3) -> 40663 | T1: =EOMONTH(S1,3) -> 40755 | ... AQ1: =EOMONTH(AP1,3) -> 42855
B2: Bob Evans Farms, Inc.
B3: Balance Sheet
B4: $000, Except Where Noted
C5: Annual Summary
C6: 2010 | D6: =C6+1 -> 2011 | E6: =D6+1 -> 2012 | F6: =E6+1 -> 2013 | G6: =F6+1 -> 2014 | H6: =G6+1 -> 2015 | I6: =H6+1 -> 2016 | J6: =I6+1 -> 2017 | L6: 2010 | P6: =L6+1 -> 2011 | T6: =P6+1 -> 2012 | X6: =T6+1 -> 2013 | AB6: =X6+1 -> 2014 | AF6: =AB6+1 -> 2015 | AJ6: =AF6+1 -> 2016 | AN6: =AJ6+1 -> 2017
B7: Assets | L7: 1 | M7: =L7+1 -> 2 | N7: =M7+1 -> 3 | O7: =N7+1 -> 4 | P7: 1 | Q7: =P7+1 -> 2 | R7: =Q7+1 -> 3 | S7: =R7+1 -> 4 | T7: 1 | U7: =T7+1 -> 2 | V7: =U7+1 -> 3 | W7: =V7+1 -> 4 | X7: 1 | Y7: =X7+1 -> 2 | Z7: =Y7+1 -> 3 | AA7: =Z7+1 -> 4 | AB7: 1 | AC7: =AB7+1 -> 2 | AD7: =AC7+1 -> 3 | AE7: =AD7+1 -> 4 | AF7: 1 | AG7: =AF7+1 -> 2 | AH7: =AG7+1 -> 3 | AI7: =AH7+1 -> 4 | AJ7: 1 | AK7: =AJ7+1 -> 2 | AL7: =AK7+1 -> 3 | AM7: =AL7+1 -> 4 | AN7: 1 | AO7: =AN7+1 -> 2 | AP7: =AO7+1 -> 3 | AQ7: =AP7+1 -> 4
B8: Cash & Cash Equivalents | C8: =O8 -> 17.803 | D8: =S8 -> 57.73 | E8: =W8 -> 35.946 | F8: =AA8 -> 9.01 | G8: =AE8 -> 7.826 | H8: =AI8 -> 5 | I8: =AM8 -> 5 | J8: =AQ8 -> 5 | L8: 21.902 | M8: 11.498 | N8: 19.782 | O8: 17.803 | P8: 11.465 | Q8: 17.452 | R8: 37.569519 | S8: 57.73 | T8: 59.937 | U8: 38.231 | V8: 47.943 | W8: 35.946 | X8: 1.126 | Y8: 4.82 | Z8: 4.433 | AA8: 9.01 | AB8: 6.099 | AC8: 4.934 | AD8: 5.409 | AE8: 7.826 | AF8: 3.625 | AG8: 3.737 | AH8: =CF!AH27 -> 5 | AI8: =CF!AI27 -> 5 | AJ8: =CF!AJ27 -> 5 | AK8: =CF!AK27 -> 5 | AL8: =CF!AL27 -> 5 | AM8: =CF!AM27 -> 5 | AN8: =CF!AN27 -> 5 | AO8: =CF!AO27 -> 5 | ... AQ8: =CF!AQ27 -> 5
B9: Accounts Receivable | C9: =O9 -> 19.857 | D9: =S9 -> 26.043 | E9: =W9 -> 29.85 | F9: =AA9 -> 33.958 | G9: =AE9 -> 33.443 | H9: =AI9 -> 31.440406 | I9: =AM9 -> 31.957939 | J9: =AQ9 -> 32.484153 | L9: 22.725 | M9: 27.161 | N9: 23.946 | O9: 19.857 | P9: 24.116 | Q9: 24.918 | R9: 24.900008 | S9: 26.043 | T9: 21.823 | U9: 28.5 | V9: 27.978 | W9: 29.85 | X9: 33.302 | Y9: 40.087 | Z9: 38.665 | AA9: 33.958 | AB9: 33.842 | AC9: 37.671 | AD9: 36.034 | AE9: 33.443 | AF9: 28.846 | AG9: 30.58 | AH9: =WC!AH7 -> 32.766049 | AI9: =WC!AI7 -> 31.440406 | AJ9: =WC!AJ7 -> 31.324112 | AK9: =WC!AK7 -> 31.987304 | AL9: =WC!AL7 -> 33.305527 | AM9: =WC!AM7 -> 31.957939 | AN9: =WC!AN7 -> 31.835488 | AO9: =WC!AO7 -> 32.511489 | ... AQ9: =WC!AQ7 -> 32.484153
B10: Inventories | C10: =O10 -> 25.92 | D10: =S10 -> 23.526 | E10: =W10 -> 23.388 | F10: =AA10 -> 22.491 | G10: =AE10 -> 25.243 | H10: =AI10 -> 24.761964 | I10: =AM10 -> 25.502805 | J10: =AQ10 -> 25.067005 | L10: 27.034 | M10: 29.206 | N10: 26.093 | O10: 25.92 | P10: 23.731 | Q10: 26.046 | R10: 26.084499 | S10: 23.526 | T10: 22.639 | U10: 25.887 | V10: 24.201 | W10: 23.388 | X10: 21.464 | Y10: 26.172 | Z10: 23.895 | AA10: 22.491 | AB10: 22.974 | AC10: 21.815 | AD10: 24.133 | AE10: 25.243 | AF10: 23.455 | AG10: 27.97 | AH10: =WC!AH9 -> 25.822896 | AI10: =WC!AI9 -> 24.761964 | AJ10: =WC!AJ9 -> 24.437814 | AK10: =WC!AK9 -> 25.20706 | AL10: =WC!AL9 -> 26.594199 | AM10: =WC!AM9 -> 25.502805 | AN10: =WC!AN9 -> 24.007447 | AO10: =WC!AO9 -> 24.769026 | ... AQ10: =WC!AQ9 -> 25.067005
B11: Deferred Income Taxes | C11: =O11 -> 11.175 | D11: =S11 -> 10.86 | E11: =W11 -> 11.738 | F11: =AA11 -> 13.089 | G11: =AE11 -> 18.656 | H11: =AI11 -> 18.642312 | I11: =AM11 -> 18.949178 | J11: =AQ11 -> 19.261192 | L11: 11.211 | M11: 11.211 | N11: 11.211 | O11: 11.175 | P11: 11.175 | Q11: 11.175 | R11: 11.175 | S11: 10.86 | T11: 10.86 | U11: 10.86 | V11: 10.86 | W11: 11.738 | X11: 11.738 | Y11: 11.738 | Z11: 37.501 | AA11: 13.089 | AB11: 13.089 | AC11: 13.089 | AD11: 18.512 | AE11: 18.656 | AF11: 18.656 | AG11: 18.65 | AH11: =WC!AH16*WC!AH28 -> 19.42834 | AI11: =WC!AI16*WC!AI28 -> 18.642312 | AJ11: =WC!AJ16*WC!AJ28 -> 18.573356 | AK11: =WC!AK16*WC!AK28 -> 18.96659 | AL11: =WC!AL16*WC!AL28 -> 19.748218 | AM11: =WC!AM16*WC!AM28 -> 18.949178 | AN11: =WC!AN16*WC!AN28 -> 18.876572 | AO11: =WC!AO16*WC!AO28 -> 19.277401 | ... AQ11: =WC!AQ16*WC!AQ28 -> 19.261192
B12: Federal & State Income Taxes | C12: =O12 -> 0 | D12: =S12 -> 0 | E12: =W12 -> 0 | F12: =AA12 -> 63.9 | G12: =AE12 -> 25.824 | H12: =AI12 -> 24.967381 | I12: =AM12 -> 25.378363 | J12: =AQ12 -> 25.796239 | L12: 0 | M12: 0 | N12: 0 | O12: 0 | P12: 0 | Q12: 0 | R12: 0 | S12: 0 | T12: 0 | U12: 5.246 | V12: 0 | W12: 0 | X12: 0 | Y12: 10.248 | Z12: 21.996 | AA12: 63.9 | AB12: 44.372 | AC12: 55.539 | AD12: 55.079 | AE12: 25.824 | AF12: 22.106 | AG12: 25.133 | AH12: =WC!AH17*WC!AH28 -> 26.020098 | AI12: =WC!AI17*WC!AI28 -> 24.967381 | AJ12: =WC!AJ17*WC!AJ28 -> 24.87503 | AK12: =WC!AK17*WC!AK28 -> 25.401682 | AL12: =WC!AL17*WC!AL28 -> 26.448506 | AM12: =WC!AM17*WC!AM28 -> 25.378363 | AN12: =WC!AN17*WC!AN28 -> 25.281123 | AO12: =WC!AO17*WC!AO28 -> 25.817947 | ... AQ12: =WC!AQ17*WC!AQ28 -> 25.796239
B13: Prepaid Expenses | C13: =O13 -> 2.169 | D13: =S13 -> 1.446 | E13: =W13 -> 2.725 | F13: =AA13 -> 5.232 | G13: =AE13 -> 4.281 | H13: =AI13 -> 4.9934763 | I13: =AM13 -> 5.0756726 | J13: =AQ13 -> 5.1592478 | L13: 3.686 | M13: 3.321 | N13: 2.647 | O13: 2.169 | P13: 4.608 | Q13: 3.435 | R13: 2.1364123 | S13: 1.446 | T13: 3.901 | U13: 3.253 | V13: 3.066 | W13: 2.725 | X13: 4.189 | Y13: 5.654 | Z13: 4.91 | AA13: 5.232 | AB13: 6.127 | AC13: 5.834 | AD13: 4.117 | AE13: 4.281 | AF13: 6.23 | AG13: 5.599 | AH13: =WC!AH18*WC!AH28 -> 5.2040196 | AI13: =WC!AI18*WC!AI28 -> 4.9934763 | AJ13: =WC!AJ18*WC!AJ28 -> 4.975006 | AK13: =WC!AK18*WC!AK28 -> 5.0803365 | AL13: =WC!AL18*WC!AL28 -> 5.2897013 | AM13: =WC!AM18*WC!AM28 -> 5.0756726 | AN13: =WC!AN18*WC!AN28 -> 5.0562246 | AO13: =WC!AO18*WC!AO28 -> 5.1635895 | ... AQ13: =WC!AQ18*WC!AQ28 -> 5.1592478
B14: Assets Held For Sale & Other | C14: =O14 -> 0 | D14: =S14 -> 0 | E14: =W14 -> 0 | F14: =AA14 -> 0 | G14: =AE14 -> 3.024 | H14: =AI14 -> 5.2 | I14: =AM14 -> 5.2 | J14: =AQ14 -> 5.2 | L14: 0 | M14: 0 | N14: 0 | O14: 0 | P14: 0 | Q14: 4.502 | R14: 0 | S14: 0 | T14: 0 | U14: 0 | V14: 0 | W14: 0 | X14: 0 | Y14: 0 | Z14: 128.855 | AA14: 0 | AB14: 3.36 | AC14: 5.697 | AD14: 4.431 | AE14: 3.024 | AF14: 5.153 | AG14: 5.221 | AH14: 5.2 | AI14: =AH14 -> 5.2 | AJ14: =AI14 -> 5.2 | AK14: =AJ14 -> 5.2 | AL14: =AK14 -> 5.2 | AM14: =AL14 -> 5.2 | AN14: =AM14 -> 5.2 | AO14: =AN14 -> 5.2 | AP14: =AO14 -> 5.2 | AQ14: =AP14 -> 5.2
B15: Total Current Assets | C15: =SUM(C7:C14) -> 76.924 | D15: =SUM(D7:D14) -> 119.605 | E15: =SUM(E7:E14) -> 103.647 | F15: =SUM(F7:F14) -> 147.68 | G15: =SUM(G7:G14) -> 118.297 | H15: =SUM(H7:H14) -> 115.00554 | I15: =SUM(I7:I14) -> 117.06396 | J15: =SUM(J7:J14) -> 117.96784 | L15: 86.558 | M15: 82.397 | N15: 83.679 | O15: 76.924 | P15: 75.095 | Q15: 87.528 | R15: 101.86544 | S15: 119.605 | T15: 119.16 | U15: 111.977 | V15: 114.048 | W15: 103.647 | X15: 71.819 | Y15: 98.719 | Z15: 260.255 | AA15: 147.68 | AB15: 129.863 | AC15: 144.579 | AD15: 147.715 | AE15: 118.297 | AF15: 108.071 | AG15: =SUM(AG8:AG14) -> 116.89 | AH15: =SUM(AH8:AH14) -> 119.4414 | AI15: =SUM(AI8:AI14) -> 115.00554 | AJ15: =SUM(AJ8:AJ14) -> 114.38532 | AK15: =SUM(AK8:AK14) -> 116.84297 | AL15: =SUM(AL8:AL14) -> 121.58615 | AM15: =SUM(AM8:AM14) -> 117.06396 | AN15: =SUM(AN8:AN14) -> 115.25685 | ... AQ15: =SUM(AQ8:AQ14) -> 117.96784
B16: Net PP&E | C16: =O16 -> 961.974 | D16: =S16 -> 900.878 | E16: =W16 -> 883.295 | F16: =AA16 -> 788.386 | G16: =AE16 -> 875.458 | H16: =AI16 -> 849.91997 | I16: =AM16 -> 862.31806 | J16: =AQ16 -> 873.30594 | L16: 997.856 | M16: 990.19 | N16: 980.321 | O16: 961.974 | P16: 949.768 | Q16: 927.57 | R16: 918.993 | S16: 900.878 | T16: 889.667 | U16: 872.218 | V16: 882.179 | W16: 883.295 | X16: 876.958 | Y16: 909.752 | Z16: 762.092 | AA16: 788.386 | AB16: 820.34 | AC16: 856.017 | AD16: 866.12 | AE16: 875.458 | AF16: 868.972 | AG16: 871.126 | AH16: =AG16-CF!AH16-CF!AH9 -> 860.09953 | AI16: =AH16-CF!AI16-CF!AI9 -> 849.91997 | AJ16: =AI16-CF!AJ16-CF!AJ9 -> 853.46155 | AK16: =AJ16-CF!AK16-CF!AK9 -> 856.63277 | AL16: =AK16-CF!AL16-CF!AL9 -> 859.02051 | AM16: =AL16-CF!AM16-CF!AM9 -> 862.31806 | AN16: =AM16-CF!AN16-CF!AN9 -> 865.51579 | AO16: =AN16-CF!AO16-CF!AO9 -> 868.33608 | ... AQ16: =AP16-CF!AQ16-CF!AQ9 -> 873.30594
B17: Goodwill & Intangibles | C17: =O17 -> 43.084 | D17: =S17 -> 33.141 | E17: =W17 -> 38.958 | F17: =AA17 -> 23.061 | G17: =AE17 -> 22.904 | H17: =AI17 -> 19.49 | I17: =AM17 -> 19.49 | J17: =AQ17 -> 19.49 | L17: 43.699 | M17: 43.494 | N17: 43.288 | O17: 43.084 | P17: 42.878 | Q17: 42.674 | R17: 42.474 | S17: 33.141 | T17: 31.951 | U17: 36.287 | V17: 36.994 | W17: 38.958 | X17: 41.239 | Y17: 59.476 | Z17: 62.353 | AA17: 23.061 | AB17: 23.021 | AC17: 22.982 | AD17: 19.634 | AE17: 22.904 | AF17: 22.865 | AG17: 22.826 | AH17: 19.49 | AI17: =AH17 -> 19.49 | AJ17: =AI17 -> 19.49 | AK17: =AJ17 -> 19.49 | AL17: =AK17 -> 19.49 | AM17: =AL17 -> 19.49 | AN17: =AM17 -> 19.49 | AO17: =AN17 -> 19.49 | AP17: =AO17 -> 19.49 | AQ17: =AP17 -> 19.49
B18: Other Assets | C18: =O18 -> 27.175 | D18: =S18 -> 40.697 | E18: =W18 -> 39.877 | F18: =AA18 -> 60.868 | G18: =AE18 -> 51.657 | H18: =AI18 -> 55.2 | I18: =AM18 -> 55.2 | J18: =AQ18 -> 55.2 | L18: 23.525 | M18: 26.492 | N18: 27.031 | O18: 27.175 | P18: 27.209 | Q18: 29.233 | R18: 29.211892 | S18: 40.697 | T18: 40.492 | U18: 40.287 | V18: 40.082 | W18: 39.877 | X18: 36.57 | Y18: 43.543 | Z18: 0 | AA18: 60.868 | AB18: 50.3 | AC18: 52.187 | AD18: 59.081 | AE18: 51.657 | AF18: 54.549 | AG18: 55.184 | AH18: 55.2 | AI18: =AH18 -> 55.2 | AJ18: =AI18 -> 55.2 | AK18: =AJ18 -> 55.2 | AL18: =AK18 -> 55.2 | AM18: =AL18 -> 55.2 | AN18: =AM18 -> 55.2 | AO18: =AN18 -> 55.2 | AP18: =AO18 -> 55.2 | AQ18: =AP18 -> 55.2
B19: Total Assets | C19: =SUM(C15:C18) -> 1109.157 | D19: =SUM(D15:D18) -> 1094.321 | E19: =SUM(E15:E18) -> 1065.777 | F19: =SUM(F15:F18) -> 1019.995 | G19: =SUM(G15:G18) -> 1068.316 | H19: =SUM(H15:H18) -> 1039.6155 | I19: =SUM(I15:I18) -> 1054.072 | J19: =SUM(J15:J18) -> 1065.9638 | L19: 1151.638 | M19: 1142.573 | N19: 1134.319 | O19: 1109.157 | P19: 1094.95 | Q19: 1087.005 | R19: 1092.5443 | S19: 1094.321 | T19: 1081.27 | U19: 1060.769 | V19: 1073.303 | W19: 1065.777 | X19: 1026.586 | Y19: 1111.49 | Z19: 1084.7 | AA19: 1019.995 | AB19: 1023.524 | AC19: 1075.765 | AD19: 1092.55 | AE19: 1068.316 | AF19: 1054.457 | AG19: =SUM(AG16:AG18)+AG15 -> 1066.026 | AH19: =SUM(AH16:AH18)+AH15 -> 1054.2309 | AI19: =SUM(AI16:AI18)+AI15 -> 1039.6155 | AJ19: =SUM(AJ16:AJ18)+AJ15 -> 1042.5369 | AK19: =SUM(AK16:AK18)+AK15 -> 1048.1657 | AL19: =SUM(AL16:AL18)+AL15 -> 1055.2967 | AM19: =SUM(AM16:AM18)+AM15 -> 1054.072 | AN19: =SUM(AN16:AN18)+AN15 -> 1055.4626 | ... AQ19: =SUM(AQ16:AQ18)+AQ15 -> 1065.9638
B20: Liabilities
B21: Line of Credit | C21: =O21 -> 14 | D21: =S21 -> 0 | E21: =W21 -> 0 | F21: =AA21 -> 201.433 | G21: =AE21 -> 458.898 | H21: =AI21 -> 0 | I21: =AM21 -> 0 | J21: =AQ21 -> 0 | L21: 67 | M21: 64 | N21: 24.754 | O21: 14 | P21: 32 | Q21: 23 | R21: 23 | S21: 0 | T21: 0 | U21: 0 | V21: 0 | W21: 0 | X21: 28.844 | Y21: 99.759 | Z21: 189.031 | AA21: 201.433 | AB21: 214.677 | AC21: 318.227 | AD21: 372.829 | AE21: 458.898 | AF21: 458.836 | AG21: 0 | AH21: 0 | AI21: =AH21 -> 0 | AJ21: =AI21 -> 0 | AK21: =AJ21 -> 0 | AL21: =AK21 -> 0 | AM21: =AL21 -> 0 | AN21: =AM21 -> 0 | AO21: =AN21 -> 0 | AP21: =AO21 -> 0 | AQ21: =AP21 -> 0
B22: Current Maturities of LT Debt | C22: =O22 -> 26.905 | D22: =S22 -> 13.571 | E22: =W22 -> 38.571 | F22: =AA22 -> 0 | G22: =AE22 -> 0 | H22: =AI22 -> 0.4 | I22: =AM22 -> 0.4 | J22: =AQ22 -> 0.4 | L22: 26.904 | M22: 26.905 | N22: 26.905 | O22: 26.905 | P22: 13.571 | Q22: 13.571 | R22: 13.571 | S22: 13.571 | T22: 38.571 | U22: 38.571 | V22: 38.571 | W22: 38.571 | X22: 48.571 | Y22: 48.571 | Z22: 49.042 | AA22: 0 | AB22: 0 | AC22: 0 | AD22: 0 | AE22: 0 | AF22: 0.369 | AG22: 0.369 | AH22: 0.4 | AI22: =AH22 -> 0.4 | AJ22: =AI22 -> 0.4 | AK22: =AJ22 -> 0.4 | AL22: =AK22 -> 0.4 | AM22: =AL22 -> 0.4 | AN22: =AM22 -> 0.4 | AO22: =AN22 -> 0.4 | AP22: =AO22 -> 0.4 | AQ22: =AP22 -> 0.4
B23: Accounts Payable | C23: =O23 -> 29.322 | D23: =S23 -> 30.418 | E23: =W23 -> 26.085 | F23: =AA23 -> 23.058 | G23: =AE23 -> 29.064 | H23: =AI23 -> 27.238161 | I23: =AM23 -> 28.053086 | J23: =AQ23 -> 27.573705 | L23: 24.118 | M23: 25.652 | N23: 42.725 | O23: 29.322 | P23: 31.95 | Q23: 33.383 | R23: 33.284979 | S23: 30.418 | T23: 29.32 | U23: 33.969 | V23: 33.128 | W23: 26.085 | X23: 19.459 | Y23: 23.984 | Z23: 19.328 | AA23: 23.058 | AB23: 23.314 | AC23: 21.865 | AD23: 22.567 | AE23: 29.064 | AF23: 28.64 | AG23: 32.901 | AH23: =WC!AH11 -> 28.405185 | AI23: =WC!AI11 -> 27.238161 | AJ23: =WC!AJ11 -> 26.881595 | AK23: =WC!AK11 -> 27.727766 | AL23: =WC!AL11 -> 29.253619 | AM23: =WC!AM11 -> 28.053086 | AN23: =WC!AN11 -> 26.408191 | AO23: =WC!AO11 -> 27.245929 | ... AQ23: =WC!AQ11 -> 27.573705
B24: Federal/State Income Taxes | C24: =O24 -> 8.708 | D24: =S24 -> 10.793 | E24: =W24 -> 12.469 | F24: =AA24 -> 0 | G24: =AE24 -> 0 | H24: =AI24 -> 0 | I24: =AM24 -> 0 | J24: =AQ24 -> 0 | L24: 11.759 | M24: 7.313 | N24: 3.187 | O24: 8.708 | P24: 7.642 | Q24: 0 | R24: 0 | S24: 10.793 | T24: 4.838 | U24: 0 | V24: 4.063 | W24: 12.469 | X24: 8.481 | Y24: 0 | Z24: 0 | AA24: 0 | AB24: 0 | AC24: 0 | AD24: 0 | AE24: 0 | AF24: 0 | AG24: 0 | AH24: 0 | AI24: =AH24 -> 0 | AJ24: =AI24 -> 0 | AK24: =AJ24 -> 0 | AL24: =AK24 -> 0 | AM24: =AL24 -> 0 | AN24: =AM24 -> 0 | AO24: =AN24 -> 0 | AP24: =AO24 -> 0 | AQ24: =AP24 -> 0
B25: Accrued nonincome taxes | C25: =O25 -> 0 | D25: =S25 -> 20.519 | E25: =W25 -> 21.251 | F25: =AA25 -> 16.346 | G25: =AE25 -> 17.843 | H25: =AI25 -> 19.973905 | I25: =AM25 -> 20.302691 | J25: =AQ25 -> 20.636991 | L25: 0 | M25: 0 | N25: 0 | O25: 0 | P25: 0 | Q25: 0 | R25: 0 | S25: 20.519 | T25: 19.072 | U25: 20.191 | V25: 21.109 | W25: 21.251 | X25: 23.936 | Y25: 24.281 | Z25: 16.641 | AA25: 16.346 | AB25: 17.904 | AC25: 20.106 | AD25: 16.668 | AE25: 17.843 | AF25: 17.438 | AG25: 15.111 | AH25: =WC!AH19*WC!AH$28 -> 20.816078 | AI25: =WC!AI19*WC!AI28 -> 19.973905 | AJ25: =WC!AJ19*WC!AJ28 -> 19.900024 | AK25: =WC!AK19*WC!AK28 -> 20.321346 | AL25: =WC!AL19*WC!AL28 -> 21.158805 | AM25: =WC!AM19*WC!AM28 -> 20.302691 | AN25: =WC!AN19*WC!AN28 -> 20.224898 | AO25: =WC!AO19*WC!AO28 -> 20.654358 | AP25: =WC!AP19*WC!AP28 -> 21.507282 | AQ25: =WC!AQ19*WC!AQ28 -> 20.636991
B26: Accrued Wages and Related Liabilities | C26: =O26 -> 39.545 | D26: =S26 -> 36.024 | E26: =W26 -> 33.505 | F26: =AA26 -> 30.219 | G26: =AE26 -> 27.415 | H26: =AI26 -> 23.302889 | I26: =AM26 -> 23.686472 | J26: =AQ26 -> 24.07649 | L26: 21.818 | M26: 23.89 | N26: 28.556 | O26: 39.545 | P26: 27.447 | Q26: 32.701 | R26: 32.677388 | S26: 36.024 | T26: 29.309 | U26: 28.795 | V26: 32.829 | W26: 33.505 | X26: 24.589 | Y26: 26.122 | Z26: 24.804 | AA26: 30.219 | AB26: 23.195 | AC26: 27.729 | AD26: 24.803 | AE26: 27.415 | AF26: 25.653 | AG26: 19.974 | AH26: =WC!AH20*WC!AH$28 -> 24.285425 | AI26: =WC!AI20*WC!AI$28 -> 23.302889 | AJ26: =WC!AJ20*WC!AJ$28 -> 23.216695 | AK26: =WC!AK20*WC!AK$28 -> 23.708237 | AL26: =WC!AL20*WC!AL$28 -> 24.685273 | AM26: =WC!AM20*WC!AM$28 -> 23.686472 | AN26: =WC!AN20*WC!AN$28 -> 23.595715 | AO26: =WC!AO20*WC!AO$28 -> 24.096751 | ... AQ26: =WC!AQ20*WC!AQ$28 -> 24.07649
B27: Self Insurance | C27: =O27 -> 24.165 | D27: =S27 -> 26.058 | E27: =W27 -> 26.079 | F27: =AA27 -> 21.072 | G27: =AE27 -> 19.874 | H27: =AI27 -> 19.973905 | I27: =AM27 -> 20.302691 | J27: =AQ27 -> 20.636991 | L27: 23.479 | M27: 24.552 | N27: 25.841 | O27: 24.165 | P27: 24.28 | Q27: 24.629 | R27: 0 | S27: 26.058 | T27: 27.088 | U27: 27.202 | V27: 26.963 | W27: 26.079 | X27: 26.44 | Y27: 25.383 | Z27: 20.879 | AA27: 21.072 | AB27: 21.657 | AC27: 21.506 | AD27: 22.256 | AE27: 19.874 | AF27: 19.367 | AG27: 20.619 | AH27: =WC!AH21*WC!AH$28 -> 20.816078 | AI27: =WC!AI21*WC!AI$28 -> 19.973905 | AJ27: =WC!AJ21*WC!AJ$28 -> 19.900024 | AK27: =WC!AK21*WC!AK$28 -> 20.321346 | AL27: =WC!AL21*WC!AL$28 -> 21.158805 | AM27: =WC!AM21*WC!AM$28 -> 20.302691 | AN27: =WC!AN21*WC!AN$28 -> 20.224898 | AO27: =WC!AO21*WC!AO$28 -> 20.654358 | ... AQ27: =WC!AQ21*WC!AQ$28 -> 20.636991
B28: Deferred Revenue | C28: =O28 -> 0 | D28: =S28 -> 0 | E28: =W28 -> 21.453 | F28: =AA28 -> 12.915 | G28: =AE28 -> 12.967 | H28: =AI28 -> 11.318546 | I28: =AM28 -> 11.504858 | J28: =AQ28 -> 11.694295 | L28: 0 | M28: 0 | N28: 0 | O28: 0 | P28: 0 | Q28: 0 | R28: 0 | S28: 0 | T28: 14.186 | U28: 13.006 | V28: 21.1 | W28: 21.453 | X28: 14.224 | Y28: 13.435 | Z28: 17.726 | AA28: 12.915 | AB28: 11.802 | AC28: 11.024 | AD28: 17.167 | AE28: 12.967 | AF28: 11.736 | AG28: 11.192 | AH28: =WC!AH22*WC!AH$28 -> 11.795778 | AI28: =WC!AI22*WC!AI$28 -> 11.318546 | AJ28: =WC!AJ22*WC!AJ$28 -> 11.27668 | AK28: =WC!AK22*WC!AK$28 -> 11.515429 | AL28: =WC!AL22*WC!AL$28 -> 11.98999 | AM28: =WC!AM22*WC!AM$28 -> 11.504858 | AN28: =WC!AN22*WC!AN$28 -> 11.460776 | AO28: =WC!AO22*WC!AO$28 -> 11.704136 | ... AQ28: =WC!AQ22*WC!AQ$28 -> 11.694295
B29: Other Accrued Expenses | C29: =O29 -> 50.811 | D29: =S29 -> 33.729 | E29: =W29 -> 15.476 | F29: =AA29 -> 35.841 | G29: =AE29 -> 35.779 | H29: =AI29 -> 30.959553 | I29: =AM29 -> 31.46917 | J29: =AQ29 -> 31.987336 | L29: 56.169 | M29: 61.287 | N29: 67.017 | O29: 50.811 | P29: 51.159 | Q29: 54.689 | R29: 79.260728 | S29: 33.729 | T29: 16.708 | U29: 18.37 | V29: 19.424 | W29: 15.476 | X29: 25.308 | Y29: 34.549 | Z29: 35.25 | AA29: 35.841 | AB29: 40.082 | AC29: 38.868 | AD29: 35.525 | AE29: 35.779 | AF29: 29.991 | AG29: =31.055+8.43 -> 39.485 | AH29: =WC!AH23*WC!AH$28 -> 32.264922 | AI29: =WC!AI23*WC!AI$28 -> 30.959553 | AJ29: =WC!AJ23*WC!AJ$28 -> 30.845037 | AK29: =WC!AK23*WC!AK$28 -> 31.498086 | AL29: =WC!AL23*WC!AL$28 -> 32.796148 | AM29: =WC!AM23*WC!AM$28 -> 31.46917 | AN29: =WC!AN23*WC!AN$28 -> 31.348593 | AO29: =WC!AO23*WC!AO$28 -> 32.014255 | ... AQ29: =WC!AQ23*WC!AQ$28 -> 31.987336
B30: Total Current Liabilities | C30: =SUM(C21:C29) -> 193.456 | D30: =SUM(D21:D29) -> 171.112 | E30: =SUM(E21:E29) -> 194.889 | F30: =SUM(F21:F29) -> 340.884 | G30: =SUM(G21:G29) -> 601.84 | H30: =SUM(H21:H29) -> 133.16696 | I30: =SUM(I21:I29) -> 135.71897 | J30: =SUM(J21:J29) -> 137.00581 | L30: 231.247 | M30: 233.599 | N30: 218.985 | O30: 193.456 | P30: 188.049 | Q30: 181.973 | R30: 181.7941 | S30: 171.112 | T30: 179.092 | U30: 180.104 | V30: 197.187 | W30: 194.889 | X30: 219.852 | Y30: 296.084 | Z30: 372.701 | AA30: 340.884 | AB30: 352.631 | AC30: 459.325 | AD30: 511.815 | AE30: 601.84 | AF30: 592.03 | AG30: =SUM(AG21:AG29) -> 139.651 | AH30: =SUM(AH21:AH29) -> 138.78347 | AI30: =SUM(AI21:AI29) -> 133.16696 | AJ30: =SUM(AJ21:AJ29) -> 132.42005 | AK30: =SUM(AK21:AK29) -> 135.49221 | AL30: =SUM(AL21:AL29) -> 141.44264 | AM30: =SUM(AM21:AM29) -> 135.71897 | AN30: =SUM(AN21:AN29) -> 133.66307 | ... AQ30: =SUM(AQ21:AQ29) -> 137.00581
B31: Long-Term Debt | C31: =O31 -> 149.287 | D31: =S31 -> 135.716 | E31: =W31 -> 97.145 | F31: =AA31 -> 0.816 | G31: =AE31 -> 0.835 | H31: =AI31 -> 464.17899 | I31: =AM31 -> 483.16743 | J31: =AQ31 -> 487.20974 | L31: 176.192 | M31: 149.287 | N31: 149.287 | O31: 149.287 | P31: 135.716 | Q31: 135.716 | R31: 135.716 | S31: 135.716 | T31: 97.145 | U31: 97.145 | V31: 97.145 | W31: 97.145 | X31: 48.574 | Y31: 49.38 | Z31: 0.811 | AA31: 0.816 | AB31: 0.821 | AC31: 0.826 | AD31: 0.831 | AE31: 0.835 | AF31: 3.7 | AG31: 468.344 | AH31: =Debt!I19 -> 471.79648 | AI31: =Debt!J19 -> 464.17899 | AJ31: =Debt!K19 -> 470.61066 | AK31: =Debt!L19 -> 473.95073 | AL31: =Debt!M19 -> 473.88702 | AM31: =Debt!N19 -> 483.16743 | AN31: =Debt!O19 -> 486.15147 | AO31: =Debt!P19 -> 485.73779 | ... AQ31: =Debt!R19 -> 487.20974
B32: Deferred Compensation | C32: =O32 -> 26.396 | D32: =S32 -> 29.685 | E32: =W32 -> 30.688 | F32: =AA32 -> 32.14 | G32: =AE32 -> 35.731 | H32: =AI32 -> 30.959553 | I32: =AM32 -> 31.46917 | J32: =AQ32 -> 31.987336 | L32: 22.235 | M32: 24.429 | N32: 24.628 | O32: 26.396 | P32: 26.013 | Q32: 28.156 | R32: 28.156 | S32: 29.685 | T32: 30.63 | U32: 27.877 | V32: 28.444 | W32: 30.688 | X32: 30.59 | Y32: 31.491 | Z32: 28.316 | AA32: 32.14 | AB32: 36.302 | AC32: 35.883 | AD32: 36.133 | AE32: 35.731 | AF32: 40.737 | AG32: 39.727 | AH32: =WC!AH24*WC!AH$28 -> 32.264922 | AI32: =WC!AI24*WC!AI$28 -> 30.959553 | AJ32: =WC!AJ24*WC!AJ$28 -> 30.845037 | AK32: =WC!AK24*WC!AK$28 -> 31.498086 | AL32: =WC!AL24*WC!AL$28 -> 32.796148 | AM32: =WC!AM24*WC!AM$28 -> 31.46917 | AN32: =WC!AN24*WC!AN$28 -> 31.348593 | AO32: =WC!AO24*WC!AO$28 -> 32.014255 | ... AQ32: =WC!AQ24*WC!AQ$28 -> 31.987336
B33: Deferred Income Taxes | C33: =O33 -> 67.538 | D33: =S33 -> 56.777 | E33: =W33 -> 51.739 | F33: =AA33 -> 38.601 | G33: =AE33 -> 32.829 | H33: =AI33 -> 25.30028 | I33: =AM33 -> 25.716741 | J33: =AQ33 -> 26.140189 | L33: 70.85 | M33: 70.817 | N33: 78.126 | O33: 67.538 | P33: 67.447 | Q33: 67.447 | R33: 67.784235 | S33: 56.777 | T33: 56.777 | U33: 56.777 | V33: 56.777 | W33: 51.739 | X33: 51.739 | Y33: 51.739 | Z33: 90.784 | AA33: 38.601 | AB33: 41.873 | AC33: 38.601 | AD33: 42.157 | AE33: 32.829 | AF33: 32.829 | AG33: 32.829 | AH33: =WC!AH25*WC!AH$28 -> 26.367033 | AI33: =WC!AI25*WC!AI$28 -> 25.30028 | AJ33: =WC!AJ25*WC!AJ$28 -> 25.206697 | AK33: =WC!AK25*WC!AK$28 -> 25.740372 | AL33: =WC!AL25*WC!AL$28 -> 26.801153 | AM33: =WC!AM25*WC!AM$28 -> 25.716741 | AN33: =WC!AN25*WC!AN$28 -> 25.618205 | AO33: =WC!AO25*WC!AO$28 -> 26.162187 | ... AQ33: =WC!AQ25*WC!AQ$28 -> 26.140189
B34: Deferred Rent | C34: =O34 -> 24.273 | D34: =S34 -> 24.478 | E34: =W34 -> 25.097 | F34: =AA34 -> 6.391 | G34: =AE34 -> 6.534 | H34: =AI34 -> 4.9934763 | I34: =AM34 -> 5.0756726 | J34: =AQ34 -> 5.1592478 | L34: 23.871 | M34: 24.07 | N34: 24.19 | O34: 24.273 | P34: 24.34 | Q34: 24.406 | R34: 24.906 | S34: 24.478 | T34: 24.47 | U34: 24.461 | V34: 24.459 | W34: 25.097 | X34: 25.373 | Y34: 26.732 | Z34: 6.179 | AA34: 6.391 | AB34: 6.331 | AC34: 6.456 | AD34: 6.318 | AE34: 6.534 | AF34: 6.522 | AG34: 6.56 | AH34: =WC!AH26*WC!AH$28 -> 5.2040196 | AI34: =WC!AI26*WC!AI$28 -> 4.9934763 | AJ34: =WC!AJ26*WC!AJ$28 -> 4.975006 | AK34: =WC!AK26*WC!AK$28 -> 5.0803365 | AL34: =WC!AL26*WC!AL$28 -> 5.2897013 | AM34: =WC!AM26*WC!AM$28 -> 5.0756726 | AN34: =WC!AN26*WC!AN$28 -> 5.0562246 | AO34: =WC!AO26*WC!AO$28 -> 5.1635895 | ... AQ34: =WC!AQ26*WC!AQ$28 -> 5.1592478
B35: Other | C35: =O35 -> 10.05 | D35: =S35 -> 12.443 | E35: =W35 -> 9.633 | F35: =AA35 -> 9.443 | G35: =AE35 -> 4.959 | H35: =AI35 -> 3.6618826 | I35: =AM35 -> 3.7221599 | J35: =AQ35 -> 3.7834484 | L35: 12.503 | M35: 12.945 | N35: 13.367 | O35: 10.05 | P35: 10.318 | Q35: 10.585 | R35: 0 | S35: 12.443 | T35: 12.446 | U35: 12.748 | V35: 11.019 | W35: 9.633 | X35: 11.498 | Y35: 11.649 | Z35: 10.85 | AA35: 9.443 | AB35: 9.825 | AC35: 9.515 | AD35: 9.604 | AE35: 4.959 | AF35: 4.856 | AG35: 4.895 | AH35: =WC!AH27*WC!AH$28 -> 3.816281 | AI35: =WC!AI27*WC!AI$28 -> 3.6618826 | AJ35: =WC!AJ27*WC!AJ$28 -> 3.6483377 | AK35: =WC!AK27*WC!AK$28 -> 3.7255801 | AL35: =WC!AL27*WC!AL$28 -> 3.8791143 | AM35: =WC!AM27*WC!AM$28 -> 3.7221599 | AN35: =WC!AN27*WC!AN$28 -> 3.707898 | AO35: =WC!AO27*WC!AO$28 -> 3.7866323 | ... AQ35: =WC!AQ27*WC!AQ$28 -> 3.7834484
B36: Total Liabilities | C36: =SUM(C31:C35)+C30 -> 471 | D36: =SUM(D31:D35)+D30 -> 430.211 | E36: =SUM(E31:E35)+E30 -> 409.191 | F36: =SUM(F31:F35)+F30 -> 428.275 | G36: =SUM(G31:G35)+G30 -> 682.728 | H36: =SUM(H31:H35)+H30 -> 662.26114 | I36: =SUM(I31:I35)+I30 -> 684.87014 | J36: =SUM(J31:J35)+J30 -> 691.28577 | L36: =SUM(L31:L35)+L30 -> 536.898 | M36: =SUM(M31:M35)+M30 -> 515.147 | N36: =SUM(N31:N35)+N30 -> 508.583 | O36: =SUM(O31:O35)+O30 -> 471 | P36: =SUM(P31:P35)+P30 -> 451.883 | Q36: =SUM(Q31:Q35)+Q30 -> 448.283 | R36: =SUM(R31:R35)+R30 -> 438.35633 | S36: =SUM(S31:S35)+S30 -> 430.211 | ... AQ36: =SUM(AQ31:AQ35)+AQ30 -> 691.28577
B37: Stockholders' Equity | C37: =O37 -> 638.157 | D37: =S37 -> 664.11 | E37: =W37 -> 656.586 | F37: =AA37 -> 591.72 | G37: =AE37 -> 385.588 | H37: =AI37 -> 377.35737 | I37: =AM37 -> 369.20487 | J37: =AQ37 -> 374.68101 | L37: 614.74 | M37: 627.426 | N37: 625.736 | O37: 638.157 | P37: 643.067 | Q37: 638.722 | R37: 654.188 | S37: 664.11 | T37: 680.71 | U37: 661.657 | V37: 658.272 | W37: 656.586 | X37: 638.96 | Y37: 644.415 | Z37: 575.059 | AA37: 591.72 | AB37: 575.741 | AC37: 524.979 | AD37: 485.692 | AE37: 385.588 | AF37: 374.079 | AG37: 374.035 | AH37: =Equity!I11 -> 376.00173 | AI37: =Equity!J11 -> 377.35737 | AJ37: =Equity!K11 -> 374.83407 | AK37: =Equity!L11 -> 372.68142 | AL37: =Equity!M11 -> 371.20388 | AM37: =Equity!N11 -> 369.20487 | AN37: =Equity!O11 -> 369.92018 | AO37: =Equity!P11 -> 371.13429 | ... AQ37: =Equity!R11 -> 374.68101
B38: Total Liabilities & Stockholders' Equity | C38: =C37+(SUM(C31:C35)+C30) -> 1109.157 | D38: =D37+(SUM(D31:D35)+D30) -> 1094.321 | E38: =E37+(SUM(E31:E35)+E30) -> 1065.777 | F38: =F37+(SUM(F31:F35)+F30) -> 1019.995 | G38: =G37+(SUM(G31:G35)+G30) -> 1068.316 | H38: =H37+(SUM(H31:H35)+H30) -> 1039.6185 | I38: =I37+(SUM(I31:I35)+I30) -> 1054.075 | J38: =J37+(SUM(J31:J35)+J30) -> 1065.9668 | L38: =L37+L36 -> 1151.638 | M38: =M37+M36 -> 1142.573 | N38: =N37+N36 -> 1134.319 | O38: =O37+O36 -> 1109.157 | P38: =P37+P36 -> 1094.95 | Q38: =Q37+Q36 -> 1087.005 | R38: =R37+R36 -> 1092.5443 | S38: =S37+S36 -> 1094.321 | ... AQ38: =AQ37+AQ36 -> 1065.9668
B40: Total Debt | C40: =O40 -> 190.192 | D40: =S40 -> 149.287 | E40: =W40 -> 135.716 | F40: =AA40 -> 202.249 | G40: =AE40 -> 459.733 | H40: =AI40 -> 464.57899 | I40: =AM40 -> 483.56743 | J40: =AQ40 -> 487.60974 | L40: 270.096 | M40: 240.192 | N40: 200.946 | O40: 190.192 | P40: 181.287 | Q40: 172.287 | R40: 172.287 | S40: 149.287 | T40: 135.716 | U40: 135.716 | V40: 135.716 | W40: 135.716 | X40: 125.989 | Y40: 197.71 | Z40: 238.884 | AA40: 202.249 | AB40: 215.498 | AC40: 319.053 | AD40: 373.66 | AE40: 459.733 | AF40: 462.609 | AG40: 468.713 | AH40: =AH31+AH22+AH21 -> 472.19648 | AI40: =AI31+AI22+AI21 -> 464.57899 | AJ40: =AJ31+AJ22+AJ21 -> 471.01066 | AK40: =AK31+AK22+AK21 -> 474.35073 | AL40: =AL31+AL22+AL21 -> 474.28702 | AM40: =AM31+AM22+AM21 -> 483.56743 | AN40: =AN31+AN22+AN21 -> 486.55147 | AO40: =AO31+AO22+AO21 -> 486.13779 | ... AQ40: =AQ31+AQ22+AQ21 -> 487.60974
B41: Net Debt | C41: =O41 -> 172.389 | D41: =S41 -> 91.557 | E41: =W41 -> 99.77 | F41: =AA41 -> 193.239 | G41: =AE41 -> 451.907 | H41: =AI41 -> 459.57899 | I41: =AM41 -> 478.56743 | J41: =AQ41 -> 482.60974 | L41: 248.194 | M41: 228.694 | N41: 181.164 | O41: 172.389 | P41: 169.822 | Q41: 154.835 | R41: 134.71748 | S41: 91.557 | T41: 75.779 | U41: 97.485 | V41: 87.773 | W41: 99.77 | X41: 124.863 | Y41: 192.89 | Z41: 234.451 | AA41: 193.239 | AB41: 209.399 | AC41: 314.119 | AD41: 368.251 | AE41: 451.907 | AF41: 458.984 | AG41: 464.976 | AH41: =AH40-AH8 -> 467.19648 | AI41: =AI40-AI8 -> 459.57899 | AJ41: =AJ40-AJ8 -> 466.01066 | AK41: =AK40-AK8 -> 469.35073 | AL41: =AL40-AL8 -> 469.28702 | AM41: =AM40-AM8 -> 478.56743 | AN41: =AN40-AN8 -> 481.55147 | AO41: =AO40-AO8 -> 481.13779 | ... AQ41: =AQ40-AQ8 -> 482.60974
B42: Total Capitalization | C42: =O42 -> 828.349 | D42: =S42 -> 813.397 | E42: =W42 -> 792.302 | F42: =AA42 -> 793.969 | G42: =AE42 -> 845.321 | H42: =AI42 -> 841.93636 | I42: =AM42 -> 852.77231 | J42: =AQ42 -> 862.29074 | L42: 884.836 | M42: 867.618 | N42: 826.682 | O42: 828.349 | P42: 824.354 | Q42: 811.009 | R42: 826.475 | S42: 813.397 | T42: 816.426 | U42: 797.373 | V42: 793.988 | W42: 792.302 | X42: 764.949 | Y42: 842.125 | Z42: 813.943 | AA42: 793.969 | AB42: 791.239 | AC42: 844.032 | AD42: 859.352 | AE42: 845.321 | AF42: 836.688 | AG42: 842.748 | AH42: =AH40+AH37 -> 848.19821 | AI42: =AI40+AI37 -> 841.93636 | AJ42: =AJ40+AJ37 -> 845.84473 | AK42: =AK40+AK37 -> 847.03215 | AL42: =AL40+AL37 -> 845.49091 | AM42: =AM40+AM37 -> 852.77231 | AN42: =AN40+AN37 -> 856.47165 | AO42: =AO40+AO37 -> 857.27208 | ... AQ42: =AQ40+AQ37 -> 862.29074
B43: Total Debt/Total Capitalization | C43: =O43 -> 0.22960371 | D43: =S43 -> 0.18353522 | E43: =W43 -> 0.17129327 | F43: =AA43 -> 0.25473161 | G43: =AE43 -> 0.54385612 | H43: =AI43 -> 0.55179823 | I43: =AM43 -> 0.5670534 | J43: =AQ43 -> 0.56548182 | L43: =L40/L42 -> 0.30524979 | M43: =M40/M42 -> 0.27684073 | N43: =N40/N42 -> 0.24307533 | O43: =O40/O42 -> 0.22960371 | P43: =P40/P42 -> 0.21991402 | Q43: =Q40/Q42 -> 0.21243537 | R43: =R40/R42 -> 0.20846003 | S43: =S40/S42 -> 0.18353522 | ... AQ43: =AQ40/AQ42 -> 0.56548182
B44: Total Debt/TTM EBITDA | C44: =O44 -> 1 | D44: =S44 -> 0.82193825 | E44: =W44 -> 0.68756301 | F44: =AA44 -> 0.95981277 | G44: =AE44 -> 3.5879871 | H44: =AI44 -> 3.2911242 | I44: =AM44 -> 2.8709143 | J44: =AQ44 -> 2.5397747 | L44: 1 | M44: 1 | N44: 1 | O44: 1 | P44: =P40/SUM(IS!M25:P25) -> 0.95513243 | Q44: =Q40/SUM(IS!N25:Q25) -> 0.91028547 | R44: =R40/SUM(IS!O25:R25) -> 0.93006446 | S44: =S40/SUM(IS!P25:S25) -> 0.82193825 | T44: =T40/SUM(IS!Q25:T25) -> 0.72621615 | U44: =U40/SUM(IS!R25:U25) -> 0.72425129 | V44: =V40/SUM(IS!S25:V25) -> 0.6973814 | W44: =W40/SUM(IS!T25:W25) -> 0.68756301 | ... AQ44: =AQ40/SUM(IS!AN25:AQ25) -> 2.5397747
B45: Working Capital | C45: =(C15-C8)-C30 -> -134.335 | D45: =(D15-D8)-D30 -> -109.237 | E45: =(E15-E8)-E30 -> -127.188 | F45: =(F15-F8)-F30 -> -202.214 | G45: =(G15-G8)-G30 -> -491.369 | H45: =(H15-H8)-H30 -> -23.16142 | I45: =(I15-I8)-I30 -> -23.65501 | J45: =(J15-J8)-J30 -> -24.037973 | L45: =L15-L8-L30 -> -166.591 | M45: =M15-M8-M30 -> -162.7 | N45: =N15-N8-N30 -> -155.088 | O45: =O15-O8-O30 -> -134.335 | P45: =P15-P8-P30 -> -124.419 | Q45: =Q15-Q8-Q30 -> -111.897 | R45: =R15-R8-R30 -> -117.49818 | S45: =S15-S8-S30 -> -109.237 | ... AQ45: =AQ15-AQ8-AQ30 -> -24.037973
B46: Changes in Working Capital | C46: =O46 -> 20.753 | D46: =D45-C45 -> 25.098 | E46: =E45-D45 -> -17.951 | F46: =F45-E45 -> -75.026 | G46: =G45-F45 -> -289.155 | H46: =H45-G45 -> 468.20758 | I46: =I45-H45 -> -0.49358986 | J46: =J45-I45 -> -0.38296287 | L46: 12.56 | M46: 3.891 | N46: =N45-M45 -> 7.612 | O46: =O45-N45 -> 20.753 | P46: =P45-O45 -> 9.916 | Q46: =Q45-P45 -> 12.522 | R46: =R45-Q45 -> -5.6011761 | S46: =S45-R45 -> 8.2611761 | T46: =T45-S45 -> -10.632 | U46: =U45-T45 -> 13.511 | ... AQ46: =AQ45-AP45 -> 1.2177381
B47: EBITDA/Interest Expense | C47: =O47 -> 22.656957 | D47: =S47 -> 23.462506 | E47: =W47 -> 26.860136 | F47: =AA47 -> 54.012042 | G47: =AE47 -> 23.997403 | H47: =AI47 -> 14.851008 | I47: =AM47 -> 14.320842 | J47: =AQ47 -> 16.217284 | L47: =IS!L25/IS!L26 -> 16.205839 | M47: =IS!M25/IS!M26 -> 17.750493 | N47: =IS!N25/IS!N26 -> 19.383513 | O47: =IS!O25/IS!O26 -> 22.656957 | P47: =IS!P25/IS!P26 -> 17.608887 | Q47: =IS!Q25/IS!Q26 -> 20.189201 | R47: =IS!R25/IS!R26 -> 21.280744 | S47: =IS!S25/IS!S26 -> 23.462506 | ... AQ47: =IS!AQ25/IS!AQ26 -> 16.217284
B49: Balance Sheet Check | C49: =C19-C38 -> 0 | D49: =D19-D38 -> 0 | E49: =E19-E38 -> 0 | F49: =F19-F38 -> 0 | G49: =G19-G38 -> 0 | H49: =H19-H38 -> -0.003 | I49: =I19-I38 -> -0.003 | J49: =J19-J38 -> -0.003 | L49: =L19-L38 -> 0 | M49: =M19-M38 -> 0 | N49: =N19-N38 -> 0 | O49: =O19-O38 -> 0 | P49: =P19-P38 -> 0 | Q49: =Q19-Q38 -> 0 | R49: =R19-R38 -> 0 | S49: =S19-S38 -> 0 | ... AQ49: =AQ19-AQ38 -> -0.003

Sheet CF
L1: 40025 | M1: =EOMONTH(L1,3) -> 40117 | N1: =EOMONTH(M1,3) -> 40209 | O1: =EOMONTH(N1,3) -> 40298 | P1: =EOMONTH(O1,3) -> 40390 | Q1: =EOMONTH(P1,3) -> 40482 | R1: =EOMONTH(Q1,3) -> 40574 | S1: =EOMONTH(R1,3) -> 40663 | T1: =EOMONTH(S1,3) -> 40755 | ... AQ1: =EOMONTH(AP1,3) -> 42855
B2: Bob Evans Farms, Inc.
B3: Cash Flow Statement
B4: $000, Except Where Noted
C5: Annual Summary
C6: 2010 | D6: =C6+1 -> 2011 | E6: =D6+1 -> 2012 | F6: =E6+1 -> 2013 | G6: =F6+1 -> 2014 | H6: =G6+1 -> 2015 | I6: =H6+1 -> 2016 | J6: =I6+1 -> 2017 | L6: 2010 | P6: =L6+1 -> 2011 | T6: =P6+1 -> 2012 | X6: =T6+1 -> 2013 | AB6: =X6+1 -> 2014 | AF6: =AB6+1 -> 2015 | AJ6: =AF6+1 -> 2016 | AN6: =AJ6+1 -> 2017
B7: Operating Activities | L7: 1 | M7: =L7+1 -> 2 | N7: =M7+1 -> 3 | O7: =N7+1 -> 4 | P7: 1 | Q7: =P7+1 -> 2 | R7: =Q7+1 -> 3 | S7: =R7+1 -> 4 | T7: 1 | U7: =T7+1 -> 2 | V7: =U7+1 -> 3 | W7: =V7+1 -> 4 | X7: 1 | Y7: =X7+1 -> 2 | Z7: =Y7+1 -> 3 | AA7: =Z7+1 -> 4 | AB7: 1 | AC7: =AB7+1 -> 2 | AD7: =AC7+1 -> 3 | AE7: =AD7+1 -> 4 | AF7: 1 | AG7: =AF7+1 -> 2 | AH7: =AG7+1 -> 3 | AI7: =AH7+1 -> 4 | AJ7: 1 | AK7: =AJ7+1 -> 2 | AL7: =AK7+1 -> 3 | AM7: =AL7+1 -> 4 | AN7: 1 | AO7: =AN7+1 -> 2 | AP7: =AO7+1 -> 3 | AQ7: =AP7+1 -> 4
B8: Net Income | C8: =IS!C29 -> 70.328 | D8: =IS!D29 -> 54.163 | E8: =IS!E29 -> 74.376 | F8: =IS!F29 -> -1.7 | G8: =IS!G29 -> 32.5 | H8: =IS!H29 -> 33.020012 | I8: =IS!I29 -> 43.471762 | J8: =IS!J29 -> 47.265456 | L8: =IS!L29 -> 16.115 | M8: =IS!M29 -> 15.482 | N8: =IS!N29 -> 17.967 | O8: =IS!O29 -> 20.764 | P8: =IS!P29 -> 12.549 | Q8: =IS!Q29 -> 7.79 | R8: =IS!R29 -> 15.466 | S8: =IS!S29 -> 18.358 | ... AQ8: =IS!AQ29 -> 14.834616
B9: Depreciation & Amortization | C9: =IS!C20 -> 83.988 | D9: =IS!D20 -> 82.962 | E9: =IS!E20 -> 82.112 | F9: =IS!F20 -> 66.243 | G9: =IS!G20 -> 79.456 | H9: =IS!H20 -> 80.649031 | I9: =IS!I20 -> 87.601909 | J9: =IS!J20 -> 87.945763 | L9: =IS!L20 -> 20.983 | M9: =IS!M20 -> 20.678 | N9: =IS!N20 -> 21.112 | O9: =IS!O20 -> 21.215 | P9: =IS!P20 -> 20.776 | Q9: =IS!Q20 -> 20.922 | R9: =IS!R20 -> 20.577 | S9: =IS!S20 -> 20.687 | ... AQ9: =IS!AQ20 -> 22.052787
B10: (Increase)/Decrease in Current Assets | C10: =SUM(L10:O10) -> 7.535 | D10: =SUM(P10:S10) -> -2.754 | E10: =SUM(T10:W10) -> -5.826 | F10: =SUM(X10:AA10) -> -70.969 | G10: =SUM(AB10:AE10) -> 28.199 | H10: =SUM(AF10:AI10) -> 0.46546008 | I10: =SUM(AJ10:AM10) -> -2.0584177 | J10: =SUM(AN10:AQ10) -> -0.90387863 | L10: 2 | M10: =SUM(BS!L9:L14)-SUM(BS!M9:M14) -> -6.243 | N10: =SUM(BS!M9:M14)-SUM(BS!N9:N14) -> 7.002 | O10: =SUM(BS!N9:N14)-SUM(BS!O9:O14) -> 4.776 | P10: =SUM(BS!O9:O14)-SUM(BS!P9:P14) -> -4.509 | Q10: =SUM(BS!P9:P14)-SUM(BS!Q9:Q14) -> -6.446 | R10: =SUM(BS!Q9:Q14)-SUM(BS!R9:R14) -> 5.7800804 | S10: =SUM(BS!R9:R14)-SUM(BS!S9:S14) -> 2.4209196 | T10: =SUM(BS!S9:S14)-SUM(BS!T9:T14) -> 2.652 | ... AQ10: =SUM(BS!AP9:AP14)-SUM(BS!AQ9:AQ14) -> 4.5607208
B11: Increase/(Decrease) in Current Liabilities | C11: =SUM(L11:O11) -> 0.65 | D11: =SUM(P11:S11) -> 4.99 | E11: =SUM(T11:W11) -> -1.223 | F11: =SUM(X11:AA11) -> -16.867 | G11: =SUM(AB11:AE11) -> 3.491 | H11: =SUM(AF11:AI11) -> -10.17504 | I11: =SUM(AJ11:AM11) -> 2.5520076 | J11: =SUM(AN11:AQ11) -> 1.2868415 | L11: -14.558 | M11: =+SUM(BS!M23:M29)-SUM(BS!L23:L29) -> 5.351 | N11: =+SUM(BS!N23:N29)-SUM(BS!M23:M29) -> 24.632 | O11: =+SUM(BS!O23:O29)-SUM(BS!N23:N29) -> -14.775 | P11: =+SUM(BS!P23:P29)-SUM(BS!O23:O29) -> -10.073 | Q11: =+SUM(BS!Q23:Q29)-SUM(BS!P23:P29) -> 2.924 | R11: =+SUM(BS!R23:R29)-SUM(BS!Q23:Q29) -> -0.17890426 | S11: =+SUM(BS!S23:S29)-SUM(BS!R23:R29) -> 12.317904 | T11: =+SUM(BS!T23:T29)-SUM(BS!S23:S29) -> -17.02 | ... AQ11: =+SUM(BS!AQ23:AQ29)-SUM(BS!AP23:AP29) -> -5.7784588
B12: (Increase)/Decrease in Other Assets | C12: =SUM(L12:O12) -> -6.65 | D12: =SUM(P12:S12) -> -13.522 | E12: =SUM(T12:W12) -> 0.82 | F12: =SUM(X12:AA12) -> -20.991 | G12: =SUM(AB12:AE12) -> 9.211 | H12: =SUM(AF12:AI12) -> -3.543 | I12: =SUM(AJ12:AM12) -> 0 | J12: =SUM(AN12:AQ12) -> 0 | L12: -3 | M12: =BS!L18-BS!M18 -> -2.967 | N12: =BS!M18-BS!N18 -> -0.539 | O12: =BS!N18-BS!O18 -> -0.144 | P12: =BS!O18-BS!P18 -> -0.034 | Q12: =BS!P18-BS!Q18 -> -2.024 | R12: =BS!Q18-BS!R18 -> 0.021107802 | S12: =BS!R18-BS!S18 -> -11.485108 | T12: =BS!S18-BS!T18 -> 0.205 | ... AQ12: =BS!AP18-BS!AQ18 -> 0
B13: Increase/(Decrease) in Other Liabilities | C13: =SUM(L13:O13) -> 0.798 | D13: =SUM(P13:S13) -> -4.874 | E13: =SUM(T13:W13) -> -6.226 | F13: =SUM(X13:AA13) -> -30.582 | G13: =SUM(AB13:AE13) -> -6.522 | H13: =SUM(AF13:AI13) -> -15.137808 | I13: =SUM(AJ13:AM13) -> 1.0685525 | J13: =SUM(AN13:AQ13) -> 1.0864772 | L13: 2 | M13: =SUM(BS!M32:M35)-SUM(BS!L32:L35) -> 2.802 | N13: =SUM(BS!N32:N35)-SUM(BS!M32:M35) -> 8.05 | O13: =SUM(BS!O32:O35)-SUM(BS!N32:N35) -> -12.054 | P13: =SUM(BS!P32:P35)-SUM(BS!O32:O35) -> -0.139 | Q13: =SUM(BS!Q32:Q35)-SUM(BS!P32:P35) -> 2.476 | R13: =SUM(BS!R32:R35)-SUM(BS!Q32:Q35) -> -9.747765 | S13: =SUM(BS!S32:S35)-SUM(BS!R32:R35) -> 2.536765 | T13: =SUM(BS!T32:T35)-SUM(BS!S32:S35) -> 0.94 | ... AQ13: =SUM(BS!AQ32:AQ35)-SUM(BS!AP32:AP35) -> -2.8284465
B14: Cash Flow From Operations | C14: =C8+C9+(SUM(C10:C13)) -> 156.649 | D14: =D8+D9+(SUM(D10:D13)) -> 120.965 | E14: =E8+E9+(SUM(E10:E13)) -> 144.033 | F14: =F8+F9+(SUM(F10:F13)) -> -74.866 | G14: =G8+G9+(SUM(G10:G13)) -> 146.335 | H14: =SUM(H8:H13) -> 85.278655 | I14: =SUM(I8:I13) -> 132.63581 | J14: =SUM(J8:J13) -> 136.68066 | L14: 23.319 | M14: 35.103 | N14: 78.224 | O14: 19.782 | P14: 18.57 | Q14: 25.642 | R14: 31.917519 | S14: 44.835481 | T14: 24.968 | U14: 17.22 | V14: 65.855 | W14: 35.99 | X14: 18.739 | Y14: 5.171 | Z14: -155.105 | AA14: 56.232 | AB14: 57.454 | AC14: 5.481 | AD14: 19.486 | AE14: 63.918 | AF14: 16.864 | AG14: 21.681 | AH14: =SUM(AH8:AH13) -> 16.78274 | AI14: =SUM(AI8:AI13) -> 29.902915 | AJ14: =SUM(AJ8:AJ13) -> 31.525035 | AK14: =SUM(AK8:AK13) -> 34.582875 | AL14: =SUM(AL8:AL13) -> 37.952893 | AM14: =SUM(AM8:AM13) -> 28.57501 | AN14: =SUM(AN8:AN13) -> 35.527762 | AO14: =SUM(AO8:AO13) -> 38.888738 | ... AQ14: =SUM(AQ8:AQ13) -> 32.841219
B15: Investing Activities
B16: Capital Expenditures | C16: =SUM(L16:O16) -> -51.266 | D16: =SUM(P16:S16) -> -43.987 | E16: =SUM(T16:W16) -> -88.357 | F16: =SUM(X16:AA16) -> -124.346 | G16: =SUM(AB16:AE16) -> -202.275 | H16: =SUM(AF16:AI16) -> -80 | I16: =SUM(AJ16:AM16) -> -100 | J16: =SUM(AN16:AQ16) -> -100 | L16: -16.429 | M16: -14.436 | N16: -10.738 | O16: -9.663 | P16: -9.048 | Q16: -10.698 | R16: -11.705 | S16: -12.536 | T16: -10.09 | U16: -18.88 | V16: -2.481 | W16: -56.906 | X16: -19.022 | Y16: -27.778 | Z16: -23.967 | AA16: -53.579 | AB16: -53.292 | AC16: -64.381 | AD16: -39.602 | AE16: -45 | AF16: -30 | AG16: -30 | AH16: -10 | AI16: =AH16 -> -10 | AJ16: -25 | AK16: =AJ16 -> -25 | AL16: =AK16 -> -25 | AM16: =AL16 -> -25 | AN16: -25 | AO16: =AN16 -> -25 | AP16: =AO16 -> -25 | AQ16: =AP16 -> -25
B17: Fixed Asset Adjustment | C17: =SUM(L17:O17) -> 8.816 | D17: =SUM(P17:S17) -> 32.064 | E17: =SUM(T17:W17) -> 18.011 | F17: =SUM(X17:AA17) -> 168.909 | G17: =SUM(AB17:AE17) -> 35.904 | H17: =SUM(AF17:AI17) -> 24.962 | I17: =SUM(AJ17:AM17) -> 0 | J17: =SUM(AN17:AQ17) -> 0 | L17: 0.487 | M17: 1.629 | N17: -0.299 | O17: 6.999 | P17: 0.684 | Q17: 12.178 | R17: -0.095 | S17: 19.297 | T17: 2.112 | U17: 11.754 | V17: -28.496 | W17: 32.641 | X17: 7.824 | Y17: -39.564 | Z17: 151.727 | AA17: 48.922 | AB17: 4.148 | AC17: 10.462 | AD17: 10.755 | AE17: 10.539 | AF17: 16.552 | AG17: 8.41 | AH17: 0 | AI17: =AH17 -> 0 | AJ17: =AI17 -> 0 | AK17: =AJ17 -> 0 | AL17: =AK17 -> 0 | AM17: =AL17 -> 0 | AN17: =AM17 -> 0 | AO17: =AN17 -> 0 | AP17: =AO17 -> 0 | AQ17: =AP17 -> 0
B18: Cash Flow From Investing | C18: =C14+C16+C17 -> 114.199 | D18: =D14+D16+D17 -> 109.042 | E18: =E14+E16+E17 -> 73.687 | F18: =F14+F16+F17 -> -30.303 | G18: =G14+G16+G17 -> -20.036 | H18: =H14+H16+H17 -> 30.240655 | I18: =I14+I16+I17 -> 32.635813 | J18: =J14+J16+J17 -> 36.680659 | L18: =SUM(L16:L17) -> -15.942 | M18: =SUM(M16:M17) -> -12.807 | N18: =SUM(N16:N17) -> -11.037 | O18: =SUM(O16:O17) -> -2.664 | P18: =SUM(P16:P17) -> -8.364 | Q18: =SUM(Q16:Q17) -> 1.48 | R18: =SUM(R16:R17) -> -11.8 | S18: =SUM(S16:S17) -> 6.761 | ... AQ18: =SUM(AQ16:AQ17) -> -25
B19: Financing Activities
B20: Debt Issuance / (Repayment) | H20: =SUM(AF20:AI20) -> -0.82100896 | I20: =SUM(AJ20:AM20) -> 18.988441 | J20: =SUM(AN20:AQ20) -> 4.0423054 | AH20: =Debt!I17+Debt!I18 -> 6.7964753 | AI20: =Debt!J17+Debt!J18 -> -7.6174842 | AJ20: =Debt!K17+Debt!K18 -> 6.4316737 | AK20: =Debt!L17+Debt!L18 -> 3.3400702 | AL20: =Debt!M17+Debt!M18 -> -0.063711141 | AM20: =Debt!N17+Debt!N18 -> 9.2804081 | AN20: =Debt!O17+Debt!O18 -> 2.9840381 | AO20: =Debt!P17+Debt!P18 -> -0.41368073 | ... AQ20: =Debt!R17+Debt!R18 -> 5.5603533
B21: Common Stock Issued (Repurchased) | H21: =Equity!C9 -> -10 | I21: =Equity!D9 -> -20 | J21: =Equity!E9 -> -20 | AH21: =Equity!I9 -> -5 | AI21: =Equity!J9 -> -5 | AJ21: =Equity!K9 -> -5 | AK21: =Equity!L9 -> -5 | AL21: =Equity!M9 -> -5 | AM21: =Equity!N9 -> -5 | AN21: =Equity!O9 -> -5 | AO21: =Equity!P9 -> -5 | ... AQ21: =Equity!R9 -> -5
B22: Dividends Paid | H22: =Equity!C10 -> -29.261236 | I22: =Equity!D10 -> -31.624254 | J22: =Equity!E10 -> -33.826745 | AH22: =Equity!I16 -> -7.3162155 | AI22: =Equity!J16 -> -7.285431 | AJ22: =Equity!K16 -> -7.956709 | AK22: =Equity!L16 -> -7.9229454 | AL22: =Equity!M16 -> -7.8891817 | AM22: =Equity!N16 -> -7.8554181 | AN22: =Equity!O16 -> -8.5118004 | AO22: =Equity!P16 -> -8.4750576 | ... AQ22: =Equity!R16 -> -8.401572
B23: Cash Flow From Financing | H23: =SUM(H20:H22) -> -40.082245 | I23: =SUM(I20:I22) -> -32.635813 | J23: =SUM(J20:J22) -> -49.784439 | AH23: =SUM(AH20:AH22) -> -5.5197402 | AI23: =SUM(AI20:AI22) -> -19.902915 | AJ23: =SUM(AJ20:AJ22) -> -6.5250353 | AK23: =SUM(AK20:AK22) -> -9.5828752 | AL23: =SUM(AL20:AL22) -> -12.952893 | AM23: =SUM(AM20:AM22) -> -3.57501 | AN23: =SUM(AN20:AN22) -> -10.527762 | AO23: =SUM(AO20:AO22) -> -13.888738 | ... AQ23: =SUM(AQ20:AQ22) -> -7.8412187
B25: Net Effect on Cash | H25: =H14+H18+H23 -> 75.437065 | I25: =I14+I18+I23 -> 132.63581 | J25: =J14+J18+J23 -> 123.57688 | L25: 8.296 | M25: -10.404 | N25: 8.284 | O25: -1.979 | P25: -6.338 | Q25: 5.987 | R25: 20.117519 | S25: 20.160481 | T25: 2.207 | U25: -21.706 | V25: 9.712 | W25: -11.997 | X25: -34.82 | Y25: 3.694 | Z25: -0.387 | AA25: 4.577 | AB25: -2.911 | AC25: -1.345 | AD25: 0.655 | AE25: 2.417 | AF25: -4.201 | AG25: 0.112 | AH25: =AH14+AH18+AH23 -> 1.263 | AI25: =AI14+AI18+AI23 -> 0 | AJ25: =AJ14+AJ18+AJ23 -> 0 | AK25: =AK14+AK18+AK23 -> 0 | AL25: =AL14+AL18+AL23 -> 0 | AM25: =AM14+AM18+AM23 -> 0 | AN25: =AN14+AN18+AN23 -> 0 | AO25: =AO14+AO18+AO23 -> 0 | ... AQ25: =AQ14+AQ18+AQ23 -> 0
B26: Beginning Cash Balance | H26: =G27 -> 7.826 | I26: =H27 -> 83.263065 | J26: =I27 -> 215.89888 | L26: 13.606 | M26: 21.902 | N26: 11.498 | O26: 19.782 | P26: 17.803 | Q26: 11.465 | R26: 17.452 | S26: 37.569519 | T26: 57.73 | U26: 59.937 | V26: 38.231 | W26: 47.943 | X26: 35.946 | Y26: 1.126 | Z26: 4.82 | AA26: 4.433 | AB26: 9.01 | AC26: 6.099 | AD26: 4.754 | AE26: 5.409 | AF26: 7.826 | AG26: 3.625 | AH26: =AG27 -> 3.737 | AI26: =AH27 -> 5 | AJ26: =AI27 -> 5 | AK26: =AJ27 -> 5 | AL26: =AK27 -> 5 | AM26: =AL27 -> 5 | AN26: =AM27 -> 5 | AO26: =AN27 -> 5 | ... AQ26: =AP27 -> 5
B27: Ending Cash Balance | G27: =AE27 -> 7.826 | H27: =H26+H25 -> 83.263065 | I27: =I26+I25 -> 215.89888 | J27: =J26+J25 -> 339.47576 | L27: 21.902 | M27: 11.498 | N27: 19.782 | O27: 17.803 | P27: 11.465 | Q27: 17.452 | R27: 37.569519 | S27: 57.73 | T27: 59.937 | U27: 38.231 | V27: 47.943 | W27: 35.946 | X27: 1.126 | Y27: 4.82 | Z27: 4.433 | AA27: 9.01 | AB27: 6.099 | AC27: 4.754 | AD27: 5.409 | AE27: 7.826 | AF27: 3.625 | AG27: 3.737 | AH27: =AH26+AH25 -> 5 | AI27: =AI26+AI25 -> 5 | AJ27: =AJ26+AJ25 -> 5 | AK27: =AK26+AK25 -> 5 | AL27: =AL26+AL25 -> 5 | AM27: =AM26+AM25 -> 5 | AN27: =AN26+AN25 -> 5 | AO27: =AO26+AO25 -> 5 | ... AQ27: =AQ26+AQ25 -> 5
G28: =AE28 -> 0
B29: Cash Flow from Operations | C29: =C14 -> 156.649 | D29: =D14 -> 120.965 | E29: =E14 -> 144.033 | F29: =F14 -> -74.866 | G29: =G14 -> 146.335 | H29: =H14 -> 85.278655 | I29: =I14 -> 132.63581 | J29: =J14 -> 136.68066 | L29: 23.319 | M29: 35.103 | N29: 78.224 | O29: 19.782 | P29: 18.57 | Q29: 25.642 | R29: 31.917519 | S29: 44.835481 | T29: 24.968 | U29: 17.22 | V29: 65.855 | W29: 35.99 | X29: 18.739 | Y29: 5.171 | Z29: -155.105 | AA29: 56.232 | AB29: 57.454 | AC29: 5.481 | AD29: 19.486 | AE29: 63.918 | AF29: 16.864 | AG29: 21.681 | AH29: =AH14 -> 16.78274 | AI29: =AI14 -> 29.902915 | AJ29: =AJ14 -> 31.525035 | AK29: =AK14 -> 34.582875 | AL29: =AL14 -> 37.952893 | AM29: =AM14 -> 28.57501 | AN29: =AN14 -> 35.527762 | AO29: =AO14 -> 38.888738 | ... AQ29: =AQ14 -> 32.841219
B30: Less: Capex | C30: =C16 -> -51.266 | D30: =D16 -> -43.987 | E30: =E16 -> -88.357 | F30: =F16 -> -124.346 | G30: =G16 -> -202.275 | H30: =H16 -> -80 | I30: =I16 -> -100 | J30: =J16 -> -100 | L30: -16.429 | M30: -14.436 | N30: -10.738 | O30: -9.663 | P30: -9.048 | Q30: -10.698 | R30: -11.705 | S30: -12.536 | T30: -10.09 | U30: -18.88 | V30: -2.481 | W30: -56.906 | X30: -19.022 | Y30: -27.778 | Z30: -23.967 | AA30: -53.579 | AB30: -53.292 | AC30: -64.381 | AD30: -39.602 | AE30: -45 | AF30: -30 | AG30: -30 | AH30: =AH16 -> -10 | AI30: =AI16 -> -10 | AJ30: =AJ16 -> -25 | AK30: =AK16 -> -25 | AL30: =AL16 -> -25 | AM30: =AM16 -> -25 | AN30: =AN16 -> -25 | AO30: =AO16 -> -25 | ... AQ30: =AQ16 -> -25
B31: Free Cash Flow | C31: =C29+C30 -> 105.383 | D31: =D29+D30 -> 76.978 | E31: =E29+E30 -> 55.676 | F31: =F29+F30 -> -199.212 | G31: =G29+G30 -> -55.94 | H31: =H29+H30 -> 5.2786554 | I31: =I29+I30 -> 32.635813 | J31: =J29+J30 -> 36.680659 | L31: 6.89 | M31: 20.667 | N31: 67.486 | O31: 10.119 | P31: 9.522 | Q31: 14.944 | R31: 20.212519 | S31: 32.299481 | T31: 14.878 | U31: -1.66 | V31: 63.374 | W31: -20.916 | X31: -0.283 | Y31: -22.607 | Z31: -179.072 | AA31: 2.653 | AB31: 4.162 | AC31: -58.9 | AD31: -20.116 | AE31: 18.918 | AF31: -13.136 | AG31: -8.319 | AH31: =SUM(AH29:AH30) -> 6.7827402 | AI31: =SUM(AI29:AI30) -> 19.902915 | AJ31: =SUM(AJ29:AJ30) -> 6.5250353 | AK31: =SUM(AK29:AK30) -> 9.5828752 | AL31: =SUM(AL29:AL30) -> 12.952893 | AM31: =SUM(AM29:AM30) -> 3.57501 | AN31: =SUM(AN29:AN30) -> 10.527762 | AO31: =SUM(AO29:AO30) -> 13.888738 | ... AQ31: =SUM(AQ29:AQ30) -> 7.8412187

Sheet WC
L1: 40025 | M1: =EOMONTH(L1,3) -> 40117 | N1: =EOMONTH(M1,3) -> 40209 | O1: =EOMONTH(N1,3) -> 40298 | P1: =EOMONTH(O1,3) -> 40390 | Q1: =EOMONTH(P1,3) -> 40482 | R1: =EOMONTH(Q1,3) -> 40574 | S1: =EOMONTH(R1,3) -> 40663 | T1: =EOMONTH(S1,3) -> 40755 | ... AQ1: =EOMONTH(AP1,3) -> 42855
B2: Bob Evans Farms, Inc.
B3: Working Capital Build
B4: $000, Except Where Noted
C5: Annual Summary | L5: 2010 | P5: =L5+1 -> 2011 | T5: =P5+1 -> 2012 | X5: =T5+1 -> 2013 | AB5: =X5+1 -> 2014 | AF5: =AB5+1 -> 2015 | AJ5: =AF5+1 -> 2016 | AN5: =AJ5+1 -> 2017
C6: 2010 | D6: =+C6+1 -> 2011 | E6: =+D6+1 -> 2012 | F6: =+E6+1 -> 2013 | G6: =+F6+1 -> 2014 | H6: =+G6+1 -> 2015 | I6: =+H6+1 -> 2016 | J6: =+I6+1 -> 2017 | L6: 1 | M6: =L6+1 -> 2 | N6: =M6+1 -> 3 | O6: =N6+1 -> 4 | P6: 1 | Q6: =P6+1 -> 2 | R6: =Q6+1 -> 3 | S6: =R6+1 -> 4 | T6: 1 | U6: =T6+1 -> 2 | V6: =U6+1 -> 3 | W6: =V6+1 -> 4 | X6: 1 | Y6: =X6+1 -> 2 | Z6: =Y6+1 -> 3 | AA6: =Z6+1 -> 4 | AB6: 1 | AC6: =AB6+1 -> 2 | AD6: =AC6+1 -> 3 | AE6: =AD6+1 -> 4 | AF6: 1 | AG6: =AF6+1 -> 2 | AH6: =AG6+1 -> 3 | AI6: =AH6+1 -> 4 | AJ6: 1 | AK6: =AJ6+1 -> 2 | AL6: =AK6+1 -> 3 | AM6: =AL6+1 -> 4 | AN6: 1 | AO6: =AN6+1 -> 2 | AP6: =AO6+1 -> 3 | AQ6: =AP6+1 -> 4
B7: Accounts Receivable | C7: =BS!C9 -> 19.857 | D7: =BS!D9 -> 26.043 | E7: =BS!E9 -> 29.85 | F7: =BS!F9 -> 33.958 | G7: =BS!G9 -> 33.443 | H7: =AI7 -> 31.440406 | I7: =AM7 -> 31.957939 | J7: =AQ7 -> 32.484153 | L7: =BS!L9 -> 22.725 | M7: =BS!M9 -> 27.161 | N7: =BS!N9 -> 23.946 | O7: =BS!O9 -> 19.857 | P7: =BS!P9 -> 24.116 | Q7: =BS!Q9 -> 24.918 | R7: =BS!R9 -> 24.900008 | S7: =BS!S9 -> 26.043 | ... AG7: =BS!AG9 -> 30.58 | AH7: =(AH8*AH28)/90 -> 32.766049 | AI7: =(AI8*AI28)/90 -> 31.440406 | AJ7: =(AJ8*AJ28)/90 -> 31.324112 | AK7: =(AK8*AK28)/90 -> 31.987304 | AL7: =(AL8*AL28)/90 -> 33.305527 | AM7: =(AM8*AM28)/90 -> 31.957939 | AN7: =(AN8*AN28)/90 -> 31.835488 | AO7: =(AO8*AO28)/90 -> 32.511489 | ... AQ7: =(AQ8*AQ28)/90 -> 32.484153
B8: Receivable Days | C8: =(C7/C28)*365 -> 4.1972366 | D8: =(D7/D28)*365 -> 5.6685914 | E8: =(E7/E28)*365 -> 6.5855684 | F8: =(F7/F28)*365 -> 9.1799178 | G8: =(G7/G28)*365 -> 9.1879693 | H8: =(H7/H28)*365 -> 8.5678656 | I8: =(I7/I28)*365 -> 8.5682457 | J8: =(J7/J28)*365 -> 8.6748269 | L8: =L7/(L28/90) -> 4.7621542 | M8: =M7/(M28/90) -> 5.7538125 | N8: =N7/(N28/90) -> 5.0140174 | O8: =O7/(O28/90) -> 4.0373068 | P8: =P7/(P28/90) -> 5.260831 | Q8: =Q7/(Q28/90) -> 5.3773924 | R8: =R7/(R28/90) -> 5.2287263 | S8: =S7/(S28/90) -> 5.5979699 | ... AG8: =AG7/(AG28/90) -> 8.2594082 | AH8: 8.5 | AI8: =AH8 -> 8.5 | AJ8: =AI8 -> 8.5 | AK8: =AJ8 -> 8.5 | AL8: =AK8 -> 8.5 | AM8: =AL8 -> 8.5 | AN8: =AM8 -> 8.5 | AO8: =AN8 -> 8.5 | AP8: =AO8 -> 8.5 | AQ8: =AP8 -> 8.5
B9: Inventory | C9: =BS!C10 -> 25.92 | D9: =BS!D10 -> 23.526 | E9: =BS!E10 -> 23.388 | F9: =BS!F10 -> 22.491 | G9: =BS!G10 -> 25.243 | H9: =AI9 -> 24.761964 | I9: =AM9 -> 25.502805 | J9: =AQ9 -> 25.067005 | L9: =BS!L10 -> 27.034 | M9: =BS!M10 -> 29.206 | N9: =BS!N10 -> 26.093 | O9: =BS!O10 -> 25.92 | P9: =BS!P10 -> 23.731 | Q9: =BS!Q10 -> 26.046 | R9: =BS!R10 -> 26.084499 | S9: =BS!S10 -> 23.526 | ... AG9: =BS!AG10 -> 27.97 | AH9: =(AH10*AH29)/90 -> 25.822896 | AI9: =(AI10*AI29)/90 -> 24.761964 | AJ9: =(AJ10*AJ29)/90 -> 24.437814 | AK9: =(AK10*AK29)/90 -> 25.20706 | AL9: =(AL10*AL29)/90 -> 26.594199 | AM9: =(AM10*AM29)/90 -> 25.502805 | AN9: =(AN10*AN29)/90 -> 24.007447 | AO9: =(AO10*AO29)/90 -> 24.769026 | ... AQ9: =(AQ10*AQ29)/90 -> 25.067005
B10: Inventory Days | C10: =(C9/C29)*365 -> 18.311249 | D10: =(D9/D29)*365 -> 16.842222 | E10: =(E9/E29)*365 -> 16.744512 | F10: =(F9/F29)*365 -> 19.463217 | G10: =(G9/G29)*365 -> 20.702513 | H10: =(H9/H29)*365 -> 19.772524 | I10: =(I9/I29)*365 -> 20.331459 | J10: =(J9/J29)*365 -> 20.06892 | L10: =(L9/L29)*90 -> 19.387859 | M10: =(M9/M29)*90 -> 21.316519 | N10: =N9/N29*90 -> 17.493687 | O10: =O9/O29*90 -> 17.458334 | P10: =P9/P29*90 -> 17.482258 | Q10: =Q9/Q29*90 -> 18.884404 | R10: =R9/R29*90 -> 17.389537 | S10: =S9/S29*90 -> 16.471201 | T10: =T9/T29*90 -> 16.826827 | U10: =U9/U29*90 -> 18.51393 | ... AG10: =AG9/AG29*90 -> 21.698991 | AH10: 20 | AI10: =AH10 -> 20 | AJ10: =AI10 -> 20 | AK10: =AJ10 -> 20 | AL10: =AK10 -> 20 | AM10: =AL10 -> 20 | AN10: =AM10 -> 20 | AO10: =AN10 -> 20 | AP10: =AO10 -> 20 | AQ10: =AP10 -> 20
B11: Accounts Payable | C11: =BS!C23 -> 29.322 | D11: =BS!D23 -> 30.418 | E11: =BS!E23 -> 26.085 | F11: =BS!F23 -> 23.058 | G11: =BS!G23 -> 29.064 | H11: =AI11 -> 27.238161 | I11: =AM11 -> 28.053086 | J11: =AQ11 -> 27.573705 | L11: =BS!L23 -> 24.118 | M11: =BS!M23 -> 25.652 | N11: =BS!N23 -> 42.725 | O11: =BS!O23 -> 29.322 | P11: =BS!P23 -> 31.95 | Q11: =BS!Q23 -> 33.383 | R11: =BS!R23 -> 33.284979 | S11: =BS!S23 -> 30.418 | ... AG11: =BS!AG23 -> 32.901 | AH11: =(AH29*AH12)/90 -> 28.405185 | AI11: =(AI29*AI12)/90 -> 27.238161 | AJ11: =(AJ29*AJ12)/90 -> 26.881595 | AK11: =(AK29*AK12)/90 -> 27.727766 | AL11: =(AL29*AL12)/90 -> 29.253619 | AM11: =(AM29*AM12)/90 -> 28.053086 | AN11: =(AN29*AN12)/90 -> 26.408191 | AO11: =(AO29*AO12)/90 -> 27.245929 | ... AQ11: =(AQ29*AQ12)/90 -> 27.573705
B12: Days Payable | C12: =(C11/C29)*365 -> 20.714601 | D12: =(D11/D29)*365 -> 21.776193 | E12: =(E11/E29)*365 -> 18.675414 | F12: =(F11/F29)*365 -> 19.953886 | G12: =(G11/G29)*365 -> 23.836226 | H12: =(H11/H29)*365 -> 21.749776 | I12: =(I11/I29)*365 -> 22.364605 | J12: =(J11/J29)*365 -> 22.075812 | L12: =L11/(L29/90) -> 17.296604 | M12: =M11/(M29/90) -> 18.722569 | N12: =N11/(N29/90) -> 28.644378 | O12: =O11/(O29/90) -> 19.74974 | P12: =P11/(P29/90) -> 23.537068 | Q12: =Q11/(Q29/90) -> 24.204026 | R12: =R11/(R29/90) -> 22.189822 | S12: =S11/(S29/90) -> 21.296481 | ... AG12: =AG11/(AG29/90) -> 25.524438 | AH12: 22 | AI12: =AH12 -> 22 | AJ12: =AI12 -> 22 | AK12: =AJ12 -> 22 | AL12: =AK12 -> 22 | AM12: =AL12 -> 22 | AN12: =AM12 -> 22 | AO12: =AN12 -> 22 | AP12: =AO12 -> 22 | AQ12: =AP12 -> 22
B13: Cash Conversion Cycle (days) | C13: =C8+C10-C12 -> 1.7938851 | D13: =D8+D10-D12 -> 0.7346208 | E13: =E8+E10-E12 -> 4.6546659 | F13: =F8+F10-F12 -> 8.6892485 | G13: =G8+G10-G12 -> 6.0542568 | H13: =H8+H10-H12 -> 6.5906132 | I13: =I8+I10-I12 -> 6.5350998 | J13: =J8+J10-J12 -> 6.6679349 | L13: =L8+L10-L12 -> 6.8534096 | M13: =M8+M10-M12 -> 8.3477628 | N13: =N8+N10-N12 -> -6.1366743 | O13: =O8+O10-O12 -> 1.7459005 | P13: =P8+P10-P12 -> -0.79397833 | Q13: =Q8+Q10-Q12 -> 0.05777041 | R13: =R8+R10-R12 -> 0.42844181 | S13: =S8+S10-S12 -> 0.77269063 | ... AQ13: =AQ8+AQ10-AQ12 -> 6.5
B15: % of Sales:
B16: Deferred Income Taxes | C16: =BS!C11/WC!C$28 -> 0.006471493 | D16: =BS!D11/WC!D$28 -> 0.0064762127 | E16: =BS!E11/WC!E$28 -> 0.0070949636 | F16: =BS!F11/WC!F$28 -> 0.0096941625 | G16: =BS!G11/WC!G$28 -> 0.014042356 | H16: =BS!H11/WC!H$28 -> 0.013918467 | I16: =BS!I11/WC!I$28 -> 0.013919084 | J16: =BS!J11/WC!J$28 -> 0.014092225 | L16: =BS!L11/L28 -> 0.02610366 | M16: =BS!M11/M28 -> 0.026388323 | N16: =BS!N11/N28 -> 0.026082829 | O16: =BS!O11/O28 -> 0.025245451 | P16: =BS!P11/P28 -> 0.027086575 | Q16: =BS!Q11/Q28 -> 0.026795605 | R16: =BS!R11/R28 -> 0.026073627 | S16: =BS!S11/S28 -> 0.025937425 | ... AG16: =BS!AG11/AG28 -> 0.055969029 | AH16: 0.056 | AI16: =AH16 -> 0.056 | AJ16: =AI16 -> 0.056 | AK16: =AJ16 -> 0.056 | AL16: =AK16 -> 0.056 | AM16: =AL16 -> 0.056 | AN16: =AM16 -> 0.056 | AO16: =AN16 -> 0.056 | AP16: =AO16 -> 0.056 | AQ16: =AP16 -> 0.056
B17: Federal/State Taxes | C17: =BS!C12/C28 -> 0 | D17: =BS!D12/D28 -> 0 | E17: =BS!E12/E28 -> 0 | F17: =BS!F12/F28 -> 0.047326532 | G17: =BS!G12/G28 -> 0.019437704 | H17: =BS!H12/H28 -> 0.018640804 | I17: =BS!I12/I28 -> 0.01864163 | J17: =BS!J12/J28 -> 0.018873515 | L17: =BS!L12/L28 -> 0 | M17: =BS!M12/M28 -> 0 | N17: =BS!N12/N28 -> 0 | O17: =BS!O12/O28 -> 0 | P17: =BS!P12/P28 -> 0 | Q17: =BS!Q12/Q28 -> 0 | R17: =BS!R12/R28 -> 0 | S17: =BS!S12/S28 -> 0 | ... AG17: =BS!AG12/AG28 -> 0.075424644 | AH17: 0.075 | AI17: =AH17 -> 0.075 | AJ17: =AI17 -> 0.075 | AK17: =AJ17 -> 0.075 | AL17: =AK17 -> 0.075 | AM17: =AL17 -> 0.075 | AN17: =AM17 -> 0.075 | AO17: =AN17 -> 0.075 | AP17: =AO17 -> 0.075 | AQ17: =AP17 -> 0.075
B18: Prepaid Expenses | C18: =BS!C13/C28 -> 0.0012560777 | D18: =BS!D13/D28 -> 0.00086230236 | E18: =BS!E13/E28 -> 0.0016471099 | F18: =BS!F13/F28 -> 0.0038749987 | G18: =BS!G13/G28 -> 0.0032223052 | H18: =BS!H13/H28 -> 0.0037281607 | I18: =BS!I13/I28 -> 0.0037283261 | J18: =BS!J13/J28 -> 0.0037747031 | L18: =BS!L13/L28 -> 0.0085824718 | M18: =BS!M13/M28 -> 0.0078169317 | N18: =BS!N13/N28 -> 0.0061583489 | O18: =BS!O13/O28 -> 0.0048999896 | P18: =BS!P13/P28 -> 0.011169122 | Q18: =BS!Q13/Q28 -> 0.0082365015 | R18: =BS!R13/R28 -> 0.0049846996 | S18: =BS!S13/S28 -> 0.0034535467 | ... AG18: =BS!AG13/AG28 -> 0.016802713 | AH18: 0.015 | AI18: =AH18 -> 0.015 | AJ18: =AI18 -> 0.015 | AK18: =AJ18 -> 0.015 | AL18: =AK18 -> 0.015 | AM18: =AL18 -> 0.015 | AN18: =AM18 -> 0.015 | AO18: =AN18 -> 0.015 | AP18: =AO18 -> 0.015 | AQ18: =AP18 -> 0.015
B19: Accrued Non-income Taxes | C19: =BS!C25/WC!C28 -> 0 | D19: =BS!D25/WC!D28 -> 0.012236226 | E19: =BS!E25/WC!E28 -> 0.012845039 | F19: =BS!F25/WC!F28 -> 0.012106408 | G19: =BS!G25/WC!G28 -> 0.013430411 | H19: =BS!H25/WC!H28 -> 0.014912643 | I19: =BS!I25/WC!I28 -> 0.014913304 | J19: =BS!J25/WC!J28 -> 0.015098812 | L19: =BS!L25/WC!L28 -> 0 | M19: =BS!M25/WC!M28 -> 0 | N19: =BS!N25/WC!N28 -> 0 | O19: =BS!O25/WC!O28 -> 0 | P19: =BS!P25/WC!P28 -> 0 | Q19: =BS!Q25/WC!Q28 -> 0 | R19: =BS!R25/WC!R28 -> 0 | S19: =BS!S25/WC!S28 -> 0.049006449 | ... AG19: =BS!AG25/WC!AG28 -> 0.045348418 | AH19: 0.06 | AI19: =AH19 -> 0.06 | AJ19: =AI19 -> 0.06 | AK19: =AJ19 -> 0.06 | AL19: =AK19 -> 0.06 | AM19: =AL19 -> 0.06 | AN19: =AM19 -> 0.06 | AO19: =AN19 -> 0.06 | AP19: =AO19 -> 0.06 | AQ19: =AP19 -> 0.06
B20: Accrued Wages and Related Liabilities | C20: =BS!C26/WC!C$28 -> 0.022900688 | D20: =BS!D26/WC!D$28 -> 0.021482421 | E20: =BS!E26/WC!E$28 -> 0.020251896 | F20: =BS!F26/WC!F$28 -> 0.022381228 | G20: =BS!G26/WC!G$28 -> 0.020635248 | H20: =BS!H26/WC!H$28 -> 0.017398083 | I20: =BS!I26/WC!I$28 -> 0.017398855 | J20: =BS!J26/WC!J$28 -> 0.017615281 | L20: =BS!L26/WC!L$28 -> 0.050800969 | M20: =BS!M26/WC!M$28 -> 0.056232008 | N20: =BS!N26/WC!N$28 -> 0.06643665 | O20: =BS!O26/WC!O$28 -> 0.089336141 | P20: =BS!P26/WC!P$28 -> 0.066527537 | Q20: =BS!Q26/WC!Q$28 -> 0.078411015 | R20: =BS!R26/WC!R$28 -> 0.076243223 | S20: =BS!S26/WC!S$28 -> 0.086037736 | ... AG20: =BS!AG26/WC!AG$28 -> 0.05994238 | AH20: 0.07 | AI20: =AH20 -> 0.07 | AJ20: =AI20 -> 0.07 | AK20: =AJ20 -> 0.07 | AL20: =AK20 -> 0.07 | AM20: =AL20 -> 0.07 | AN20: =AM20 -> 0.07 | AO20: =AN20 -> 0.07 | AP20: =AO20 -> 0.07 | AQ20: =AP20 -> 0.07
B21: Self Insurance | C21: =BS!C27/WC!C$28 -> 0.013994061 | D21: =BS!D27/WC!D$28 -> 0.015539333 | E21: =BS!E27/WC!E$28 -> 0.015763295 | F21: =BS!F27/WC!F$28 -> 0.015606646 | G21: =BS!G27/WC!G$28 -> 0.014959143 | H21: =BS!H27/WC!H$28 -> 0.014912643 | I21: =BS!I27/WC!I$28 -> 0.014913304 | J21: =BS!J27/WC!J$28 -> 0.015098812 | L21: =BS!L27/WC!L$28 -> 0.054668436 | M21: =BS!M27/WC!M$28 -> 0.057790216 | N21: =BS!N27/WC!N$28 -> 0.060120096 | O21: =BS!O27/WC!O$28 -> 0.054591171 | P21: =BS!P27/WC!P$28 -> 0.05885119 | Q21: =BS!Q27/WC!Q$28 -> 0.059055836 | R21: =BS!R27/WC!R$28 -> 0 | S21: =BS!S27/WC!S$28 -> 0.062235491 | ... AG21: =BS!AG27/WC!AG$28 -> 0.061878039 | AH21: 0.06 | AI21: =AH21 -> 0.06 | AJ21: =AI21 -> 0.06 | AK21: =AJ21 -> 0.06 | AL21: =AK21 -> 0.06 | AM21: =AL21 -> 0.06 | AN21: =AM21 -> 0.06 | AO21: =AN21 -> 0.06 | AP21: =AO21 -> 0.06 | AQ21: =AP21 -> 0.06
B22: Deferred Revenue | C22: =BS!C28/WC!C$28 -> 0 | D22: =BS!D28/WC!D$28 -> 0 | E22: =BS!E28/WC!E$28 -> 0.012967137 | F22: =BS!F28/WC!F$28 -> 0.0095652921 | G22: =BS!G28/WC!G$28 -> 0.0097602503 | H22: =BS!H28/WC!H$28 -> 0.0084504976 | I22: =BS!I28/WC!I$28 -> 0.0084508725 | J22: =BS!J28/WC!J$28 -> 0.0085559936 | L22: =BS!L28/WC!L$28 -> 0 | M22: =BS!M28/WC!M$28 -> 0 | N22: =BS!N28/WC!N$28 -> 0 | O22: =BS!O28/WC!O$28 -> 0 | P22: =BS!P28/WC!P$28 -> 0 | Q22: =BS!Q28/WC!Q$28 -> 0 | R22: =BS!R28/WC!R$28 -> 0 | S22: =BS!S28/WC!S$28 -> 0 | ... AG22: =BS!AG28/WC!AG$28 -> 0.03358742 | AH22: 0.034 | AI22: =AH22 -> 0.034 | AJ22: =AI22 -> 0.034 | AK22: =AJ22 -> 0.034 | AL22: =AK22 -> 0.034 | AM22: =AL22 -> 0.034 | AN22: =AM22 -> 0.034 | AO22: =AN22 -> 0.034 | AP22: =AO22 -> 0.034 | AQ22: =AP22 -> 0.034
B23: Other Accrued Expenses | C23: =BS!C29/WC!C$28 -> 0.02942488 | D23: =BS!D29/WC!D$28 -> 0.020113829 | E23: =BS!E29/WC!E$28 -> 0.0093543752 | F23: =BS!F29/WC!F$28 -> 0.026545074 | G23: =BS!G29/WC!G$28 -> 0.026930824 | H23: =BS!H29/WC!H$28 -> 0.023114596 | I23: =BS!I29/WC!I$28 -> 0.023115622 | J23: =BS!J29/WC!J$28 -> 0.023403159 | L23: =BS!L29/WC!L$28 -> 0.13078374 | M23: =BS!M29/WC!M$28 -> 0.14425664 | N23: =BS!N29/WC!N$28 -> 0.15591767 | O23: =BS!O29/WC!O$28 -> 0.11478717 | P23: =BS!P29/WC!P$28 -> 0.12400198 | Q23: =BS!Q29/WC!Q$28 -> 0.13113422 | R23: =BS!R29/WC!R$28 -> 0.18493196 | S23: =BS!S29/WC!S$28 -> 0.080556484 | ... AG23: =BS!AG29/WC!AG$28 -> 0.11849529 | AH23: 0.093 | AI23: =AH23 -> 0.093 | AJ23: =AI23 -> 0.093 | AK23: =AJ23 -> 0.093 | AL23: =AK23 -> 0.093 | AM23: =AL23 -> 0.093 | AN23: =AM23 -> 0.093 | AO23: =AN23 -> 0.093 | AP23: =AO23 -> 0.093 | AQ23: =AP23 -> 0.093
B24: Deferred Compensation | C24: =BS!C32/C$28 -> 0.015286043 | D24: =BS!D32/D$28 -> 0.017702244 | E24: =BS!E32/E$28 -> 0.018549177 | F24: =BS!F32/F$28 -> 0.023803987 | G24: =BS!G32/G$28 -> 0.026894694 | H24: =BS!H32/H$28 -> 0.023114596 | I24: =BS!I32/I$28 -> 0.023115622 | J24: =BS!J32/J$28 -> 0.023403159 | L24: =BS!L32/$L$28 -> 0.05177191 | M24: =BS!M32/$L$28 -> 0.056880414 | N24: =BS!N32/$L$28 -> 0.057343765 | O24: =BS!O32/$L$28 -> 0.061460371 | P24: =BS!P32/$L$28 -> 0.060568595 | Q24: =BS!Q32/$L$28 -> 0.06555835 | R24: =BS!R32/$L$28 -> 0.06555835 | S24: =BS!S32/$L$28 -> 0.069118469 | ... AG24: =BS!AG32/$L$28 -> 0.092500233 | AH24: 0.093 | AI24: =AH24 -> 0.093 | AJ24: =AI24 -> 0.093 | AK24: =AJ24 -> 0.093 | AL24: =AK24 -> 0.093 | AM24: =AL24 -> 0.093 | AN24: =AM24 -> 0.093 | AO24: =AN24 -> 0.093 | AP24: =AO24 -> 0.093 | AQ24: =AP24 -> 0.093
B25: Deferred Income Taxes | C25: =BS!C33/C$28 -> 0.039111561 | D25: =BS!D33/D$28 -> 0.033858189 | E25: =BS!E33/E$28 -> 0.031273328 | F25: =BS!F33/F$28 -> 0.028589225 | G25: =BS!G33/G$28 -> 0.024710361 | H25: =BS!H33/H$28 -> 0.018889348 | I25: =BS!I33/I$28 -> 0.018890186 | J25: =BS!J33/J$28 -> 0.019125162 | L25: =BS!L33/$L$28 -> 0.16496694 | M25: =BS!M33/$L$28 -> 0.1648901 | N25: =BS!N33/$L$28 -> 0.18190835 | O25: =BS!O33/$L$28 -> 0.15725529 | P25: =BS!P33/$L$28 -> 0.1570434 | Q25: =BS!Q33/$L$28 -> 0.1570434 | R25: =BS!R33/$L$28 -> 0.15782862 | S25: =BS!S33/$L$28 -> 0.1321994 | ... AG25: =BS!AG33/$L$28 -> 0.076438949 | AH25: 0.076 | AI25: =AH25 -> 0.076 | AJ25: =AI25 -> 0.076 | AK25: =AJ25 -> 0.076 | AL25: =AK25 -> 0.076 | AM25: =AL25 -> 0.076 | AN25: =AM25 -> 0.076 | AO25: =AN25 -> 0.076 | AP25: =AO25 -> 0.076 | AQ25: =AP25 -> 0.076
B26: Deferred Rent | C26: =BS!C34/C$28 -> 0.014056604 | D26: =BS!D34/D$28 -> 0.014597121 | E26: =BS!E34/E$28 -> 0.015169731 | F26: =BS!F34/F$28 -> 0.0047333939 | G26: =BS!G34/G$28 -> 0.0049181364 | H26: =BS!H34/H$28 -> 0.0037281607 | I26: =BS!I34/I$28 -> 0.0037283261 | J26: =BS!J34/J$28 -> 0.0037747031 | L26: =BS!L34/$L$28 -> 0.055581168 | M26: =BS!M34/$L$28 -> 0.056044519 | N26: =BS!N34/$L$28 -> 0.056323927 | O26: =BS!O34/$L$28 -> 0.056517184 | P26: =BS!P34/$L$28 -> 0.056673186 | Q26: =BS!Q34/$L$28 -> 0.05682686 | R26: =BS!R34/$L$28 -> 0.057991059 | S26: =BS!S34/$L$28 -> 0.056994505 | ... AG26: =BS!AG34/$L$28 -> 0.015274285 | AH26: 0.015 | AI26: =AH26 -> 0.015 | AJ26: =AI26 -> 0.015 | AK26: =AJ26 -> 0.015 | AL26: =AK26 -> 0.015 | AM26: =AL26 -> 0.015 | AN26: =AM26 -> 0.015 | AO26: =AN26 -> 0.015 | AP26: =AO26 -> 0.015 | AQ26: =AP26 -> 0.015
B27: Other | C27: =BS!C35/C$28 -> 0.0058200004 | D27: =BS!D35/D$28 -> 0.0074202132 | E27: =BS!E35/E$28 -> 0.005822609 | F27: =BS!F35/F$28 -> 0.0069938098 | G27: =BS!G35/G$28 -> 0.0037326352 | H27: =BS!H35/H$28 -> 0.0027339845 | I27: =BS!I35/I$28 -> 0.0027341058 | J27: =BS!J35/J$28 -> 0.0027681156 | L27: =BS!L35/$L$28 -> 0.029111949 | M27: =BS!M35/$L$28 -> 0.030141101 | N27: =BS!N35/$L$28 -> 0.031123684 | O27: =BS!O35/$L$28 -> 0.023400391 | P27: =BS!P35/$L$28 -> 0.024024402 | Q27: =BS!Q35/$L$28 -> 0.024646084 | R27: =BS!R35/$L$28 -> 0 | S27: =BS!S35/$L$28 -> 0.028972246 | ... AG27: =BS!AG35/$L$28 -> 0.011397504 | AH27: 0.011 | AI27: =AH27 -> 0.011 | AJ27: =AI27 -> 0.011 | AK27: =AJ27 -> 0.011 | AL27: =AK27 -> 0.011 | AM27: =AL27 -> 0.011 | AN27: =AM27 -> 0.011 | AO27: =AN27 -> 0.011 | AP27: =AO27 -> 0.011 | AQ27: =AP27 -> 0.011
B28: Revenues | C28: =IS!C7 -> 1726.804 | D28: =IS!D7 -> 1676.906 | E28: =IS!E7 -> 1654.413 | F28: =IS!F7 -> 1350.194 | G28: =IS!G7 -> 1328.552 | H28: =IS!H7 -> 1339.3941 | I28: =IS!I7 -> 1361.3811 | J28: =IS!J7 -> 1366.7957 | L28: =IS!L7 -> 429.48 | M28: =IS!M7 -> 424.847 | N28: =IS!N7 -> 429.823 | O28: =IS!O7 -> 442.654 | P28: =IS!P7 -> 412.566 | Q28: =IS!Q7 -> 417.046 | R28: =IS!R7 -> 428.594 | S28: =IS!S7 -> 418.7 | ... AQ28: =IS!AQ7 -> 343.94985
B29: Cost of Goods Sold | C29: =IS!C14 -> 516.666 | D29: =IS!D14 -> 509.849 | E29: =IS!E14 -> 509.816 | F29: =IS!F14 -> 421.781 | G29: =IS!G14 -> 445.052 | H29: =IS!H14 -> 457.10487 | I29: =IS!I14 -> 457.83845 | J29: =IS!J14 -> 455.9018 | L29: =IS!L14 -> 125.494 | M29: =IS!M14 -> 123.31 | N29: =IS!N14 -> 134.241 | O29: =IS!O14 -> 133.621 | P29: =IS!P14 -> 122.169 | Q29: =IS!Q14 -> 124.131 | R29: =IS!R14 -> 135.001 | S29: =IS!S14 -> 128.548 | ... AQ29: =IS!AQ14 -> 112.80152

Sheet Equity
G1: 41851 | H1: 41943 | I1: 42035 | J1: 42124 | K1: 42216 | L1: 42308 | M1: 42400 | N1: 42490 | O1: 42582 | P1: 42674 | Q1: 42766 | R1: 42855
B2: Bob Evans Farms, Inc.
B3: Shareholder's Equity
B4: $000, Except Where Noted
C5: Annual Summary | G5: 2015 | K5: 2016 | O5: 2017
C6: 2015 | D6: =C6+1 -> 2016 | E6: =D6+1 -> 2017 | G6: 1 | H6: 2 | I6: 3 | J6: 4 | K6: 1 | L6: 2 | M6: 3 | N6: 4 | O6: 1 | P6: 2 | Q6: 3 | R6: 4
B7: Beginning Equity Balance | C7: =BS!G37 -> 385.588 | D7: =BS!H37 -> 377.35737 | E7: =BS!I37 -> 369.20487 | G7: =BS!AE37 -> 385.588 | H7: =G11 -> 373 | I7: =H11 -> 374 | J7: =I11 -> 376.00173 | K7: =J11 -> 377.35737 | L7: =K11 -> 374.83407 | M7: =L11 -> 372.68142 | N7: =M11 -> 371.20388 | O7: =N11 -> 369.20487 | ... R7: =Q11 -> 373.24796
B8: Net Income | C8: =IS!H29 -> 33.020012 | D8: =IS!I29 -> 43.471762 | E8: =IS!J29 -> 47.265456 | G8: =IS!AF29 -> -1.016 | H8: =IS!AG29 -> 6.077 | I8: =IS!AH29 -> 14.317948 | J8: =IS!AI29 -> 13.641064 | K8: =IS!AJ29 -> 10.433413 | L8: =IS!AK29 -> 10.770293 | M8: =IS!AL29 -> 11.411646 | N8: =IS!AM29 -> 10.85641 | ... R8: =IS!AQ29 -> 14.834616
B9: Issuance / (Repurchase of) equity | C9: =SUM(G9:J9) -> -10 | D9: =SUM(K9:N9) -> -20 | E9: =SUM(O9:R9) -> -20 | G9: 0 | H9: 0 | I9: -5 | J9: =I9 -> -5 | K9: =J9 -> -5 | L9: =K9 -> -5 | M9: =L9 -> -5 | N9: =M9 -> -5 | O9: =N9 -> -5 | P9: =O9 -> -5 | Q9: =P9 -> -5 | R9: =Q9 -> -5
B10: Dividends paid | C10: =SUM(G10:J10) -> -29.261236 | D10: =SUM(K10:N10) -> -31.624254 | E10: =SUM(O10:R10) -> -33.826745 | G10: =G16 -> -7.31259 | H10: =H16 -> -7.347 | I10: =I16 -> -7.3162155 | J10: =J16 -> -7.285431 | K10: =K16 -> -7.956709 | L10: =L16 -> -7.9229454 | M10: =M16 -> -7.8891817 | N10: =N16 -> -7.8554181 | ... R10: =R16 -> -8.401572
B11: Ending Equity Balance | C11: =SUM(C7:C10) -> 379.34678 | D11: =SUM(D7:D10) -> 369.20487 | E11: =SUM(E7:E10) -> 362.64358 | G11: 373 | H11: 374 | I11: =SUM(I7:I10) -> 376.00173 | J11: =SUM(J7:J10) -> 377.35737 | K11: =SUM(K7:K10) -> 374.83407 | L11: =SUM(L7:L10) -> 372.68142 | M11: =SUM(M7:M10) -> 371.20388 | N11: =SUM(N7:N10) -> 369.20487 | O11: =SUM(O7:O10) -> 369.92018 | P11: =SUM(P7:P10) -> 371.13429 | ... R11: =SUM(R7:R10) -> 374.68101
B13: Dividend Assumptions
B14: Weighted average number of shares | C14: =AVERAGE(G14:J14) -> 23.597771 | D14: =AVERAGE(K14:N14) -> 23.253128 | E14: =AVERAGE(O14:R14) -> 22.855909 | G14: =IS!AF31 -> 23.589 | H14: =IS!AG31 -> 23.7 | I14: =IS!AH31 -> 23.600695 | J14: =IS!AI31 -> 23.50139 | K14: =IS!AJ31 -> 23.402085 | L14: =IS!AK31 -> 23.302781 | M14: =IS!AL31 -> 23.203476 | N14: =IS!AM31 -> 23.104171 | ... R14: =IS!AQ31 -> 22.706951
B15: Dividend per share | C15: =SUM(G15:J15) -> 1.24 | D15: =SUM(K15:N15) -> 1.36 | E15: =SUM(O15:R15) -> 1.48 | G15: 0.31 | H15: =G15 -> 0.31 | I15: 0.31 | J15: =I15 -> 0.31 | K15: 0.34 | L15: =K15 -> 0.34 | M15: =L15 -> 0.34 | N15: =M15 -> 0.34 | O15: 0.37 | P15: =O15 -> 0.37 | Q15: =P15 -> 0.37 | R15: =Q15 -> 0.37
B16: Total cash dividends paid | C16: =SUM(G16:J16) -> -29.261236 | D16: =SUM(K16:N16) -> -31.624254 | E16: =SUM(O16:R16) -> -33.826745 | G16: =-G15*G14 -> -7.31259 | H16: =-H15*H14 -> -7.347 | I16: =-I15*I14 -> -7.3162155 | J16: =-J15*J14 -> -7.285431 | K16: =-K15*K14 -> -7.956709 | L16: =-L15*L14 -> -7.9229454 | M16: =-M15*M14 -> -7.8891817 | N16: =-N15*N14 -> -7.8554181 | ... R16: =-R15*R14 -> -8.401572
B17: Net Income | C17: =SUM(G17:J17) -> 33.020012 | D17: =SUM(K17:N17) -> 43.471762 | E17: =SUM(O17:R17) -> 59.302877 | G17: =IS!AF29 -> -1.016 | H17: =IS!AG29 -> 6.077 | I17: =IS!AH29 -> 14.317948 | J17: =IS!AI29 -> 13.641064 | K17: =IS!AJ29 -> 10.433413 | L17: =IS!AK29 -> 10.770293 | M17: =IS!AL29 -> 11.411646 | N17: =IS!AM29 -> 10.85641 | ... R17: =IS!AQ29 -> 14.834616
B18: Dividend Payout Ratio | C18: =-C16/C17 -> 0.88616674 | D18: =-D16/D17 -> 0.72746658 | E18: =-E16/E17 -> 0.57040647 | G18: =-G16/G17 -> -7.1974311 | H18: =-H16/H17 -> 1.2089847 | I18: =-I16/I17 -> 0.51098213 | J18: =-J16/J17 -> 0.53408083 | K18: =-K16/K17 -> 0.76261804 | L18: =-L16/L17 -> 0.73562951 | M18: =-M16/M17 -> 0.69132724 | N18: =-N16/N17 -> 0.72357418 | ... R18: =-R16/R17 -> 0.56634914
B19: Dividend Growth Rate | C19: =C15/1.1-1 -> 0.12727273 | D19: =D15/C15-1 -> 0.096774194 | E19: =E15/D15-1 -> 0.088235294 | G19: 0.12 | H19: 0.12 | I19: 0.12 | J19: 0.12 | K19: =K15/G15-1 -> 0.096774194 | L19: =L15/H15-1 -> 0.096774194 | M19: =M15/I15-1 -> 0.096774194 | N19: =N15/J15-1 -> 0.096774194 | O19: =O15/K15-1 -> 0.088235294 | P19: =P15/L15-1 -> 0.088235294 | Q19: =Q15/M15-1 -> 0.088235294 | R19: =R15/N15-1 -> 0.088235294

Sheet Debt
G1: 41851 | H1: 41943 | I1: 42035 | J1: 42124 | K1: 42216 | L1: 42308 | M1: 42400 | N1: 42490 | O1: 42582 | P1: 42674 | Q1: 42766 | R1: 42855
B2: Bob Evans Farms, Inc.
B3: Debt Schedule
B4: $000, Except Where Noted
C5: Annual Summary | G5: 2015 | K5: 2016 | O5: 2017
C6: 2015 | D6: =C6+1 -> 2016 | E6: =D6+1 -> 2017 | G6: 1 | H6: 2 | I6: 3 | J6: 4 | K6: 1 | L6: 2 | M6: 3 | N6: 4 | O6: 1 | P6: 2 | Q6: 3 | R6: 4
B7: Cash flow available for financing activities | C7: =CF!H26 -> 7.826 | D7: =CF!I26 -> 83.263065 | E7: =CF!J26 -> 215.89888 | I7: =CF!AH14+CF!AH18 -> 6.7827402 | J7: =CF!AI14+CF!AI18 -> 19.902915 | K7: =CF!AJ14+CF!AJ18 -> 6.5250353 | L7: =CF!AK14+CF!AK18 -> 9.5828752 | M7: =CF!AL14+CF!AL18 -> 12.952893 | N7: =CF!AM14+CF!AM18 -> 3.57501 | O7: =CF!AN14+CF!AN18 -> 10.527762 | P7: =CF!AO14+CF!AO18 -> 13.888738 | ... R7: =CF!AQ14+CF!AQ18 -> 7.8412187
B8: Proceeds from / (Repurchase of) equity | C8: =SUM(G8:J8) -> -10 | D8: =SUM(K8:N8) -> -20 | E8: =SUM(O8:R8) -> -20 | I8: =Equity!I9 -> -5 | J8: =Equity!J9 -> -5 | K8: =Equity!K9 -> -5 | L8: =Equity!L9 -> -5 | M8: =Equity!M9 -> -5 | N8: =Equity!N9 -> -5 | O8: =Equity!O9 -> -5 | P8: =Equity!P9 -> -5 | ... R8: =Equity!R9 -> -5
B9: Dividends | C9: =Equity!C10 -> -29.261236 | D9: =Equity!D10 -> -31.624254 | E9: =Equity!E10 -> -33.826745 | I9: =Equity!I10 -> -7.3162155 | J9: =Equity!J10 -> -7.285431 | K9: =Equity!K10 -> -7.956709 | L9: =Equity!L10 -> -7.9229454 | M9: =Equity!M10 -> -7.8891817 | N9: =Equity!N10 -> -7.8554181 | O9: =Equity!O10 -> -8.5118004 | P9: =Equity!P10 -> -8.4750576 | ... R9: =Equity!R10 -> -8.401572
B10: Plus: beginning cash balance | C10: n.a | D10: n.a | E10: n.a | I10: =CF!AH26 -> 3.737 | J10: =CF!AI26 -> 5 | K10: =CF!AJ26 -> 5 | L10: =CF!AK26 -> 5 | M10: =CF!AL26 -> 5 | N10: =CF!AM26 -> 5 | O10: =CF!AN26 -> 5 | P10: =CF!AO26 -> 5 | ... R10: =CF!AQ26 -> 5
B11: Less: minimum cash balance | C11: n.a | D11: n.a | E11: n.a | I11: -5 | J11: =I11 -> -5 | K11: =J11 -> -5 | L11: =K11 -> -5 | M11: =L11 -> -5 | N11: =M11 -> -5 | O11: =N11 -> -5 | P11: =O11 -> -5 | Q11: =P11 -> -5 | R11: =Q11 -> -5
B12: Cash available for revolver | C12: n.a | D12: n.a | E12: n.a | I12: =SUM(I7:I11) -> -6.7964753 | J12: =SUM(J7:J11) -> 7.6174842 | K12: =SUM(K7:K11) -> -6.4316737 | L12: =SUM(L7:L11) -> -3.3400702 | M12: =SUM(M7:M11) -> 0.063711141 | N12: =SUM(N7:N11) -> -9.2804081 | O12: =SUM(O7:O11) -> -2.9840381 | P12: =SUM(P7:P11) -> 0.41368073 | ... R12: =SUM(R7:R11) -> -5.5603533
B13: Optional revolver pay-down | C13: n.a | D13: n.a | E13: n.a | I13: =-MAX(0,MIN(I16,SUM(I12),H19)) -> 0 | J13: =-MAX(0,MIN(J16,SUM(J12),I19)) -> -7.6174842 | K13: =-MAX(0,MIN(K16,SUM(K12),J19)) -> 0 | L13: =-MAX(0,MIN(L16,SUM(L12),K19)) -> 0 | M13: =-MAX(0,MIN(M16,SUM(M12),L19)) -> -0.063711141 | N13: =-MAX(0,MIN(N16,SUM(N12),M19)) -> 0 | O13: =-MAX(0,MIN(O16,SUM(O12),N19)) -> 0 | P13: =-MAX(0,MIN(P16,SUM(P12),O19)) -> -0.41368073 | ... R13: =-MAX(0,MIN(R16,SUM(R12),Q19)) -> 0
B15: Credit Facility
B16: Beginning balance | C16: n.a | D16: =K16 -> 464.17899 | E16: =O16 -> 483.16743 | H16: 0 | I16: =H19 -> 465 | J16: =I19 -> 471.79648 | K16: =J19 -> 464.17899 | L16: =K19 -> 470.61066 | M16: =L19 -> 473.95073 | N16: =M19 -> 473.88702 | O16: =N19 -> 483.16743 | P16: =O19 -> 486.15147 | ... R16: =Q19 -> 481.64938
B17: (+) Revolver draw-down | C17: n.a | D17: =SUM(K17:N17) -> 19.052152 | E17: =SUM(O17:R17) -> 8.5443914 | H17: 0 | I17: =MIN(MAX(0,-I12),I20-I16) -> 6.7964753 | J17: =MIN(MAX(0,-J12),J20-J16) -> 0 | K17: =MIN(MAX(0,-K12),K20-K16) -> 6.4316737 | L17: =MIN(MAX(0,-L12),L20-L16) -> 3.3400702 | M17: =MIN(MAX(0,-M12),M20-M16) -> 0 | N17: =MIN(MAX(0,-N12),N20-N16) -> 9.2804081 | O17: =MIN(MAX(0,-O12),O20-O16) -> 2.9840381 | P17: =MIN(MAX(0,-P12),P20-P16) -> 0 | ... R17: =MIN(MAX(0,-R12),R20-R16) -> 5.5603533
B18: (-) Revolver pay-down | C18: n.a | D18: =SUM(K18:N18) -> -0.063711141 | E18: =SUM(O18:R18) -> -4.502086 | H18: 0 | I18: =I13 -> 0 | J18: =J13 -> -7.6174842 | K18: =K13 -> 0 | L18: =L13 -> 0 | M18: =M13 -> -0.063711141 | N18: =N13 -> 0 | O18: =O13 -> 0 | P18: =P13 -> -0.41368073 | ... R18: =R13 -> 0
B19: Ending balance | C19: n.a | D19: =N19 -> 483.16743 | E19: =R19 -> 487.20974 | H19: 465 | I19: =SUM(I16:I17) -> 471.79648 | J19: =SUM(J16:J18) -> 464.17899 | K19: =SUM(K16:K18) -> 470.61066 | L19: =SUM(L16:L18) -> 473.95073 | M19: =SUM(M16:M18) -> 473.88702 | N19: =SUM(N16:N18) -> 483.16743 | O19: =SUM(O16:O18) -> 486.15147 | P19: =SUM(P16:P18) -> 485.73779 | Q19: =SUM(Q16:Q18) -> 481.64938 | R19: =SUM(R16:R18) -> 487.20974
B20: Bank Revolver Commitment | C20: n.a | D20: =N20 -> 750 | E20: =R20 -> 750 | H20: 750 | I20: 750 | J20: 750 | K20: 750 | L20: 750 | M20: 750 | N20: 750 | O20: 750 | P20: 750 | Q20: 750 | R20: 750
B21: Undrawn Revolver Balance | C21: n.a | D21: =N21 -> 266.83257 | E21: =R21 -> 262.79026 | H21: =H20-H19 -> 285 | I21: =I20-I19 -> 278.20352 | J21: =J20-J19 -> 285.82101 | K21: =K20-K19 -> 279.38934 | L21: =L20-L19 -> 276.04927 | M21: =M20-M19 -> 276.11298 | N21: =N20-N19 -> 266.83257 | O21: =O20-O19 -> 263.84853 | ... R21: =R20-R19 -> 262.79026
B23: Interest Expense
B24: Average Balance | C24: =AVERAGE(G24:J24) -> 468.19299 | D24: =AVERAGE(K24:N24) -> 473.03041 | E24: =AVERAGE(O24:R24) -> 484.68181 | I24: =AVERAGE(H19:I19) -> 468.39824 | J24: =AVERAGE(I19:J19) -> 467.98773 | K24: =AVERAGE(J19:K19) -> 467.39483 | L24: =AVERAGE(K19:L19) -> 472.2807 | M24: =AVERAGE(L19:M19) -> 473.91888 | N24: =AVERAGE(M19:N19) -> 478.52723 | O24: =AVERAGE(N19:O19) -> 484.65945 | P24: =AVERAGE(O19:P19) -> 485.94463 | ... R24: =AVERAGE(Q19:R19) -> 484.42956
B25: Effective Interest Rate | C25: =AVERAGE(G25:J25) -> 0.02 | D25: =AVERAGE(K25:N25) -> 0.02 | E25: =AVERAGE(O25:R25) -> 0.02 | I25: 0.02 | J25: =I25 -> 0.02 | K25: =J25 -> 0.02 | L25: =K25 -> 0.02 | M25: =L25 -> 0.02 | N25: =M25 -> 0.02 | O25: =N25 -> 0.02 | P25: =O25 -> 0.02 | Q25: =P25 -> 0.02 | R25: =Q25 -> 0.02
B26: Interest Expense | C26: =SUM(G26:J26) -> 4.6819299 | D26: =SUM(K26:N26) -> 9.4606082 | E26: =SUM(O26:R26) -> 9.6936361 | I26: =(I24*I25)/4 -> 2.3419912 | J26: =(J24*J25)/4 -> 2.3399387 | K26: =(K24*K25)/4 -> 2.3369741 | L26: =(L24*L25)/4 -> 2.3614035 | M26: =(M24*M25)/4 -> 2.3695944 | N26: =(N24*N25)/4 -> 2.3926361 | O26: =(O24*O25)/4 -> 2.4232973 | P26: =(P24*P25)/4 -> 2.4297231 | ... R26: =(R24*R25)/4 -> 2.4221478
B27: Commitment Fee (20 bps) | C27: =SUM(G27:J27) -> 1.1280491 | D27: =SUM(K27:N27) -> 2.1967683 | E27: =SUM(O27:R27) -> 2.1185032 | I27: =(I21*0.002) -> 0.55640705 | J27: =(J21*0.002) -> 0.57164202 | K27: =(K21*0.002) -> 0.55877867 | L27: =(L21*0.002) -> 0.55209853 | M27: =(M21*0.002) -> 0.55222595 | N27: =(N21*0.002) -> 0.53366514 | O27: =(O21*0.002) -> 0.52769706 | P27: =(P21*0.002) -> 0.52852442 | ... R27: =(R21*0.002) -> 0.52558053
B28: Total Interest Expense | C28: =SUM(G28:J28) -> 9.6289789 | D28: =SUM(K28:N28) -> 11.657376 | E28: =SUM(O28:R28) -> 11.812139 | G28: =IS!AF26 -> 1.616 | H28: =IS!AG26 -> 2.203 | I28: =SUM(I26:I27) -> 2.8983982 | J28: =SUM(J26:J27) -> 2.9115807 | K28: =SUM(K26:K27) -> 2.8957528 | L28: =SUM(L26:L27) -> 2.913502 | M28: =SUM(M26:M27) -> 2.9218203 | N28: =SUM(N26:N27) -> 2.9263013 | O28: =SUM(O26:O27) -> 2.9509943 | P28: =SUM(P26:P27) -> 2.9582476 | ... R28: =SUM(R26:R27) -> 2.9477283

Sheet Segments+SG&A
T1: 41834 | U1: 41926 | V1: 42035 | W1: 42124 | X1: 42216 | Y1: 42308 | Z1: 42400 | AA1: 42490 | AB1: 42582 | AC1: 42674 | AD1: 42766 | AE1: 42855
B2: Bob Evans Farms, Inc. | L2: Bob Evans Farms, Inc.
B3: Segment Analysis | L3: Sum-of-the-Parts Analysis - Assumptions
B4: $000, Except Where Noted | L4: $000, Except Where Noted
C6: Annual Summary | T6: FY2015 | X6: FY2016 | AB6: FY2017
C7: 2010 | D7: =+C7+1 -> 2011 | E7: =+D7+1 -> 2012 | F7: =+E7+1 -> 2013 | G7: =+F7+1 -> 2014 | H7: =+G7+1 -> 2015 | I7: =+H7+1 -> 2016 | J7: =+I7+1 -> 2017 | T7: 1QA | U7: 2QA | V7: 3QE | W7: 4QE | X7: 1 | Y7: =X7+1 -> 2 | Z7: =Y7+1 -> 3 | AA7: =Z7+1 -> 4 | AB7: 1 | AC7: =AB7+1 -> 2 | AD7: =AC7+1 -> 3 | AE7: =AD7+1 -> 4
B8: Restaurant Segment | L8: Restaurant SG&A/Sales Assumptions | S8: Restaurant Segment
B9: Revenue | C9: =IS!C9 -> 1411.092 | D9: =IS!D9 -> 1356.933 | E9: =IS!E9 -> 1339.693 | F9: =IS!F9 -> 1001.386 | G9: =IS!G9 -> 956.579 | H9: =SUM(T9:W9) -> 962.20956 | I9: =SUM(X9:AA9) -> 976.6427 | J9: =SUM(AB9:AE9) -> 991.29234 | S9: Revenue | T9: 240.151 | U9: 241.1 | V9: =IS!AD9*(1+V21) -> 245.31612 | W9: =IS!AE9*(1+W21) -> 235.64244 | X9: =T9*(1+X21) -> 243.75326 | Y9: =U9*(1+Y21) -> 244.7165 | Z9: =V9*(1+Z21) -> 248.99586 | AA9: =W9*(1+AA21) -> 239.17708 | AB9: =X9*(1+AB21) -> 247.40956 | AC9: =Y9*(1+AC21) -> 248.38725 | AD9: =Z9*(1+AD21) -> 252.7308 | AE9: =AA9*(1+AE21) -> 242.76473
B10: COGS | C10: =C9*C21 -> 334.4288 | D10: =D9*D21 -> 321.59312 | E10: =E9*E21 -> 322.86601 | F10: =F9*F21 -> 256.35482 | G10: =G9*G21 -> 234.36185 | H10: =SUM(T10:W10) -> 247.61064 | I10: =SUM(X10:AA10) -> 253.9271 | J10: =SUM(AB10:AE10) -> 247.82309 | L10: CASE SELECTION | M10: 1 | O10: Reduction in SG&A/Sales: | P10: 0.005 | S10: COGS | T10: 63.211 | U10: 64.16 | V10: =V$9*V22 -> 61.32903 | W10: =W$9*W22 -> 58.91061 | X10: =X$9*X22 -> 63.375849 | Y10: =Y$9*Y22 -> 63.62629 | Z10: =Z$9*Z22 -> 64.738924 | AA10: =AA$9*AA22 -> 62.18604 | AB10: =AB$9*AB22 -> 61.852391 | AC10: =AC$9*AC22 -> 62.096812 | ... AE10: =AE$9*AE22 -> 60.691183
B11: Wages | C11: =C9*C22 -> 557.38134 | D11: =D9*D22 -> 516.99147 | E11: =E9*E22 -> 501.04518 | F11: =F9*F22 -> 377.52252 | G11: =G9*G22 -> 364.4566 | H11: =SUM(T11:W11) -> 362.19987 | I11: =SUM(X11:AA11) -> 361.3578 | J11: =SUM(AB11:AE11) -> 366.77817 | S11: Wages | T11: 94.64 | U11: 92.01 | V11: =V$9*V23 -> 89.540384 | W11: =W$9*W23 -> 86.009491 | X11: =X$9*X23 -> 90.188708 | Y11: =Y$9*Y23 -> 90.545105 | Z11: =Z$9*Z23 -> 92.128469 | AA11: =AA$9*AA23 -> 88.495518 | AB11: =AB$9*AB23 -> 91.541539 | AC11: =AC$9*AC23 -> 91.903282 | ... AE11: =AE$9*AE23 -> 89.822951
B12: D&A | C12: 49.46 | D12: 48.396 | E12: 50.799 | F12: 56.827 | G12: 63.872 | H12: =SUM(T12:W12) -> 61.383306 | I12: =SUM(X12:AA12) -> 68.364989 | J12: =SUM(AB12:AE12) -> 69.390464 | M12: Base Case (1) | N12: 2 | O12: 3 | P12: 4 | Q12: 5 | S12: D&A | T12: 15.341 | U12: 14.78 | V12: =V$9*V24 -> 15.945548 | W12: =W$9*W24 -> 15.316759 | X12: =X$9*X24 -> 17.062729 | Y12: =Y$9*Y24 -> 17.130155 | Z12: =Z$9*Z24 -> 17.42971 | AA12: =AA$9*AA24 -> 16.742395 | AB12: =AB$9*AB24 -> 17.318669 | AC12: =AC$9*AC24 -> 17.387107 | ... AE12: =AE$9*AE24 -> 16.993531
B13: Other | C13: =C9*C24 -> 246.9411 | D13: =D9*D24 -> 234.74941 | E13: =E9*E24 -> 235.78597 | F13: =F9*F24 -> 172.23839 | G13: =G9*G24 -> 167.40132 | H13: =SUM(T13:W13) -> 166.96796 | I13: =SUM(X13:AA13) -> 166.02926 | J13: =SUM(AB13:AE13) -> 168.5197 | L13: 2015E | M13: =AVERAGE(T26:W26) -> 0.08743865 | N13: =M13-$P$10 -> 0.08243865 | O13: =N13-$P$10 -> 0.07743865 | P13: =O13-$P$10 -> 0.07243865 | Q13: =P13-$P$10 -> 0.06743865 | S13: Other | T13: 42.505 | U13: 42.7 | V13: =V$9*V25 -> 41.70374 | W13: =W$9*W25 -> 40.059215 | X13: =X$9*X25 -> 41.438055 | Y13: =Y$9*Y25 -> 41.601805 | Z13: =Z$9*Z25 -> 42.329297 | AA13: =AA$9*AA25 -> 40.660103 | AB13: =AB$9*AB25 -> 42.059626 | AC13: =AC$9*AC25 -> 42.225832 | ... AE13: =AE$9*AE25 -> 41.270005
B14: SG&A | C14: =C9*C25 -> 95.954256 | D14: =D9*D25 -> 92.271444 | E14: =E9*E25 -> 103.15636 | F14: =F9*F25 -> 80.11088 | G14: =G9*G25 -> 86.09211 | H14: =H9*H25 -> 84.134305 | I14: =I9*I25 -> 83.01463 | J14: =J9*J25 -> 82.277265 | L14: 2016E | M14: =AVERAGE(X26:AA26) -> 0.085 | N14: =M14-$P$10 -> 0.08 | O14: =N14-$P$10 -> 0.075 | P14: =O14-$P$10 -> 0.07 | Q14: =P14-$P$10 -> 0.065 | S14: SG&A | T14: 22.48 | U14: 20.77 | V14: =V$9*V26 -> 20.85187 | W14: =W$9*W26 -> 20.029607 | X14: =X$9*X26 -> 20.719028 | Y14: =Y$9*Y26 -> 20.800902 | Z14: =Z$9*Z26 -> 21.164648 | AA14: =AA$9*AA26 -> 20.330052 | AB14: =AB$9*AB26 -> 20.534994 | AC14: =AC$9*AC26 -> 20.616142 | ... AE14: =AE$9*AE26 -> 20.149473
B15: Operating Income | C15: 77.5 | D15: 73.4 | E15: 86.3 | F15: 69.3 | G15: 27.1 | H15: =H9-SUM(H10:H14) -> 39.913479 | I15: =I9-SUM(I10:I14) -> 43.948922 | J15: =J9-SUM(J10:J14) -> 56.503664 | L15: 2017E | M15: =AVERAGE(AB26:AE26) -> 0.083 | N15: =M15-$P$10 -> 0.078 | O15: =N15-$P$10 -> 0.073 | P15: =O15-$P$10 -> 0.068 | Q15: =P15-$P$10 -> 0.063 | S15: Operating Income | T15: =T9-SUM(T10:T14)-0.258 -> 1.716 | U15: =U9-SUM(U10:U14) -> 6.68 | V15: =V9-SUM(V10:V14) -> 15.945548 | W15: =W9-SUM(W10:W14) -> 15.316759 | X15: =X9-SUM(X10:X14) -> 10.968897 | Y15: =Y9-SUM(Y10:Y14) -> 11.012242 | Z15: =Z9-SUM(Z10:Z14) -> 11.204814 | AA15: =AA9-SUM(AA10:AA14) -> 10.762968 | AB15: =AB9-SUM(AB10:AB14) -> 14.102345 | ... AE15: =AE9-SUM(AE10:AE14) -> 13.83759
B16: Margin % | C16: =C15/C9 -> 0.054922004 | D16: =D15/D9 -> 0.054092575 | E16: =E15/E9 -> 0.064417743 | F16: =F15/F9 -> 0.069204083 | G16: =G15/G9 -> 0.028330122 | H16: =H15/H9 -> 0.041481067 | I16: =I15/I9 -> 0.045 | J16: =J15/J9 -> 0.057 | S16: Margin % | T16: =T15/T9 -> 0.0071455043 | U16: =U15/U9 -> 0.027706346 | V16: =V15/V9 -> 0.065 | W16: =W15/W9 -> 0.065 | X16: =X15/X9 -> 0.045 | Y16: =Y15/Y9 -> 0.045 | Z16: =Z15/Z9 -> 0.045 | AA16: =AA15/AA9 -> 0.045 | ... AE16: =AE15/AE9 -> 0.057
B17: EBITDA | C17: =C15+C12 -> 126.96 | D17: =D15+D12 -> 121.796 | E17: =E15+E12 -> 137.099 | F17: =F15+F12 -> 126.127 | G17: =G15+G12 -> 90.972 | H17: =H15+H12 -> 101.29679 | I17: =I15+I12 -> 112.31391 | J17: =J15+J12 -> 125.89413 | L17: BEF Foods SG&A/Sales Assumptions | S17: EBITDA | T17: =T15+T12 -> 17.057 | U17: =U15+U12 -> 21.46 | V17: =V15+V12 -> 31.891096 | W17: =W15+W12 -> 30.633517 | X17: =X15+X12 -> 28.031625 | Y17: =Y15+Y12 -> 28.142397 | Z17: =Z15+Z12 -> 28.634524 | AA17: =AA15+AA12 -> 27.505364 | ... AE17: =AE15+AE12 -> 30.831121
B18: Margin % | C18: =C17/C9 -> 0.089972872 | D18: =D17/D9 -> 0.089758301 | E18: =E17/E9 -> 0.10233613 | F18: =F17/F9 -> 0.12595243 | G18: =G17/G9 -> 0.095101398 | H18: =H17/H9 -> 0.10527518 | I18: =I17/I9 -> 0.115 | J18: =J17/J9 -> 0.127 | S18: Margin % | T18: =T17/T9 -> 0.071026146 | U18: =U17/U9 -> 0.08900871 | V18: =V17/V9 -> 0.13 | W18: =W17/W9 -> 0.13 | X18: =X17/X9 -> 0.115 | Y18: =Y17/Y9 -> 0.115 | Z18: =Z17/Z9 -> 0.115 | AA18: =AA17/AA9 -> 0.115 | ... AE18: =AE17/AE9 -> 0.127
L19: CASE SELECTION | M19: 1 | O19: Reduction in SG&A/Sales: | P19: 0.005
B20: % of Sales | S20: Drivers
B21: COGS (% of Sales) | C21: 0.237 | D21: 0.237 | E21: 0.241 | F21: 0.256 | G21: 0.245 | H21: =H10/H$9 -> 0.25733546 | I21: =I10/I$9 -> 0.26 | J21: =J10/J$9 -> 0.25 | M21: Base Case (1) | N21: 2 | O21: 3 | P21: 4 | Q21: 5 | S21: SSS Growth | T21: -0.02 | U21: 0 | V21: 0.02 | W21: =V21 -> 0.02 | X21: 0.015 | Y21: =X21 -> 0.015 | Z21: =Y21 -> 0.015 | AA21: =Z21 -> 0.015 | AB21: 0.015 | AC21: =AB21 -> 0.015 | AD21: =AC21 -> 0.015 | AE21: =AD21 -> 0.015
B22: Wages (% of Sales) | C22: 0.395 | D22: 0.381 | E22: 0.374 | F22: 0.377 | G22: 0.381 | H22: =H11/H$9 -> 0.37642515 | I22: =I11/I$9 -> 0.37 | J22: =J11/J$9 -> 0.37 | L22: 2015E | M22: =AVERAGE(T46:W46) -> 0.17386405 | N22: =M22-$P$19 -> 0.16886405 | O22: =N22-$P$19 -> 0.16386405 | P22: =O22-$P$19 -> 0.15886405 | Q22: =P22-$P$19 -> 0.15386405 | S22: COGS (% of Sales) | T22: =T10/T9 -> 0.26321356 | U22: =U10/U9 -> 0.26611365 | V22: 0.25 | W22: =V22 -> 0.25 | X22: 0.26 | Y22: =X22 -> 0.26 | Z22: =Y22 -> 0.26 | AA22: =Z22 -> 0.26 | AB22: 0.25 | AC22: =AB22 -> 0.25 | AD22: =AC22 -> 0.25 | AE22: =AD22 -> 0.25
B23: D&A (% of Sales) | C23: =C12/C$9 -> 0.035050868 | D23: =D12/D$9 -> 0.035665726 | E23: =E12/E$9 -> 0.037918389 | F23: =F12/F$9 -> 0.056748347 | G23: =G12/G$9 -> 0.066771276 | H23: =H12/H$9 -> 0.063794114 | I23: =I12/I$9 -> 0.07 | J23: =J12/J$9 -> 0.07 | L23: 2016E | M23: =AVERAGE(X46:AA46) -> 0.165 | N23: =M23-$P$19 -> 0.16 | O23: =N23-$P$19 -> 0.155 | P23: =O23-$P$19 -> 0.15 | Q23: =P23-$P$19 -> 0.145 | S23: Wages (% of Sales) | T23: =T11/T$9 -> 0.39408539 | U23: =U11/U$9 -> 0.38162588 | V23: 0.365 | W23: =V23 -> 0.365 | X23: 0.37 | Y23: =X23 -> 0.37 | Z23: =Y23 -> 0.37 | AA23: =Z23 -> 0.37 | AB23: 0.37 | AC23: =AB23 -> 0.37 | AD23: =AC23 -> 0.37 | AE23: =AD23 -> 0.37
B24: Other (% of Sales) | C24: 0.175 | D24: 0.173 | E24: 0.176 | F24: 0.172 | G24: 0.175 | H24: =H13/H$9 -> 0.17352556 | I24: =I13/I$9 -> 0.17 | J24: =J13/J$9 -> 0.17 | L24: 2017E | M24: =AVERAGE(AB46:AE46) -> 0.16 | N24: =M24-$P$19 -> 0.155 | O24: =N24-$P$19 -> 0.15 | P24: =O24-$P$19 -> 0.145 | Q24: =P24-$P$19 -> 0.14 | S24: D&A (% of Sales) | T24: =T12/T$9 -> 0.063880642 | U24: =U12/U$9 -> 0.061302364 | V24: 0.065 | W24: =V24 -> 0.065 | X24: 0.07 | Y24: =X24 -> 0.07 | Z24: =Y24 -> 0.07 | AA24: =Z24 -> 0.07 | AB24: 0.07 | AC24: =AB24 -> 0.07 | AD24: =AC24 -> 0.07 | AE24: =AD24 -> 0.07
B25: SG&A (% of Sales) | C25: 0.068 | D25: 0.068 | E25: 0.077 | F25: 0.08 | G25: 0.09 | H25: =OFFSET($L$13,0,$M$10) -> 0.08743865 | I25: =OFFSET($L$14,0,$M$10) -> 0.085 | J25: =OFFSET(L15,0,$M$10) -> 0.083 | S25: Other (% of Sales) | T25: =T13/T$9 -> 0.17699281 | U25: =U13/U$9 -> 0.17710494 | V25: 0.17 | W25: =V25 -> 0.17 | X25: 0.17 | Y25: =X25 -> 0.17 | Z25: =Y25 -> 0.17 | AA25: =Z25 -> 0.17 | AB25: 0.17 | AC25: =AB25 -> 0.17 | AD25: =AC25 -> 0.17 | AE25: =AD25 -> 0.17
S26: SG&A (% of Sales) | T26: =T14/T$9 -> 0.093607772 | U26: =U14/U$9 -> 0.086146827 | V26: 0.085 | W26: =V26 -> 0.085 | X26: 0.085 | Y26: =X26 -> 0.085 | Z26: =Y26 -> 0.085 | AA26: =Z26 -> 0.085 | AB26: 0.083 | AC26: =AB26 -> 0.083 | AD26: =AC26 -> 0.083 | AE26: =AD26 -> 0.083
B27: Same Store Sales % | C27: =IS!C41 -> -0.035 | D27: =IS!D41 -> -0.009 | E27: =IS!E41 -> -0.006 | F27: =IS!F41 -> 0.01 | G27: =IS!G41 -> -0.021 | H27: =AVERAGE(T21:W21) -> 0.005 | I27: =AVERAGE(X21:AA21) -> 0.015 | J27: =AVERAGE(AB21:AE21) -> 0.015 | M27: 2015E | N27: 2016E | O27: 2017E | P27: 3-Year Total
B28: Number of Locations | C28: 569 | D28: 563 | E28: 565 | F28: 560 | G28: 562 | H28: =IS!H40 -> 563 | I28: =IS!I40 -> 571 | J28: =IS!J40 -> 579 | L28: Consolidated Reduction in SG&A | M28: =(G14-H14)+(G48-H48) -> 6.442635 | N28: =(H14-I14)+(H48-I48) -> 3.2184038 | O28: =(I14-J14)+(I48-J48) -> 1.4298943 | P28: =SUM(M28:O28) -> 11.090933 | S28: BEF Foods Segment
B29: Stores Owned | C29: 491 | D29: 486 | E29: 489 | F29: 482 | G29: 480 | H29: =G29 -> 480 | I29: =H29 -> 480 | J29: =I29 -> 480 | L29: Net Income Improvement (Post-Tax) | M29: =M28*(1-IS!H30) -> 5.0551293 | N29: =N28*(1-IS!I30) -> 2.3172508 | O29: =O28*(1-IS!J30) -> 1.0295239 | P29: =SUM(M29:O29) -> 8.401904 | S29: Revenue Ex-Interseg. Food Sales | T29: 86.19 | U29: 92.13 | V29: =(IS!AD11+IS!AD13)*(1+V41) -> 101.61852 | W29: =(IS!AE11+IS!AE13)*(1+W41) -> 97.25598 | X29: =T29*(1+X41) -> 87.9138 | Y29: =U29*(1+Y41) -> 93.9726 | Z29: =V29*(1+Z41) -> 103.65089 | AA29: =W29*(1+AA41) -> 99.2011 | AB29: =X29*(1+AB41) -> 89.672076 | AC29: =Y29*(1+AC41) -> 95.852052 | AD29: =Z29*(1+AD41) -> 105.72391 | AE29: =AA29*(1+AE41) -> 101.18512
B30: % Owned | C30: =C29/C28 -> 0.8629174 | D30: =D29/D28 -> 0.86323268 | E30: =E29/E28 -> 0.86548673 | F30: =F29/F28 -> 0.86071429 | G30: =G29/G28 -> 0.85409253 | H30: =H29/H28 -> 0.85257549 | I30: =I29/I28 -> 0.84063047 | J30: =J29/J28 -> 0.82901554 | L30: Shares Outstanding | M30: =IS!H31 -> 23.50139 | N30: =IS!I31 -> 23.104171 | O30: =IS!J31 -> 22.706951 | S30: COGS | T30: 50.252 | U30: 51.847 | V30: =V$29*V42 -> 54.874001 | W30: =W$29*W42 -> 52.518229 | X30: =X$29*X42 -> 46.594314 | Y30: =Y$29*Y42 -> 49.805478 | Z30: =Z$29*Z42 -> 54.934972 | AA30: =AA$29*AA42 -> 52.576583 | AB30: =AB$29*AB42 -> 46.181119 | AC30: =AC$29*AC42 -> 49.363807 | ... AE30: =AE$29*AE42 -> 52.110338
L31: EPS Accretion | M31: =M29/M30 -> 0.21509916 | N31: =N29/N30 -> 0.10029578 | O31: =O29/O30 -> 0.045339593 | P31: =SUM(M31:O31) -> 0.36073453 | S31: Wages | T31: 9.589 | U31: 10.779 | V31: =V$29*V43 -> 10.669945 | W31: =W$29*W43 -> 10.211878 | X31: =X$29*X43 -> 9.230949 | Y31: =Y$29*Y43 -> 9.867123 | Z31: =Z$29*Z43 -> 10.883343 | AA31: =AA$29*AA43 -> 10.416115 | AB31: =AB$29*AB43 -> 9.2362238 | AC31: =AC$29*AC43 -> 9.8727614 | ... AE31: =AE$29*AE43 -> 10.422068
B32: Sales / Store / Day | C32: =C9/C28/360*1000000 -> 6888.7522 | D32: =D9/D28/360*1000000 -> 6694.9526 | E32: =E9/E28/360*1000000 -> 6586.4946 | F32: =F9/F28/360*1000000 -> 4967.1925 | G32: =G9/G28/360*1000000 -> 4728.0496 | H32: =H36*16*H34 -> 4749.3258 | I32: =I36*16*I34 -> 4770.6978 | J32: =J36*16*J34 -> 4792.166 | L32: Consolidated SG&A as % of Revenue | M32: =(H14+H48)/IS!H7 -> 0.11177806 | N32: =(I14+I48)/IS!I7 -> 0.10760871 | O32: =(J14+J48)/IS!J7 -> 0.10613625 | S32: Depreciation and Amortization | T32: 4.632 | U32: 4.686 | V32: =V$29*V44 -> 5.080926 | W32: =W$29*W44 -> 4.862799 | X32: =X$29*X44 -> 4.39569 | Y32: =Y$29*Y44 -> 4.69863 | Z32: =Z$29*Z44 -> 5.1825445 | AA32: =AA$29*AA44 -> 4.960055 | AB32: =AB$29*AB44 -> 4.4836038 | AC32: =AC$29*AC44 -> 4.7926026 | ... AE32: =AE$29*AE44 -> 5.0592561
B33: % Growth | D33: =D32/C32-1 -> -0.028132753 | E33: =E32/D32-1 -> -0.016199972 | F33: =F32/E32-1 -> -0.24585189 | G33: =G32/F32-1 -> -0.048144467 | H33: =H32/G32-1 -> 0.0045 | I33: =I32/H32-1 -> 0.0045 | J33: =J32/I32-1 -> 0.0045 | S33: Other | T33: 7.003 | U33: 7.271 | V33: =V$29*V45 -> 7.9262446 | W33: =W$29*W45 -> 7.5859664 | X33: =X$29*X45 -> 6.7693626 | Y33: =Y$29*Y45 -> 7.2358902 | Z33: =Z$29*Z45 -> 7.9811186 | AA33: =AA$29*AA45 -> 7.6384847 | AB33: =AB$29*AB45 -> 6.8150778 | AC33: =AC$29*AC45 -> 7.284756 | ... AE33: =AE$29*AE45 -> 7.6900692
B34: Average Check size ($) | C34: 8.2 | D34: 8.45 | E34: 8.64 | F34: 8.92 | G34: 9.23 | H34: =G34*(1+H35) -> 9.46075 | I34: =H34*(1+I35) -> 9.6972687 | J34: =I34*(1+J35) -> 9.9397005 | S34: SG&A | T34: 16.37 | U34: 15.25 | V34: =V$29*V46 -> 17.275148 | W34: =W$29*W46 -> 16.533517 | X34: =X$29*X46 -> 14.505777 | Y34: =Y$29*Y46 -> 15.505479 | Z34: =Z$29*Z46 -> 17.102397 | AA34: =AA$29*AA46 -> 16.368181 | AB34: =AB$29*AB46 -> 14.347532 | AC34: =AC$29*AC46 -> 15.336328 | ... AE34: =AE$29*AE46 -> 16.189619
B35: % Growth | D35: =D34/C34-1 -> 0.030487805 | E35: =E34/D34-1 -> 0.022485207 | F35: =F34/E34-1 -> 0.032407407 | G35: =G34/F34-1 -> 0.034753363 | H35: 0.025 | I35: =H35 -> 0.025 | J35: =I35 -> 0.025 | S35: Operating Income | T35: =T29-SUM(T30:T34) -> -1.656 | U35: =U29-SUM(U30:U34) -> 2.297 | V35: =V29-SUM(V30:V34) -> 5.7922556 | W35: =W29-SUM(W30:W34) -> 5.5435909 | X35: =X29-SUM(X30:X34) -> 6.4177074 | Y35: =Y29-SUM(Y30:Y34) -> 6.8599998 | Z35: =Z29-SUM(Z30:Z34) -> 7.566515 | AA35: =AA29-SUM(AA30:AA34) -> 7.2416803 | ... AE35: =AE29-SUM(AE30:AE34) -> 9.7137717
B36: Daily Customers/Hour (16 hr/day) | C36: =C32/C34/16 -> 52.505733 | D36: =D32/D34/16 -> 49.51888 | E36: =E32/E34/16 -> 47.64536 | F36: =F32/F34/16 -> 34.803759 | G36: =G32/G34/16 -> 32.015504 | H36: =G36*(1+H37) -> 31.375194 | I36: =H36*(1+I37) -> 30.74769 | J36: =I36*(1+J37) -> 30.132736 | S36: Margin % | T36: =T35/T29 -> -0.019213366 | U36: =U35/U29 -> 0.024932161 | V36: =V35/V29 -> 0.057 | W36: =W35/W29 -> 0.057 | X36: =X35/X29 -> 0.073 | Y36: =Y35/Y29 -> 0.073 | Z36: =Z35/Z29 -> 0.073 | AA36: =AA35/AA29 -> 0.073 | ... AE36: =AE35/AE29 -> 0.096
B37: % Growth | D37: =D36/C36-1 -> -0.056886222 | E37: =E36/D36-1 -> -0.037834463 | F37: =F36/E36-1 -> -0.2695247 | G37: =G36/F36-1 -> -0.080113613 | H37: -0.02 | I37: =H37 -> -0.02 | J37: =I37 -> -0.02 | S37: EBITDA | T37: =T35+T32 -> 2.976 | U37: =U35+U32 -> 6.983 | V37: =V35+V32 -> 10.873182 | W37: =W35+W32 -> 10.40639 | X37: =X35+X32 -> 10.813397 | Y37: =Y35+Y32 -> 11.55863 | Z37: =Z35+Z32 -> 12.74906 | AA37: =AA35+AA32 -> 12.201735 | ... AE37: =AE35+AE32 -> 14.773028
B38: Store Size (Sq. ft) | C38: 5000 | D38: 5000 | E38: 5000 | F38: 5000 | G38: 5000 | H38: 5000 | I38: 5000 | J38: 5000 | S38: Margin % | T38: =T37/T29 -> 0.034528368 | U38: =U37/U29 -> 0.075795072 | V38: =V37/V29 -> 0.107 | W38: =W37/W29 -> 0.107 | X38: =X37/X29 -> 0.123 | Y38: =Y37/Y29 -> 0.123 | Z38: =Z37/Z29 -> 0.123 | AA38: =AA37/AA29 -> 0.123 | ... AE38: =AE37/AE29 -> 0.146
B39: Sales / Sq. ft | C39: =((C9/C28)/C38)*1000000 -> 495.99016 | D39: =((D9/D28)/D38)*1000000 -> 482.03659 | E39: =((E9/E28)/E38)*1000000 -> 474.22761 | F39: =((F9/F28)/F38)*1000000 -> 357.63786 | G39: =((G9/G28)/G38)*1000000 -> 340.41957 | H39: =G39 -> 340.41957 | I39: =H39 -> 340.41957 | J39: =I39 -> 340.41957
B40: Weekly Sales | C40: =C9/52 -> 27.136385 | D40: =D9/52 -> 26.094865 | E40: =E9/52 -> 25.763327 | F40: =F9/52 -> 19.257423 | G40: =G9/52 -> 18.39575 | H40: =H9/52 -> 18.50403 | I40: =I9/52 -> 18.78159 | J40: =J9/52 -> 19.063314 | S40: Drivers
S41: Revenue Growth | T41: -0.011 | U41: 0.003 | V41: 0.02 | W41: =V41 -> 0.02 | X41: 0.02 | Y41: =X41 -> 0.02 | Z41: =Y41 -> 0.02 | AA41: =Z41 -> 0.02 | AB41: 0.02 | AC41: =AB41 -> 0.02 | AD41: =AC41 -> 0.02 | AE41: =AD41 -> 0.02
B42: Food Products Segment | S42: COGS (% of Sales) | T42: =T30/T$29 -> 0.58303748 | U42: =U30/U$29 -> 0.56275914 | V42: 0.54 | W42: =V42 -> 0.54 | X42: 0.53 | Y42: =X42 -> 0.53 | Z42: =Y42 -> 0.53 | AA42: =Z42 -> 0.53 | AB42: 0.515 | AC42: =AB42 -> 0.515 | AD42: =AC42 -> 0.515 | AE42: =AD42 -> 0.515
B43: Revenue Ex-Interseg. Food Sales | C43: =IS!C11 -> 327.674 | D43: =IS!D11 -> 333.606 | E43: =IS!E11 -> 329.165 | F43: =IS!F11 -> 371.584 | G43: =IS!G11 -> 382.871 | H43: =SUM(T29:W29) -> 377.1945 | I43: =SUM(X29:AA29) -> 384.73839 | J43: =SUM(AB29:AE29) -> 392.43316 | S43: Wages (% of Sales) | T43: =T31/T$29 -> 0.11125421 | U43: =U31/U$29 -> 0.11699772 | V43: 0.105 | W43: =V43 -> 0.105 | X43: 0.105 | Y43: =X43 -> 0.105 | Z43: =Y43 -> 0.105 | AA43: =Z43 -> 0.105 | AB43: 0.103 | AC43: =AB43 -> 0.103 | AD43: =AC43 -> 0.103 | AE43: =AD43 -> 0.103
B44: COGS | C44: =C43*C55 -> 179.23768 | D44: =D43*D55 -> 191.82345 | E44: =E43*E55 -> 167.21582 | F44: =F43*F55 -> 203.99962 | G44: =G43*G55 -> 203.87881 | H44: =SUM(T30:W30) -> 209.49123 | I44: =SUM(U30:X30) -> 205.83354 | J44: =SUM(V30:Y30) -> 203.79202 | S44: D&A (% of Sales) | T44: =T32/T$29 -> 0.053741733 | U44: =U32/U$29 -> 0.050862911 | V44: 0.05 | W44: =V44 -> 0.05 | X44: 0.05 | Y44: =X44 -> 0.05 | Z44: =Y44 -> 0.05 | AA44: =Z44 -> 0.05 | AB44: 0.05 | AC44: =AB44 -> 0.05 | AD44: =AC44 -> 0.05 | AE44: =AD44 -> 0.05
B45: Wages | C45: =C43*C56 -> 33.422748 | D45: =D43*D56 -> 29.357328 | E45: =E43*E56 -> 35.220655 | F45: =F43*F56 -> 40.502656 | G45: =G43*G56 -> 42.11581 | H45: =SUM(T31:W31) -> 41.249823 | I45: =SUM(U31:X31) -> 40.891771 | J45: =SUM(V31:Y31) -> 39.979895 | S45: Other (% of Sales) | T45: =T33/T$29 -> 0.081250725 | U45: =U33/U$29 -> 0.07892109 | V45: 0.078 | W45: =V45 -> 0.078 | X45: 0.077 | Y45: =X45 -> 0.077 | Z45: =Y45 -> 0.077 | AA45: =Z45 -> 0.077 | AB45: 0.076 | AC45: =AB45 -> 0.076 | AD45: =AC45 -> 0.076 | AE45: =AD45 -> 0.076
B46: Depreciation and Amortization | C46: 9.552 | D46: 10.085 | E46: 9.465 | F46: 12.492 | G46: 15.584 | H46: =SUM(T32:W32) -> 19.261725 | I46: =SUM(U32:X32) -> 19.025415 | J46: =SUM(V32:Y32) -> 19.038045 | S46: SG&A (% of Sales) | T46: =T34/T$29 -> 0.18992923 | U46: =U34/U$29 -> 0.16552697 | V46: 0.17 | W46: =V46 -> 0.17 | X46: 0.165 | Y46: =X46 -> 0.165 | Z46: =Y46 -> 0.165 | AA46: =Z46 -> 0.165 | AB46: 0.16 | AC46: =AB46 -> 0.16 | AD46: =AC46 -> 0.16 | AE46: =AD46 -> 0.16
B47: Other | C47: =C58*C43 -> 16.711374 | D47: =D58*D43 -> 20.349966 | E47: =E58*E43 -> 26.662365 | F47: =F58*F43 -> 33.814144 | G47: =G58*G43 -> 30.62968 | H47: =SUM(T33:W33) -> 29.786211 | I47: =SUM(U33:X33) -> 29.552574 | J47: =SUM(V33:Y33) -> 29.517464
B48: SG&A | C48: =C59*C43 -> 64.551778 | D48: =D59*D43 -> 60.382686 | E48: =E59*E43 -> 70.770475 | F48: =F59*F43 -> 68.74304 | G48: =G59*G43 -> 70.065393 | H48: =H43*H59 -> 65.580563 | I48: =I43*I59 -> 63.481834 | J48: =J43*J59 -> 62.789305
B49: Operating Income | C49: 21.3 | D49: 22.8 | E49: 20.2 | F49: 18.6 | G49: 6 | H49: =H43-SUM(H44:H48) -> 11.824948 | I49: =I43-SUM(I44:I48) -> 25.953252 | J49: =J43-SUM(J44:J48) -> 37.316427
B50: Margin % | C50: =C49/C43 -> 0.065003632 | D50: =D49/D43 -> 0.068344095 | E50: =E49/E43 -> 0.061367399 | F50: =F49/F43 -> 0.050055977 | G50: =G49/G43 -> 0.015671075 | H50: =H49/H43 -> 0.031349737 | I50: =I49/I43 -> 0.06745688 | J50: =J49/J43 -> 0.095089894
B51: EBITDA | C51: =C49+C46 -> 30.852 | D51: =D49+D46 -> 32.885 | E51: =E49+E46 -> 29.665 | F51: =F49+F46 -> 31.092 | G51: =G49+G46 -> 21.584 | H51: =H49+H46 -> 31.086673 | I51: =I49+I46 -> 44.978667 | J51: =J49+J46 -> 56.354472
B52: Margin % | C52: =C51/C43 -> 0.094154556 | D52: =D51/D43 -> 0.098574366 | E52: =E51/E43 -> 0.090121975 | F52: =F51/F43 -> 0.083674216 | G52: =G51/G43 -> 0.056374079 | H52: =H51/H43 -> 0.0824155 | I52: =I51/I43 -> 0.11690714 | J52: =J51/J43 -> 0.14360273
B54: % of Sales
B55: COGS (% of Sales) | C55: 0.547 | D55: 0.575 | E55: 0.508 | F55: 0.549 | G55: 0.5325 | H55: =H44/H$43 -> 0.55539312 | I55: =I44/I$43 -> 0.53499612 | J55: =J44/J$43 -> 0.51930378
B56: Wages (% of Sales) | C56: 0.102 | D56: 0.088 | E56: 0.107 | F56: 0.109 | G56: 0.11 | H56: =H45/H$43 -> 0.10935955 | I56: =I45/I$43 -> 0.10628461 | J56: =J45/J$43 -> 0.10187695
B57: D&A (% of Sales) | C57: =C46/C$43 -> 0.029150924 | D57: =D46/D$43 -> 0.030230272 | E57: =E46/E$43 -> 0.028754576 | F57: =F46/F$43 -> 0.03361824 | G57: =G46/G$43 -> 0.040703004 | H57: =H46/H$43 -> 0.051065763 | I57: =I46/I$43 -> 0.049450264 | J57: =J46/J$43 -> 0.048512835
B58: Other (% of Sales) | C58: 0.051 | D58: 0.061 | E58: 0.081 | F58: 0.091 | G58: 0.08 | H58: =H47/H$43 -> 0.078967777 | I58: =I47/I$43 -> 0.076812126 | J58: =J47/J$43 -> 0.075216539
B59: SG&A (% of Sales) | C59: 0.197 | D59: 0.181 | E59: 0.215 | F59: 0.185 | G59: 0.183 | H59: =OFFSET($L$22,0,$M$19) -> 0.17386405 | I59: =OFFSET($L$23,0,$M$19) -> 0.165 | J59: =OFFSET($L$24,0,$M$19) -> 0.16

Sheet Sale-Leaseback+Valuation
B2: Bob Evans Farms, Inc. | I2: Bob Evans Farms, Inc.
B3: Sale-Leaseback + Value Creation | I3: Pro-Forma Valuation
B4: $000, Except Where Noted | I4: $000, Except Where Noted
B6: Effects of Potential FY2015 Sale-Leaseback | I6: Pro-Forma Valuation
B8: CASE SELECTION | C8: 3 | J8: 2015E | K8: 2016E | L8: 2017E
I9: EBITDA
C10: Case 1 | D10: Case 2 | E10: Case 3 (Base) | F10: Case 4 | G10: Case 5 | I10: Restaurants | J10: ='Segments+SG&A'!H17 -> 101.29679 | K10: ='Segments+SG&A'!I17 -> 112.31391 | L10: ='Segments+SG&A'!J17 -> 125.89413
B11: Total Restaurants Sold | C11: =D11-50 -> 50 | D11: =E11-50 -> 100 | E11: 150 | F11: =E11+50 -> 200 | G11: =F11+50 -> 250 | I11: BEF Foods | J11: ='Segments+SG&A'!H51 -> 31.086673 | K11: ='Segments+SG&A'!I51 -> 44.978667 | L11: ='Segments+SG&A'!J51 -> 56.354472
B12: Store Size (Sq. Ft) | C12: =D12 -> 5000 | D12: =E12 -> 5000 | E12: 5000 | F12: =E12 -> 5000 | G12: =F12 -> 5000 | I12: Total EBITDA | J12: =SUM(J10:J11) -> 132.38346 | K12: =SUM(K10:K11) -> 157.29258 | L12: =SUM(L10:L11) -> 182.2486
B13: Sales per Square Foot | C13: =D13-5 -> 330.41957 | D13: =E13-5 -> 335.41957 | E13: ='Segments+SG&A'!H39 -> 340.41957 | F13: =E13+5 -> 345.41957 | G13: =F13+5 -> 350.41957
B14: Cap Rate | C14: =D14+0.005 -> 0.09 | D14: =E14+0.005 -> 0.085 | E14: 0.08 | F14: =E14-0.005 -> 0.075 | G14: =F14-0.005 -> 0.07 | I14: SG&A Savings
B15: Proceeds from Sale-Leaseback | C15: =C11*C12*C13/C14/10000000 -> 91.783215 | D15: =D11*D12*D13/D14/10000000 -> 197.30563 | E15: =E11*E12*E13/E14/10000000 -> 319.14335 | F15: =F11*F12*F13/F14/10000000 -> 460.55943 | G15: =G11*G12*G13/G14/10000000 -> 625.74924 | I15: Restaurants | J15: ='Segments+SG&A'!G14-'Segments+SG&A'!H14 -> 1.9578053 | K15: ='Segments+SG&A'!H14-'Segments+SG&A'!I14 -> 1.1196749 | L15: ='Segments+SG&A'!I14-'Segments+SG&A'!J14 -> 0.73736524
B16: Rent (% of Sales) | C16: =D16+0.005 -> 0.075 | D16: =E16+0.005 -> 0.07 | E16: 0.065 | F16: =E16-0.005 -> 0.06 | G16: =F16-0.005 -> 0.055 | I16: BEF Foods | J16: ='Segments+SG&A'!G48-'Segments+SG&A'!H48 -> 4.4848297 | K16: ='Segments+SG&A'!H48-'Segments+SG&A'!I48 -> 2.098729 | L16: ='Segments+SG&A'!I48-'Segments+SG&A'!J48 -> 0.6925291
B17: Annual Rent Expense | C17: =C16*'Segments+SG&A'!$H$9 -> 72.165717 | D17: =D16*'Segments+SG&A'!$H$9 -> 67.354669 | E17: =E16*'Segments+SG&A'!$H$9 -> 62.543621 | F17: =F16*'Segments+SG&A'!$H$9 -> 57.732574 | G17: =G16*'Segments+SG&A'!$H$9 -> 52.921526 | I17: Total SG&A Savings | J17: =SUM(J15:J16) -> 6.442635 | K17: =SUM(K15:K16) -> 3.2184038 | L17: =SUM(L15:L16) -> 1.4298943
B18: Annual Rent per Unit | C18: =C17/'Segments+SG&A'!$G$29 -> 0.15034524 | D18: =D17/'Segments+SG&A'!$G$29 -> 0.14032223 | E18: =E17/'Segments+SG&A'!$G$29 -> 0.13029921 | F18: =F17/'Segments+SG&A'!$G$29 -> 0.12027619 | G18: =G17/'Segments+SG&A'!$G$29 -> 0.11025318
B19: Incremental Rent Expense ($m) | C19: =C18*C11 -> 7.5172622 | D19: =D18*D11 -> 14.032223 | E19: =E18*E11 -> 19.544882 | F19: =F18*F11 -> 24.055239 | G19: =G18*G11 -> 27.563295 | I19: Pro-Forma EBITDA
I20: Restaurants | J20: =J10+J15 -> 103.25459 | K20: =K10+K15 -> 113.43359 | L20: =L10+L15 -> 126.63149
B21: (Note: Red Lobster Transaction: 7.9% cap rate, 6.7% rent as % of sales) | I21: BEF Foods | J21: =J16+J11 -> 35.571503 | K21: =K16+K11 -> 47.077396 | L21: =L16+L11 -> 57.047001
I22: Pro-Forma EBITDA | J22: =SUM(J20:J21) -> 138.82609 | K22: =SUM(K20:K21) -> 160.51098 | L22: =SUM(L20:L21) -> 183.67849
B23: Value Creation
C24: Case 1 | D24: Case 2 | E24: Case 3 (Base) | F24: Case 4 | G24: Case 5 | I24: Pro-Forma Restaurant EBITDA | J24: =J20 -> 103.25459 | K24: =K20 -> 113.43359 | L24: =L20 -> 126.63149
B25: Sale-Leaseback Proceeds (Value Created) | C25: =C15 -> 91.783215 | D25: =D15 -> 197.30563 | E25: =E15 -> 319.14335 | F25: =F15 -> 460.55943 | G25: =G15 -> 625.74924 | I25: Less: Incremental Rent Expense | J25: =OFFSET(B19,0,$C$8) -> 19.544882 | K25: =J25 -> 19.544882 | L25: =K25 -> 19.544882
I26: Adjusted Restaurant EBITDA | J26: =J24-J25 -> 83.709709 | K26: =K24-K25 -> 93.888704 | L26: =L24-L25 -> 107.08661
B27: EBITDA Reduction from Incremental Rent | C27: =C19 -> 7.5172622 | D27: =D19 -> 14.032223 | E27: =E19 -> 19.544882 | F27: =F19 -> 24.055239 | G27: =G19 -> 27.563295 | I27: Restaurant EBITDA Multiple | J27: 9.5 | K27: =J27-0.5 -> 9 | L27: =K27-0.5 -> 8.5
B28: EBITDA Multiple (BOBE NTM) | C28: 10 | D28: 10 | E28: 10 | F28: 10 | G28: 10 | I28: Restaurant Segment Value | J28: =J26*J27 -> 795.24224 | K28: =K26*K27 -> 844.99834 | L28: =L26*L27 -> 910.2362
B29: Value Lost | C29: =C28*C27 -> 75.172622 | D29: =D28*D27 -> 140.32223 | E29: =E28*E27 -> 195.44882 | F29: =F28*F27 -> 240.55239 | G29: =G28*G27 -> 275.63295
I30: Pro-Forma BEF Foods EBITDA | J30: =J21 -> 35.571503 | K30: =K21 -> 47.077396 | L30: =L21 -> 57.047001
B31: Net Value Creation | C31: =C25-C29 -> 16.610593 | D31: =D25-D29 -> 56.983404 | E31: =E25-E29 -> 123.69453 | F31: =F25-F29 -> 220.00704 | G31: =G25-G29 -> 350.11629 | I31: Packaged Foods EBITDA Multiple | J31: 11.5 | K31: =J31-0.5 -> 11 | L31: =K31-0.5 -> 10.5
B32: Shares Outstanding | C32: =IS!$H$31 -> 23.50139 | D32: =IS!$H$31 -> 23.50139 | E32: =IS!$H$31 -> 23.50139 | F32: =IS!$H$31 -> 23.50139 | G32: =IS!$H$31 -> 23.50139 | I32: BEF Foods Segment Value | J32: =J30*J31 -> 409.07228 | K32: =K30*K31 -> 517.85135 | L32: =L30*L31 -> 598.99351
B33: Value Created/Share (Pre-Buyback) | C33: =C31/C32 -> 0.70679192 | D33: =D31/D32 -> 2.4246822 | E33: =E31/E32 -> 5.2632858 | F33: =F31/F32 -> 9.3614479 | G33: =G31/G32 -> 14.897684
B34: Shares Repurchased w/ Proceeds | C34: =C25/Summary!$E$7 -> 1.822904 | D34: =D25/Summary!$E$7 -> 3.9186819 | E34: =E25/Summary!$E$7 -> 6.3384975 | F34: =F25/Summary!$E$7 -> 9.1471585 | G34: =G25/Summary!$E$7 -> 12.427989 | I34: Pro-Forma Asset Value | J34: =+J32+J28 -> 1204.3145 | K34: =+K32+K28 -> 1362.8497 | L34: =+L32+L28 -> 1509.2297
B35: Pro-Forma Shares Outstanding | C35: =C32-C34 -> 21.678486 | D35: =D32-D34 -> 19.582708 | E35: =E32-E34 -> 17.162893 | F35: =F32-F34 -> 14.354232 | G35: =G32-G34 -> 11.073401 | I35: Less: Net Debt | J35: =BS!H41 -> 459.57899 | K35: =BS!I41 -> 478.56743 | L35: =BS!J41 -> 482.60974
B36: Value Created/Share (Post-Buyback) | C36: =C31/C35 -> 0.76622475 | D36: =D31/D35 -> 2.9098837 | E36: =E31/E35 -> 7.2070912 | F36: =F31/F35 -> 15.326981 | G36: =G31/G35 -> 31.617773 | I36: Equity Value | J36: =J34-J35 -> 744.73553 | K36: =K34-K35 -> 884.28226 | L36: =L34-L35 -> 1026.62
I38: Intrinsic Value
I40: Shares Outstanding | J40: =IS!H31 -> 23.50139 | K40: =IS!I31 -> 23.104171 | L40: =IS!J31 -> 22.706951
I41: One-time Revenues from Sale-Leaseback | J41: =OFFSET(B15,0,$C$8) -> 319.14335 | K41: =J41 -> 319.14335 | L41: =K41 -> 319.14335
I42: Assumed Price per Share | J42: =Summary!E7 -> 50.35 | K42: =J42 -> 50.35 | L42: =K42 -> 50.35
I43: Shares Repurchased (m) | J43: =J41/J42 -> 6.3384975 | K43: =K41/K42 -> 6.3384975 | L43: =L41/L42 -> 6.3384975
I44: Pro-Forma Shares Outstanding | J44: =J40-J43 -> 17.162893 | K44: =K40-K43 -> 16.765673 | L44: =L40-L43 -> 16.368454
I45: Intrinsic Price per Share | J45: =J36/J44 -> 43.392192 | K45: =K36/K44 -> 52.743617 | L45: =L36/L44 -> 62.719423
I46: (Discount) / Premium to Current | J46: =J45/Summary!$E$7-1 -> -0.13818885 | K46: =K45/Summary!$E$7-1 -> 0.047539568 | L46: =L45/Summary!$E$7-1 -> 0.24566877

Sheet Holders
B2: Bob Evans Farms, Inc.
B3: Top Holders
B5: Holder | C5: Amount (mm) | D5: % of Shares Out | E5: Market Value (mm) | F5: Q/Q Change in Shares | G5: % Change | H5: Position Date
B6: River Road Asset Management, LLC | C6: 2380610 | D6: 0.10086 | E6: 118.5 | F6: 56866 | G6: 0.0245 | H6: 41912
B7: Discovery Capital Management, LLC | C7: 2100000 | D7: 0.08898 | E7: 104.5 | F7: 100000 | G7: 0.05 | H7: 41976
B8: BlackRock, Inc. (NYSE:BLK) | C8: 1982079 | D8: 0.08398 | E8: 98.6 | F8: -118159 | G8: -0.0563 | H8: 41912
B9: Sandell Asset Management Corp. | C9: 1528635 | D9: 0.06477 | E9: 76.1 | F9: 102500 | G9: 0.0719 | H9: 41912
B10: The Vanguard Group, Inc. | C10: 1456666 | D10: 0.06172 | E10: 72.5 | F10: -62266 | G10: -0.041 | H10: 41912
B11: Dimensional Fund Advisors LP | C11: 1256590 | D11: 0.05324 | E11: 62.5 | F11: -160277 | G11: -0.1131 | H11: 41912
B12: Northern Trust Global Investments | C12: 755760 | D12: 0.03202 | E12: 37.6 | F12: 11351 | G12: 0.0153 | H12: 41912
B13: Alberta Investment Management Corporation | C13: 635000 | D13: 0.0269 | E13: 31.6 | F13: 635000 | G13: New | H13: 41912
B14: Tocqueville Asset Management LP | C14: 580465 | D14: 0.02459 | E14: 28.9 | F14: 15975 | G14: 0.0283 | H14: 41912
B15: Davis, Steven A. (Executive) | C15: 482643 | D15: 0.02045 | E15: 24 | F15: 4327 | G15: 0.0091 | H15: 41884
B16: State Street Global Advisors, Inc. | C16: 474875 | D16: 0.02012 | E16: 23.6 | F16: -19878 | G16: -0.0402 | H16: 41912
B17: Royce & Associates, LLC | C17: 430473 | D17: 0.01824 | E17: 21.4 | F17: -2230 | G17: -0.0052 | H17: 41912
B18: NWQ Investment Management Company, LLC | C18: 429870 | D18: 0.01821 | E18: 21.4 | F18: - | G18: 0 | H18: 41820
B19: Clearline Capital LP | C19: 419559 | D19: 0.01778 | E19: 20.9 | F19: 419559 | G19: New | H19: 41912
B20: Raymond James Financial Inc. | C20: 413637 | D20: 0.01753 | E20: 20.6 | F20: 210600 | G20: 1.0373 | H20: 41912
B21: Investment Counselors of Maryland, LLC | C21: 383875 | D21: 0.01626 | E21: 19.1 | F21: -41237 | G21: -0.097 | H21: 41912
B22: Levin Capital Strategies, L.P. | C22: 362418 | D22: 0.01536 | E22: 18 | F22: -125651 | G22: -0.2575 | H22: 41912
B23: Tricadia Capital Management, LLC | C23: 359399 | D23: 0.01523 | E23: 17.9 | F23: -43601 | G23: -0.1082 | H23: 41912
B24: GW Capital, Inc. | C24: 343327 | D24: 0.01455 | E24: 17.1 | F24: 343327 | G24: New | H24: 41912
B25: Morgan Stanley | C25: 301238 | D25: 0.01276 | E25: 15 | F25: 196582 | G25: 1.8784 | H25: 41912
B26: BNY Mellon Asset Management | C26: 279593 | D26: 0.01185 | E26: 13.9 | F26: 1115 | G26: 0.004 | H26: 41912
B27: Sandell Investment Services, L.L.C. | C27: 263315 | D27: 0.01116 | E27: 13.1 | F27: - | G27: 0 | H27: 41912

Sheet Returns
B2: Bob Evans Farms, Inc.
B3: Annual Returns Analysis
C4: Annual Summary
C5: 2010 | D5: =+C5+1 -> 2011 | E5: =+D5+1 -> 2012 | F5: =+E5+1 -> 2013 | G5: =+F5+1 -> 2014 | H5: =+G5+1 -> 2015 | I5: =+H5+1 -> 2016 | J5: =+I5+1 -> 2017
B6: Net Income | C6: =IS!C29 -> 70.328 | D6: =IS!D29 -> 54.163 | E6: =IS!E29 -> 74.376 | F6: =IS!F29 -> -1.7 | G6: =IS!G29 -> 32.5 | H6: =IS!H29 -> 33.020012 | I6: =IS!I29 -> 43.471762 | J6: =IS!J29 -> 47.265456
B7: Shareholder's Equity | C7: =BS!C37 -> 638.157 | D7: =BS!D37 -> 664.11 | E7: =BS!E37 -> 656.586 | F7: =BS!F37 -> 591.72 | G7: =BS!G37 -> 385.588 | H7: =BS!H37 -> 377.35737 | I7: =BS!I37 -> 369.20487 | J7: =BS!J37 -> 374.68101
B8: Return on Equity | C8: =C6/C7 -> 0.11020486 | D8: =D6/D7 -> 0.081557272 | E8: =E6/E7 -> 0.11327686 | F8: =F6/F7 -> -0.0028729805 | G8: =G6/G7 -> 0.084286855 | H8: =H6/H7 -> 0.087503293 | I8: =I6/I7 -> 0.11774428 | J8: =J6/J7 -> 0.12614852
B10: Operating Income | C10: =IS!C22 -> 106.414 | D10: =IS!D22 -> 88.54 | E10: =IS!E22 -> 107.874 | F10: =IS!F22 -> 30.643 | G10: =IS!G22 -> 33.125 | H10: =IS!H22 -> 51.712153 | I10: =IS!I22 -> 75.238801 | J10: =IS!J22 -> 84.208939
B11: Less: Income Tax | C11: =IS!C28 -> 25.998 | D11: =IS!D28 -> 25.51 | E11: =IS!E28 -> 25.614 | F11: =IS!F28 -> -142.523 | G11: =IS!G28 -> -0.176 | H11: =IS!H28 -> 9.0631618 | I11: =IS!I28 -> 16.905685 | J11: =IS!J28 -> 18.381011
B12: NOPAT: | C12: =C10-C11 -> 80.416 | D12: =D10-D11 -> 63.03 | E12: =E10-E11 -> 82.26 | F12: =F10-F11 -> 173.166 | G12: =G10-G11 -> 33.301 | H12: =H10-H11 -> 42.648991 | I12: =I10-I11 -> 58.333116 | J12: =J10-J11 -> 65.827928
B13: Adjustment for Rent | C13: 28.2 | D13: 30.6 | E13: 10 | F13: 12.5 | G13: 13.6 | H13: =G13 -> 13.6 | I13: =H13 -> 13.6 | J13: =I13 -> 13.6
B14: Adjustment for After-Tax Interest | C14: =IS!C26*(1-IS!C30) -> 7.3652894 | D14: =IS!D26*(1-IS!D30) -> 6.0279307 | E14: =IS!E26*(1-IS!E30) -> 5.8643903 | F14: =IS!F26*(1-IS!F30) -> 11.485 | G14: =IS!G26*(1-IS!G30) -> 3.514 | H14: =IS!H26*(1-IS!H30) -> 7.5552524 | I14: =IS!I26*(1-IS!I30) -> 8.3933111 | J14: =IS!J26*(1-IS!J30) -> 8.4330849
B15: Adjusted NOPAT | C15: =C12+C13+C14 -> 115.98129 | D15: =D12+D13+D14 -> 99.657931 | E15: =E12+E13+E14 -> 98.12439 | F15: =F12+F13+F14 -> 197.151 | G15: =G12+G13+G14 -> 50.415 | H15: =H12+H13+H14 -> 63.804244 | I15: =I12+I13+I14 -> 80.326427 | J15: =J12+J13+J14 -> 87.861013
B17: ROIC:
B18: Shareholder's Equity | C18: =C7 -> 638.157 | D18: =D7 -> 664.11 | E18: =E7 -> 656.586 | F18: =F7 -> 591.72 | G18: =G7 -> 385.588 | H18: =H7 -> 377.35737 | I18: =I7 -> 369.20487 | J18: =J7 -> 374.68101
B19: Cash & Equivalents | C19: =BS!C8 -> 17.803 | D19: =BS!D8 -> 57.73 | E19: =BS!E8 -> 35.946 | F19: =BS!F8 -> 9.01 | G19: =BS!G8 -> 7.826 | H19: =BS!H8 -> 5 | I19: =BS!I8 -> 5 | J19: =BS!J8 -> 5
B20: Total Debt | C20: =BS!C40 -> 190.192 | D20: =BS!D40 -> 149.287 | E20: =BS!E40 -> 135.716 | F20: =BS!F40 -> 202.249 | G20: =BS!G40 -> 459.733 | H20: =BS!H40 -> 464.57899 | I20: =BS!I40 -> 483.56743 | J20: =BS!J40 -> 487.60974
B21: Net Debt | C21: =C20+C19 -> 207.995 | D21: =D20+D19 -> 207.017 | E21: =E20+E19 -> 171.662 | F21: =F20+F19 -> 211.259 | G21: =G20+G19 -> 467.559 | H21: =H20+H19 -> 469.57899 | I21: =I20+I19 -> 488.56743 | J21: =J20+J19 -> 492.60974
B22: Debt Equivalent: Operating Leases | C22: =8*C30 -> 85.6 | D22: =8*D30 -> 106.4 | E22: =8*E30 -> 38.4 | F22: =8*F30 -> 59.2 | G22: =8*G30 -> 13.6 | H22: =8*H30 -> 13.6 | I22: =8*I30 -> 13.6 | J22: =8*J30 -> 13.6
B23: Debt Equivalent: Pension Expense | C23: 5.4 | D23: 6.5 | E23: 4.9 | F23: 1.9 | G23: 4.4 | H23: 1 | I23: =H23 -> 1 | J23: =I23 -> 1
B24: Adjusted Net Debt | C24: =C21+C22+C23 -> 298.995 | D24: =D21+D22+D23 -> 319.917 | E24: =E21+E22+E23 -> 214.962 | F24: =F21+F22+F23 -> 272.359 | G24: =G21+G22+G23 -> 485.559 | H24: =H21+H22+H23 -> 484.17899 | I24: =I21+I22+I23 -> 503.16743 | J24: =J21+J22+J23 -> 507.20974
B25: Invested Capital | C25: =C21+C18 -> 846.152 | D25: =D21+D18 -> 871.127 | E25: =E21+E18 -> 828.248 | F25: =F21+F18 -> 802.979 | G25: =G21+G18 -> 853.147 | H25: =H21+H18 -> 846.93636 | I25: =I21+I18 -> 857.77231 | J25: =J21+J18 -> 867.29074
B26: Invested Capital (Adjusted Net Debt) | C26: =C24+C18 -> 937.152 | D26: =D24+D18 -> 984.027 | E26: =E24+E18 -> 871.548 | F26: =F24+F18 -> 864.079 | G26: =G24+G18 -> 871.147 | H26: =H24+H18 -> 861.53636 | I26: =I24+I18 -> 872.37231 | J26: =J24+J18 -> 881.89074
B27: ROIC | C27: =C12/C25 -> 0.095037298 | D27: =D12/D25 -> 0.072354548 | E27: =E12/E25 -> 0.099318079 | F27: =F12/F25 -> 0.21565446 | G27: =G12/G25 -> 0.039033133 | H27: =H12/H25 -> 0.050356784 | I27: =I12/I25 -> 0.068005362 | J27: =J12/J25 -> 0.075900647
B28: Adjusted ROIC (Adj. NOPAT / Adj. IC) | C28: =C15/C26 -> 0.12375931 | D28: =D15/D26 -> 0.10127561 | E28: =E15/E26 -> 0.11258633 | F28: =F15/F26 -> 0.22816317 | G28: =G15/G26 -> 0.057871978 | H28: =H12/H26 -> 0.049503414 | I28: =I12/I26 -> 0.066867226 | J28: =J12/J26 -> 0.074644086
B30: Rent Expense on Operating Leases | C30: 10.7 | D30: 13.3 | E30: 4.8 | F30: 7.4 | G30: 1.7 | H30: =G30 -> 1.7 | I30: =H30 -> 1.7 | J30: =I30 -> 1.7
B31: Multiplier | C31: =8 -> 8 | D31: =8 -> 8 | E31: =8 -> 8 | F31: =8 -> 8 | G31: =8 -> 8 | H31: =8 -> 8 | I31: =8 -> 8 | J31: =8 -> 8
B33: EBITDA | C33: =IS!C25 -> 190.22 | D33: =IS!D25 -> 181.628 | E33: =IS!E25 -> 197.387 | F33: =IS!F25 -> 210.71714 | G33: =IS!G25 -> 128.13117 | H33: =IS!H25 -> 141.16118 | I33: =IS!I25 -> 171.64071 | J33: =IS!J25 -> 180.9547
B34: Net Debt / EBITDA | C34: =C21/C33 -> 1.0934444 | D34: =D21/D33 -> 1.1397857 | E34: =E21/E33 -> 0.86967227 | F34: =F21/F33 -> 1.0025715 | G34: =G21/G33 -> 3.6490652 | H34: =H21/H33 -> 3.3265447 | I34: =I21/I33 -> 2.8464543 | J34: =J21/J33 -> 2.722282
B35: Adjusted Net Debt / EBITDA | C35: =C24/C33 -> 1.5718379 | D35: =D24/D33 -> 1.7613859 | E35: =E24/E33 -> 1.0890383 | F35: =F24/F33 -> 1.2925337 | G35: =G24/G33 -> 3.7895462 | H35: =H24/H33 -> 3.4299726 | I35: =I24/I33 -> 2.9315157 | J35: =J24/J33 -> 2.8029652
B37: CROCE:
B38: Operating Income | C38: =C10 -> 106.414 | D38: =D10 -> 88.54 | E38: =E10 -> 107.874 | F38: =F10 -> 30.643 | G38: =G10 -> 33.125 | H38: =H10 -> 51.712153 | I38: =I10 -> 75.238801 | J38: =J10 -> 84.208939
B39: Less: Income Tax | C39: =C11 -> 25.998 | D39: =D11 -> 25.51 | E39: =E11 -> 25.614 | F39: =F11 -> -142.523 | G39: =G11 -> -0.176 | H39: =H11 -> 9.0631618 | I39: =I11 -> 16.905685 | J39: =J11 -> 18.381011
B40: NOPAT | C40: =C38-C39 -> 80.416 | D40: =D38-D39 -> 63.03 | E40: =E38-E39 -> 82.26 | F40: =F38-F39 -> 173.166 | G40: =G38-G39 -> 33.301 | H40: =H38-H39 -> 42.648991 | I40: =I38-I39 -> 58.333116 | J40: =J38-J39 -> 65.827928
B41: Cash | C41: =C19 -> 17.803 | D41: =D19 -> 57.73 | E41: =E19 -> 35.946 | F41: =F19 -> 9.01 | G41: =G19 -> 7.826 | H41: =H19 -> 5 | I41: =I19 -> 5 | J41: =J19 -> 5
B42: Net PP&E | C42: =BS!C16 -> 961.974 | D42: =BS!D16 -> 900.878 | E42: =BS!E16 -> 883.295 | F42: =BS!F16 -> 788.386 | G42: =BS!G16 -> 875.458 | H42: =BS!H16 -> 849.91997 | I42: =BS!I16 -> 862.31806 | J42: =BS!J16 -> 873.30594
B43: Current Assets (Ex-cash) | C43: =BS!C15-BS!C8 -> 59.121 | D43: =BS!D15-BS!D8 -> 61.875 | E43: =BS!E15-BS!E8 -> 67.701 | F43: =BS!F15-BS!F8 -> 138.67 | G43: =BS!G15-BS!G8 -> 110.471 | H43: =BS!H15-BS!H8 -> 110.00554 | I43: =BS!I15-BS!I8 -> 112.06396 | J43: =BS!J15-BS!J8 -> 112.96784
B44: Other Assets | C44: =BS!C18 -> 27.175 | D44: =BS!D18 -> 40.697 | E44: =BS!E18 -> 39.877 | F44: =BS!F18 -> 60.868 | G44: =BS!G18 -> 51.657 | H44: =BS!H18 -> 55.2 | I44: =BS!I18 -> 55.2 | J44: =BS!J18 -> 55.2
B45: Current Liabilities | C45: =BS!C30 -> 193.456 | D45: =BS!D30 -> 171.112 | E45: =BS!E30 -> 194.889 | F45: =BS!F30 -> 340.884 | G45: =BS!G30 -> 601.84 | H45: =BS!H30 -> 133.16696 | I45: =BS!I30 -> 135.71897 | J45: =BS!J30 -> 137.00581
B46: Capital Employed | C46: =SUM(C42:C45)-C41 -> 1223.923 | D46: =SUM(D42:D45)-D41 -> 1116.832 | E46: =SUM(E42:E45)-E41 -> 1149.816 | F46: =SUM(F42:F45)-F41 -> 1319.798 | G46: =SUM(G42:G45)-G41 -> 1631.6 | H46: =SUM(H42:H45)-H41 -> 1143.2925 | I46: =SUM(I42:I45)-I41 -> 1160.301 | J46: =SUM(J42:J45)-J41 -> 1173.4796
B47: CROCE | C47: =C40/C46 -> 0.06570348 | D47: =D40/D46 -> 0.05643642 | E47: =E40/E46 -> 0.071541881 | F47: =F40/F46 -> 0.13120644 | G47: =G40/G46 -> 0.020410027 | H47: =H40/H46 -> 0.037303658 | I47: =I40/I46 -> 0.050274124 | J47: =J40/J46 -> 0.056096356

Sheet Comp Sheet
B2: Bob Evans Farms, Inc.
B3: Comp Sheet - Data as of 12/19/2014
B5: Restaurants (Family/Casual Dining) | C5: 41992 | F5: EV/EBITDA | H5: P/E | J5: Margins
B6: Company Name | C6: Share Price | D6: Mkt Cap | E6: EV | F6: 2014A | G6: 2015E | H6: 2014A | I6: 2015E | J6: EBITDA | K6: EBIT | L6: Total Debt/EBITDA
B7: Red Robin Gourmet Burgers Inc. (RRGB) | C7: 72.7 | D7: 1019 | E7: 1154.9 | F7: 10 | G7: 8.7 | H7: 29.8 | I7: 24.91 | J7: 0.104 | K7: 0.048 | L7: 1.4
B8: BJ's Restaurants, Inc. (BJRI) | C8: 47.31 | D8: 1234 | E8: 1241.6 | F8: 14.7 | G8: 12.05 | H8: 68.6 | I8: 41.95 | J8: 0.101 | K8: 0.036 | L8: 0.4
B9: Texas Roadhouse, Inc. (TXRH) | C9: 32.78 | D9: 2276.1 | E9: 2276.2 | F9: 12.1 | G9: 10.69 | H9: 27.1 | I9: 23.99 | J9: 0.12 | K9: 0.082 | L9: 0.3
B10: The Cheesecake Factory Incorporated (CAKE) | C10: 49.06 | D10: 2340.9 | E10: 2420.4 | F10: 10.4 | G10: 9.49 | H10: 23.4 | I10: 21.04 | J10: 0.12 | K10: 0.077 | L10: 0.4
B11: Cracker Barrel Old Country Store, Inc. (CBRL) | C11: 133.85 | D11: 3200.9 | E11: 3497.4 | F11: 12.1 | G11: 11.58 | H11: 23.1 | I11: 21.71 | J11: 0.106 | K11: 0.081 | L11: 1.4
B12: Buffalo Wild Wings Inc. (BWLD) | C12: 172.55 | D12: 3265.7 | E12: 3166 | F12: 13.4 | G12: 11.73 | H12: 34.6 | I12: 31.53 | J12: 0.163 | K12: 0.098 | L12: -
B13: Darden Restaurants, Inc. (DRI) | C13: 57.08 | D13: 7571.5 | E13: 8968.2 | F13: 15.1 | G13: 11.04 | H13: 88.2 | I13: 22.06 | J13: 0.092 | K13: 0.05 | L13: 2.6
B15: Bob Evans Farms, Inc. (BOBE) | C15: 50.35 | D15: 1202 | E15: 1667 | F15: 14.8 | G15: 10.18 | H15: 59.1 | I15: 21.6 | J15: 0.085 | K15: 0.022 | L15: 4.2
B16: Average: | F16: =AVERAGE(F7:F13) -> 12.542857 | G16: =AVERAGE(G7:G13) -> 10.754286 | H16: =AVERAGE(H7:H13) -> 42.114286 | I16: =AVERAGE(I7:I13) -> 26.741429 | J16: =AVERAGE(J7:J13) -> 0.11514286 | K16: =AVERAGE(K7:K13) -> 0.067428571 | L16: =AVERAGE(L7:L13) -> 1.0833333
B19: Packaged Food Companies | C19: 41992 | F19: EV/EBITDA | H19: P/E | J19: Margins
B20: Company Name | C20: Share Price | D20: Mkt Cap | E20: EV | F20: 2014A | G20: 2015E | H20: 2014A | I20: 2015E | J20: EBITDA | K20: EBIT | L20: Total Debt/EBITDA
B21: Lancaster Colony Corporation (LANC) | C21: 94.32 | D21: 2579 | E21: 2351 | F21: 13.7 | G21: =F21 -> 13.7 | H21: 25.9 | I21: 24.4 | J21: 0.163 | K21: 0.144
B22: Pinnacle Foods Inc. (PF) | C22: 35.06 | D22: 4111.5 | E22: 6274 | F22: 12.9 | G22: 11.86 | H22: 15.3 | I22: 18.94 | J22: 0.188 | K22: 0.157 | L22: 4.7
B23: Hormel Foods Corporation (HRL) | C23: 52.28 | D23: 13783 | E23: 13698 | F23: 12.9 | G23: 11.78 | H23: 23.4 | I23: 20.55 | J23: 0.112 | K23: 0.098 | L23: 0.2
B24: Campbell Soup Company (CPB) | C24: 44.3 | D24: 13881.1 | E24: 17699 | F24: 11.3 | G24: 11.38 | H24: 17.7 | I24: 17.9 | J24: 0.188 | K24: 0.151 | L24: 2.6
B25: ConAgra Foods, Inc. (CAG) | C25: 36.86 | D25: 15659.2 | E25: 24015 | F25: 9.9 | G25: 10.67 | H25: 56.7 | I25: 15.37 | J25: 0.134 | K25: 0.099 | L25: 3.6
B27: Bob Evans Farms, Inc. (BOBE) | C27: 50.35 | D27: 1202 | E27: 1667 | F27: 14.8 | G27: 10.18 | H27: 59.1 | I27: 21.6 | J27: 0.085 | K27: 0.022 | L27: 4.2
B28: Average: | F28: =AVERAGE(F21:F25) -> 12.14 | G28: =AVERAGE(G21:G25) -> 11.878 | H28: =AVERAGE(H21:H25) -> 27.8 | I28: =AVERAGE(I21:I25) -> 19.432 | J28: =AVERAGE(J21:J25) -> 0.157 | K28: =AVERAGE(K21:K25) -> 0.1298 | L28: =AVERAGE(L21+L23+L24+L25) -> 6.4
